Workbook
Name _670_1200_40: '[1]CONTROL DE PAGOS - OCT 20'!#REF!
Name _670_1200_40: '[1]CONTROL DE PAGOS - OCT 20'!#REF!
Name CONTRATO: 'Indice Informe Financiero'!$D$10
Name FECHA: 'Indice Informe Financiero'!$M$14
Name MATRIZBASE: [2]CONSOLIDADO!$A$3:$AG$98
Name MATRIZBASE: #REF!
Name MATRIZBASE: #REF!
Name MATRIZBASE: [3]CONSOLIDADO!$A$3:$AI$124
Name OBRA: '[2]PAGOS OBRA'!$A$3:$B$93
Name OBRA: '[2]PAGOS OBRA'!$A$3:$B$93
Name OBRA: '[2]PAGOS OBRA'!$A$3:$B$93
Name OBRA: '[3]PAGOS OBRA'!$A$3:$B$94
Name periodo: [4]INFORME!$D$14
Name periodo: 'Indice Informe Financiero'!$D$14
Name RENDIMIENTOS: '6.Reportes de Pagos'!#REF!
Name RENDIMIENTOS: '6.Reportes de Pagos'!#REF!
Name VRASITENCIA: '[4]REMUNERACIÓN FINDETER'!$F$17
Name VRCOMPROMISOS: '4.E.F. Contratación Derivada'!$H$112
Name VRCONTRATOS: '[4]CONTROL CONTRATOS'!$T$30
Name VRCONTRATOS: '4.E.F. Contratación Derivada'!$Z$112
Name VRCXCCTO: '[4]CONTROL CONTRATOS'!$AC$30
Name VRCXCCTO: '4.E.F. Contratación Derivada'!#REF!
Name VRFACT: '5.Pagos Asistencia Ténica'!$F$19
Name VRFINDETER: '[4]REMUNERACIÓN FINDETER'!$C$17
Name VRFINDETER: '5.Pagos Asistencia Ténica'!$C$19
Name VRLIBERACIONES: '4.E.F. Contratación Derivada'!$AI$112
Name VRPAGOSCTOS: '[4]CONTROL CONTRATOS'!$AA$30
Name VRPAGOSCTOS: '4.E.F. Contratación Derivada'!$AG$112
Name VRRTEGTIACTO: '[4]CONTROL CONTRATOS'!$AB$30
Name VRRTEGTIACTO: '4.E.F. Contratación Derivada'!$AH$112

Sheet Indice Informe Financiero
A8: INFORME FINANCIERO
A10: Contrato: | D10: Contrato Interadministrativo No. CO1.PCCNTR.5090635
A11: Fecha firma: | D11: 20 de junio de 2023
A12: Cliente: | D12: Ministerio de Educación Nacional
A14: Peridodo Informe: | D14: ="01 de "&TEXT(FECHA,"mmmm")&" al "&TEXT(FECHA,"dd")&" de "&TEXT(FECHA,"mmmm")&" de "&TEXT(FECHA,"yyyy") -> 01 de julio al 31 de julio de 2025 | M14: 45869
A16: Anexos:
A17: 0 | D17: Ficha Técnica
A18: 1 | D18: Resumen Financiero del Contrato
A19: 2 | D19: Resumen Presupuestal
A20: 3 | D20: Ingresos del Contrato
A21: 4 | D21: Ejecución Financiera Contratación Derivada
A22: 5 | D22: Pagos Asistencia Ténica
A23: 6 | D23: Reportes de Pagos
A24: 7 | D24: Rendimientos Financieros

Sheet 0.Ficha Técnica
A1: =CONTRATO -> Contrato Interadministrativo No. CO1.PCCNTR.5090635
A2: Ministerio de Educación Nacional
A3: Financiera del Desarrollo S.A.
A4: 0. FICHA TECNICA
A7: No. | B7: No. Contrato o Convenio Interadministrativo | C7: Objeto del Contrato o Convenio | D7: Entidad | E7: NIT | F7: Estado del Contrato | G7: Sector | H7: Fecha de Suscripción | I7: Valor Inicial | J7: Fecha de Terminación inicial | K7: Cuenta Bancaria | L7: FONDO DE INVERION COLECTIVA - FIC | M7: Modificacion No. 1 | Q7: Modificacion No. 2 | U7: Modificacion No. 3 | Y7: Modificacion No. 4 | AC7: Modificacion No. 5 | AG7: Modificacion No. 6 | AK7: Modificacion No. 7 | AO7: Modificacion No. 8 | AS7: Modificacion No. 9 | AW7: Modificacion No. 10 | BA7: Modificacion No. 11 | BE7: Modificacion No. 12 | BI7: Valor Total Adiciones | BJ7: Valor Final Contrato | BK7: Fecha de Terminación Final | BL7: Fecha Liquidación
M8: Fecha | N8: Objeto Modificación | O8: Adición | P8: Prórroga | Q8: Fecha | R8: Objeto Modificación | S8: Adición | T8: Prórroga | U8: Fecha | V8: Objeto Modificación | W8: Adición | X8: Prórroga | Y8: Fecha | Z8: Objeto Modificación | AA8: Adición | AB8: Prórroga | AC8: Fecha | AD8: Objeto Modificación | AE8: Adición | AF8: Prórroga | AG8: Fecha | AH8: Objeto Modificación | AI8: Adición | AJ8: Prórroga | AK8: Fecha | AL8: Objeto Modificación | AM8: Adición | AN8: Prórroga | AO8: Fecha | AP8: Objeto Modificación | AQ8: Adición | AR8: Prórroga | AS8: Fecha | AT8: Objeto Modificación | AU8: Adición | AV8: Prórroga | AW8: Fecha | AX8: Objeto Modificación | AY8: Adición | AZ8: Prórroga | BA8: Fecha | BB8: Objeto Modificación | BC8: Adición | BD8: Prórroga | BE8: Fecha | BF8: Objeto Modificación | BG8: Adición | BH8: Prórroga
A9: 1 | B9: CO1.PCCNTR.5090635 | C9: Administrar recursos y brindar asistencia técnica para la atención de proyectos de infraestructura y dotación de establecimientos educativos que sean priorizados por el Ministerio de Educación Nacional. | D9: MINISTERIO DE EDUCACION NACIONAL | E9: 899.999.001-7 | F9: VIGENTE | G9: EDUCACION | H9: 45097 | I9: 294145282376 | J9: =EDATE(H9,18) -> 45646 | K9: BANCO BOGOTA AHORROS No. 000-47970-9 (Cancelada) BANCO OCCIDENTE AHORROS No. 256-14436-1 | L9: FIC 109536 (Cancelado) FIC 1900014 (Cancelado) FIC 2000011 | M9: 45637 | N9: ADICIÓN Y PRORROGA DEL CONTRATO | O9: 99930804343 | P9: 46171 | AC9: - | AD9: - | AE9: 0 | AF9: - | AG9: - | AH9: - | AI9: 0 | AJ9: - | AK9: - | AL9: - | AM9: 0 | AN9: - | AO9: - | AP9: - | AQ9: 0 | AR9: - | AS9: - | AT9: - | AU9: 0 | AV9: - | AW9: - | AX9: 0 | AY9: 0 | AZ9: - | BA9: - | BB9: - | BC9: 0 | BD9: - | BE9: - | BF9: - | BG9: 0 | BH9: - | BI9: =+S9+W9+AA9+O9 -> 99930804343 | BJ9: =+I9+BI9 -> 394076086719 | BK9: =+P9 -> 46171 | BL9: N/A

Sheet 1.Resumen Financiero Contrato
A1: =CONTRATO -> Contrato Interadministrativo No. CO1.PCCNTR.5090635
A2: Ministerio de Educación Nacional
A3: Financiera del Desarrollo S.A.
A4: 1. RESUMEN FINANCIERO DEL CONTRATO
A5: =periodo -> 01 de julio al 31 de julio de 2025
A7: FECHA | B7: CONTRATO | C7: 1. DESEMBOLSOS (+) | F7: 2. PAGOS (-) | I7: 3. RENDIMIENTOS, VALORACION Y DESVALORIZACION (+) | M7: 4. SALDO DISPONIBLE EN CUENTAS CONTRATO Y/O CONVENIO (1.3 - 2.3 + 3.4) | N7: Saldo Extracto (Cuenta Bancaria + FIC) | O7: Partidas Conciliatorias Fiduciaria (*)
C8: 1.1. DESEMBOLSOS ACUMULADOS MES ANTERIOR | D8: 1.2. DESEMBOLSOS MES ACTUAL | E8: 1.3. SALDO ACUMULADO MES ACTUAL (1.1 + 1.2 ) | F8: 2.1. PAGOS ACUMULADOS MES ANTERIOR (VALOR NETO) | G8: 2.2. PAGADO MES ACTUAL (VALOR NETO) | H8: 2.3. PAGOS ACUMULADOS MES ACTUAL (VALOR NETO) (2.1. + 2.2) | I8: 3.1. RENDIMIENTOS, VALORACION Y DESVALORIZACION ACUMULADOS MES ANTERIOR | J8: 3.2. RENDIMIENTOS, VALORACION Y DESVALORIZACION GENERADOS MES ACTUAL | K8: 3.3. (MENOS) REINTEGRO DE RENDIMIENTOS | L8: 3.4. SALDO DE RENDIMIENTOS, VALORACION Y DESVALORIZACION ACUMULADA (3.1. + 3.2. - 3.3)
A9: 45107 | B9: CO1.PCCNTR.5090635 | C9: =SUMIFS('3.Ingresos del Contrato'!J:J,'3.Ingresos del Contrato'!H:H,"<="&(EOMONTH($A9,-1))) -> 0 | D9: =SUMIFS('3.Ingresos del Contrato'!J:J,'3.Ingresos del Contrato'!H:H,">"&(EOMONTH($A9,-1)),'3.Ingresos del Contrato'!H:H,"<="&(EOMONTH($A9,0))) -> 0 | E9: =SUM(C9:D9) -> 0 | F9: =SUMIFS('6.Reportes de Pagos'!N:N,'6.Reportes de Pagos'!H:H,"<="&(EOMONTH($A9,-1))) -> 0 | G9: =SUMIFS('6.Reportes de Pagos'!N:N,'6.Reportes de Pagos'!H:H,">"&(EOMONTH($A9,-1)),'6.Reportes de Pagos'!H:H,"<="&(EOMONTH($A9,0))) -> 0 | H9: =SUM(F9:G9) -> 0 | I9: =SUMIFS('7.Rendimientos Financieros'!D:D,'7.Rendimientos Financieros'!A:A,"<="&(EOMONTH($A9,-1))) -> 0 | J9: =SUMIFS('7.Rendimientos Financieros'!D:D,'7.Rendimientos Financieros'!A:A,">"&(EOMONTH($A9,-1)),'7.Rendimientos Financieros'!A:A,"<="&(EOMONTH($A9,0))) -> 0 | K9: =SUMIFS('7.Rendimientos Financieros'!F:F,'7.Rendimientos Financieros'!E:E,"<="&(EOMONTH($A9,0))) -> 0 | L9: =SUM(I9:J9)-SUM(K9) -> 0 | M9: =+E9-H9+L9 -> 0 | N9: 0 | O9: =+N9-M9 -> 0
A10: 45138 | B10: CO1.PCCNTR.5090635 | C10: =SUMIFS('3.Ingresos del Contrato'!J:J,'3.Ingresos del Contrato'!H:H,"<="&(EOMONTH($A10,-1))) -> 0 | D10: =SUMIFS('3.Ingresos del Contrato'!J:J,'3.Ingresos del Contrato'!H:H,">"&(EOMONTH($A10,-1)),'3.Ingresos del Contrato'!H:H,"<="&(EOMONTH($A10,0))) -> 294145282376 | E10: =SUM(C10:D10) -> 294145282376 | F10: =SUMIFS('6.Reportes de Pagos'!N:N,'6.Reportes de Pagos'!H:H,"<="&(EOMONTH($A10,-1))) -> 0 | G10: =SUMIFS('6.Reportes de Pagos'!N:N,'6.Reportes de Pagos'!H:H,">"&(EOMONTH($A10,-1)),'6.Reportes de Pagos'!H:H,"<="&(EOMONTH($A10,0))) -> 0 | H10: =SUM(F10:G10) -> 0 | I10: =SUMIFS('7.Rendimientos Financieros'!D:D,'7.Rendimientos Financieros'!A:A,"<="&(EOMONTH($A10,-1))) -> 0 | J10: =SUMIFS('7.Rendimientos Financieros'!D:D,'7.Rendimientos Financieros'!A:A,">"&(EOMONTH($A10,-1)),'7.Rendimientos Financieros'!A:A,"<="&(EOMONTH($A10,0))) -> 8.0232792e+08 | K10: =SUMIFS('7.Rendimientos Financieros'!F:F,'7.Rendimientos Financieros'!E:E,"<="&(EOMONTH($A10,0))) -> 0 | L10: =SUM(I10:J10)-SUM(K10) -> 8.0232792e+08 | M10: =+E10-H10+L10 -> 2.9494761e+11 | N10: =58829046127.2+236118554108.41 -> 2.949476e+11 | O10: =+N10-M10 -> -10060
A11: 45169 | B11: CO1.PCCNTR.5090635 | C11: =SUMIFS('3.Ingresos del Contrato'!J:J,'3.Ingresos del Contrato'!H:H,"<="&(EOMONTH($A11,-1))) -> 294145282376 | D11: =SUMIFS('3.Ingresos del Contrato'!J:J,'3.Ingresos del Contrato'!H:H,">"&(EOMONTH($A11,-1)),'3.Ingresos del Contrato'!H:H,"<="&(EOMONTH($A11,0))) -> 0 | E11: =SUM(C11:D11) -> 294145282376 | F11: =SUMIFS('6.Reportes de Pagos'!N:N,'6.Reportes de Pagos'!H:H,"<="&(EOMONTH($A11,-1))) -> 0 | G11: =SUMIFS('6.Reportes de Pagos'!N:N,'6.Reportes de Pagos'!H:H,">"&(EOMONTH($A11,-1)),'6.Reportes de Pagos'!H:H,"<="&(EOMONTH($A11,0))) -> 0 | H11: =SUM(F11:G11) -> 0 | I11: =SUMIFS('7.Rendimientos Financieros'!D:D,'7.Rendimientos Financieros'!A:A,"<="&(EOMONTH($A11,-1))) -> 8.0232792e+08 | J11: =SUMIFS('7.Rendimientos Financieros'!D:D,'7.Rendimientos Financieros'!A:A,">"&(EOMONTH($A11,-1)),'7.Rendimientos Financieros'!A:A,"<="&(EOMONTH($A11,0))) -> 3.9102898e+09 | K11: =SUMIFS('7.Rendimientos Financieros'!F:F,'7.Rendimientos Financieros'!E:E,"<="&(EOMONTH($A11,0))) -> 0 | L11: =SUM(I11:J11)-SUM(K11) -> 4712617700 | M11: =+E11-H11+L11 -> 298857900076 | N11: =10060.2+60056143970.29+0+238734304507.51 -> 298790458538 | O11: =+N11-M11 -> -67441538
A12: 45199 | B12: CO1.PCCNTR.5090635 | C12: =SUMIFS('3.Ingresos del Contrato'!J:J,'3.Ingresos del Contrato'!H:H,"<="&(EOMONTH($A12,-1))) -> 294145282376 | D12: =SUMIFS('3.Ingresos del Contrato'!J:J,'3.Ingresos del Contrato'!H:H,">"&(EOMONTH($A12,-1)),'3.Ingresos del Contrato'!H:H,"<="&(EOMONTH($A12,0))) -> 0 | E12: =SUM(C12:D12) -> 294145282376 | F12: =SUMIFS('6.Reportes de Pagos'!N:N,'6.Reportes de Pagos'!H:H,"<="&(EOMONTH($A12,-1))) -> 0 | G12: =SUMIFS('6.Reportes de Pagos'!N:N,'6.Reportes de Pagos'!H:H,">"&(EOMONTH($A12,-1)),'6.Reportes de Pagos'!H:H,"<="&(EOMONTH($A12,0))) -> 0 | H12: =SUM(F12:G12) -> 0 | I12: =SUMIFS('7.Rendimientos Financieros'!D:D,'7.Rendimientos Financieros'!A:A,"<="&(EOMONTH($A12,-1))) -> 4712617700 | J12: =SUMIFS('7.Rendimientos Financieros'!D:D,'7.Rendimientos Financieros'!A:A,">"&(EOMONTH($A12,-1)),'7.Rendimientos Financieros'!A:A,"<="&(EOMONTH($A12,0))) -> 2.8177129e+09 | K12: =SUMIFS('7.Rendimientos Financieros'!F:F,'7.Rendimientos Financieros'!E:E,"<="&(EOMONTH($A12,0))) -> 0 | L12: =SUM(I12:J12)-SUM(K12) -> 7.5303306e+09 | M12: =+E12-H12+L12 -> 3.0167561e+11 | N12: =265202414.2+60562171462.96+240847915522.75 -> 3.0167529e+11 | O12: =+N12-M12 -> -323534
A13: 45230 | B13: CO1.PCCNTR.5090635 | C13: =SUMIFS('3.Ingresos del Contrato'!J:J,'3.Ingresos del Contrato'!H:H,"<="&(EOMONTH($A13,-1))) -> 294145282376 | D13: =SUMIFS('3.Ingresos del Contrato'!J:J,'3.Ingresos del Contrato'!H:H,">"&(EOMONTH($A13,-1)),'3.Ingresos del Contrato'!H:H,"<="&(EOMONTH($A13,0))) -> 0 | E13: =SUM(C13:D13) -> 294145282376 | F13: =SUMIFS('6.Reportes de Pagos'!N:N,'6.Reportes de Pagos'!H:H,"<="&(EOMONTH($A13,-1))) -> 0 | G13: =SUMIFS('6.Reportes de Pagos'!N:N,'6.Reportes de Pagos'!H:H,">"&(EOMONTH($A13,-1)),'6.Reportes de Pagos'!H:H,"<="&(EOMONTH($A13,0))) -> 0 | H13: =SUM(F13:G13) -> 0 | I13: =SUMIFS('7.Rendimientos Financieros'!D:D,'7.Rendimientos Financieros'!A:A,"<="&(EOMONTH($A13,-1))) -> 7.5303306e+09 | J13: =SUMIFS('7.Rendimientos Financieros'!D:D,'7.Rendimientos Financieros'!A:A,">"&(EOMONTH($A13,-1)),'7.Rendimientos Financieros'!A:A,"<="&(EOMONTH($A13,0))) -> 3.0912115e+09 | K13: =SUMIFS('7.Rendimientos Financieros'!F:F,'7.Rendimientos Financieros'!E:E,"<="&(EOMONTH($A13,0))) -> 0 | L13: =SUM(I13:J13)-SUM(K13) -> 1.0621542e+10 | M13: =+E13-H13+L13 -> 3.0476682e+11 | N13: =270717475.2+61089546253.66+243406560692.79 -> 3.0476682e+11 | O13: =+N13-M13 -> 0
A14: 45260 | B14: CO1.PCCNTR.5090635 | C14: =SUMIFS('3.Ingresos del Contrato'!J:J,'3.Ingresos del Contrato'!H:H,"<="&(EOMONTH($A14,-1))) -> 294145282376 | D14: =SUMIFS('3.Ingresos del Contrato'!J:J,'3.Ingresos del Contrato'!H:H,">"&(EOMONTH($A14,-1)),'3.Ingresos del Contrato'!H:H,"<="&(EOMONTH($A14,0))) -> 0 | E14: =SUM(C14:D14) -> 294145282376 | F14: =SUMIFS('6.Reportes de Pagos'!N:N,'6.Reportes de Pagos'!H:H,"<="&(EOMONTH($A14,-1))) -> 0 | G14: =SUMIFS('6.Reportes de Pagos'!N:N,'6.Reportes de Pagos'!H:H,">"&(EOMONTH($A14,-1)),'6.Reportes de Pagos'!H:H,"<="&(EOMONTH($A14,0))) -> 0 | H14: =SUM(F14:G14) -> 0 | I14: =SUMIFS('7.Rendimientos Financieros'!D:D,'7.Rendimientos Financieros'!A:A,"<="&(EOMONTH($A14,-1))) -> 1.0621542e+10 | J14: =SUMIFS('7.Rendimientos Financieros'!D:D,'7.Rendimientos Financieros'!A:A,">"&(EOMONTH($A14,-1)),'7.Rendimientos Financieros'!A:A,"<="&(EOMONTH($A14,0))) -> 2.8830707e+09 | K14: =SUMIFS('7.Rendimientos Financieros'!F:F,'7.Rendimientos Financieros'!E:E,"<="&(EOMONTH($A14,0))) -> 0 | L14: =SUM(I14:J14)-SUM(K14) -> 1.3504613e+10 | M14: =+E14-H14+L14 -> 3.076499e+11 | N14: =246045614026.28+61604281098.03 -> 3.076499e+11 | O14: =+N14-M14 -> 0
A15: 45291 | B15: CO1.PCCNTR.5090635 | C15: =SUMIFS('3.Ingresos del Contrato'!J:J,'3.Ingresos del Contrato'!H:H,"<="&(EOMONTH($A15,-1))) -> 294145282376 | D15: =SUMIFS('3.Ingresos del Contrato'!J:J,'3.Ingresos del Contrato'!H:H,">"&(EOMONTH($A15,-1)),'3.Ingresos del Contrato'!H:H,"<="&(EOMONTH($A15,0))) -> 0 | E15: =SUM(C15:D15) -> 294145282376 | F15: =SUMIFS('6.Reportes de Pagos'!N:N,'6.Reportes de Pagos'!H:H,"<="&(EOMONTH($A15,-1))) -> 0 | G15: =SUMIFS('6.Reportes de Pagos'!N:N,'6.Reportes de Pagos'!H:H,">"&(EOMONTH($A15,-1)),'6.Reportes de Pagos'!H:H,"<="&(EOMONTH($A15,0))) -> 1140978 | H15: =SUM(F15:G15) -> 1140978 | I15: =SUMIFS('7.Rendimientos Financieros'!D:D,'7.Rendimientos Financieros'!A:A,"<="&(EOMONTH($A15,-1))) -> 1.3504613e+10 | J15: =SUMIFS('7.Rendimientos Financieros'!D:D,'7.Rendimientos Financieros'!A:A,">"&(EOMONTH($A15,-1)),'7.Rendimientos Financieros'!A:A,"<="&(EOMONTH($A15,0))) -> 2.841769e+09 | K15: =SUMIFS('7.Rendimientos Financieros'!F:F,'7.Rendimientos Financieros'!E:E,"<="&(EOMONTH($A15,0))) -> 1.3504613e+10 | L15: =SUM(I15:J15)-SUM(K15) -> 2.841769e+09 | M15: =+E15-H15+L15 -> 2.9698591e+11 | N15: =237582875923.73+59403025679.85 -> 2.969859e+11 | O15: =+N15-M15 -> -8806
A16: 45322 | B16: CO1.PCCNTR.5090635 | C16: =SUMIFS('3.Ingresos del Contrato'!J:J,'3.Ingresos del Contrato'!H:H,"<="&(EOMONTH($A16,-1))) -> 294145282376 | D16: =SUMIFS('3.Ingresos del Contrato'!J:J,'3.Ingresos del Contrato'!H:H,">"&(EOMONTH($A16,-1)),'3.Ingresos del Contrato'!H:H,"<="&(EOMONTH($A16,0))) -> 0 | E16: =SUM(C16:D16) -> 294145282376 | F16: =SUMIFS('6.Reportes de Pagos'!N:N,'6.Reportes de Pagos'!H:H,"<="&(EOMONTH($A16,-1))) -> 1140978 | G16: =SUMIFS('6.Reportes de Pagos'!N:N,'6.Reportes de Pagos'!H:H,">"&(EOMONTH($A16,-1)),'6.Reportes de Pagos'!H:H,"<="&(EOMONTH($A16,0))) -> 122061.68 | H16: =SUM(F16:G16) -> 1263039.7 | I16: =SUMIFS('7.Rendimientos Financieros'!D:D,'7.Rendimientos Financieros'!A:A,"<="&(EOMONTH($A16,-1))) -> 1.6346382e+10 | J16: =SUMIFS('7.Rendimientos Financieros'!D:D,'7.Rendimientos Financieros'!A:A,">"&(EOMONTH($A16,-1)),'7.Rendimientos Financieros'!A:A,"<="&(EOMONTH($A16,0))) -> 2.4518196e+09 | K16: =SUMIFS('7.Rendimientos Financieros'!F:F,'7.Rendimientos Financieros'!E:E,"<="&(EOMONTH($A16,0))) -> 1.6282887e+10 | L16: =SUM(I16:J16)-SUM(K16) -> 2.5153139e+09 | M16: =+E16-H16+L16 -> 2.9665933e+11 | N16: 2.9665933e+11 | O16: =+N16-M16 -> 0
A17: 45350 | B17: CO1.PCCNTR.5090635 | C17: =SUMIFS('3.Ingresos del Contrato'!J:J,'3.Ingresos del Contrato'!H:H,"<="&(EOMONTH($A17,-1))) -> 294145282376 | D17: =SUMIFS('3.Ingresos del Contrato'!J:J,'3.Ingresos del Contrato'!H:H,">"&(EOMONTH($A17,-1)),'3.Ingresos del Contrato'!H:H,"<="&(EOMONTH($A17,0))) -> 0 | E17: =SUM(C17:D17) -> 294145282376 | F17: =SUMIFS('6.Reportes de Pagos'!N:N,'6.Reportes de Pagos'!H:H,"<="&(EOMONTH($A17,-1))) -> 1263039.7 | G17: =SUMIFS('6.Reportes de Pagos'!N:N,'6.Reportes de Pagos'!H:H,">"&(EOMONTH($A17,-1)),'6.Reportes de Pagos'!H:H,"<="&(EOMONTH($A17,0))) -> 0 | H17: =SUM(F17:G17) -> 1263039.7 | I17: =SUMIFS('7.Rendimientos Financieros'!D:D,'7.Rendimientos Financieros'!A:A,"<="&(EOMONTH($A17,-1))) -> 1.8798201e+10 | J17: =SUMIFS('7.Rendimientos Financieros'!D:D,'7.Rendimientos Financieros'!A:A,">"&(EOMONTH($A17,-1)),'7.Rendimientos Financieros'!A:A,"<="&(EOMONTH($A17,0))) -> 2.4975675e+09 | K17: =SUMIFS('7.Rendimientos Financieros'!F:F,'7.Rendimientos Financieros'!E:E,"<="&(EOMONTH($A17,0))) -> 1.8798201e+10 | L17: =SUM(I17:J17)-SUM(K17) -> 2.4975675e+09 | M17: =+E17-H17+L17 -> 2.9664159e+11 | N17: 2.9664158e+11 | O17: =+N17-M17 -> -8806
A18: 45382 | B18: CO1.PCCNTR.5090635 | C18: =SUMIFS('3.Ingresos del Contrato'!J:J,'3.Ingresos del Contrato'!H:H,"<="&(EOMONTH($A18,-1))) -> 294145282376 | D18: =SUMIFS('3.Ingresos del Contrato'!J:J,'3.Ingresos del Contrato'!H:H,">"&(EOMONTH($A18,-1)),'3.Ingresos del Contrato'!H:H,"<="&(EOMONTH($A18,0))) -> 0 | E18: =SUM(C18:D18) -> 294145282376 | F18: =SUMIFS('6.Reportes de Pagos'!N:N,'6.Reportes de Pagos'!H:H,"<="&(EOMONTH($A18,-1))) -> 1263039.7 | G18: =SUMIFS('6.Reportes de Pagos'!N:N,'6.Reportes de Pagos'!H:H,">"&(EOMONTH($A18,-1)),'6.Reportes de Pagos'!H:H,"<="&(EOMONTH($A18,0))) -> 0 | H18: =SUM(F18:G18) -> 1263039.7 | I18: =SUMIFS('7.Rendimientos Financieros'!D:D,'7.Rendimientos Financieros'!A:A,"<="&(EOMONTH($A18,-1))) -> 2.1295769e+10 | J18: =SUMIFS('7.Rendimientos Financieros'!D:D,'7.Rendimientos Financieros'!A:A,">"&(EOMONTH($A18,-1)),'7.Rendimientos Financieros'!A:A,"<="&(EOMONTH($A18,0))) -> 2.578374e+09 | K18: =SUMIFS('7.Rendimientos Financieros'!F:F,'7.Rendimientos Financieros'!E:E,"<="&(EOMONTH($A18,0))) -> 2.1295769e+10 | L18: =SUM(I18:J18)-SUM(K18) -> 2.578374e+09 | M18: =+E18-H18+L18 -> 2.9672239e+11 | N18: 2.9672239e+11 | O18: =+N18-M18 -> 0
A19: 45412 | B19: CO1.PCCNTR.5090635 | C19: =SUMIFS('3.Ingresos del Contrato'!J:J,'3.Ingresos del Contrato'!H:H,"<="&(EOMONTH($A19,-1))) -> 294145282376 | D19: =SUMIFS('3.Ingresos del Contrato'!J:J,'3.Ingresos del Contrato'!H:H,">"&(EOMONTH($A19,-1)),'3.Ingresos del Contrato'!H:H,"<="&(EOMONTH($A19,0))) -> 0 | E19: =SUM(C19:D19) -> 294145282376 | F19: =SUMIFS('6.Reportes de Pagos'!N:N,'6.Reportes de Pagos'!H:H,"<="&(EOMONTH($A19,-1))) -> 1263039.7 | G19: =SUMIFS('6.Reportes de Pagos'!N:N,'6.Reportes de Pagos'!H:H,">"&(EOMONTH($A19,-1)),'6.Reportes de Pagos'!H:H,"<="&(EOMONTH($A19,0))) -> 0 | H19: =SUM(F19:G19) -> 1263039.7 | I19: =SUMIFS('7.Rendimientos Financieros'!D:D,'7.Rendimientos Financieros'!A:A,"<="&(EOMONTH($A19,-1))) -> 2.3874143e+10 | J19: =SUMIFS('7.Rendimientos Financieros'!D:D,'7.Rendimientos Financieros'!A:A,">"&(EOMONTH($A19,-1)),'7.Rendimientos Financieros'!A:A,"<="&(EOMONTH($A19,0))) -> 2.1793858e+09 | K19: =SUMIFS('7.Rendimientos Financieros'!F:F,'7.Rendimientos Financieros'!E:E,"<="&(EOMONTH($A19,0))) -> 2.3874143e+10 | L19: =SUM(I19:J19)-SUM(K19) -> 2.1793858e+09 | M19: =+E19-H19+L19 -> 2.9632341e+11 | N19: 2.9632341e+11 | O19: =+N19-M19 -> 0
A20: 45443 | B20: CO1.PCCNTR.5090635 | C20: =SUMIFS('3.Ingresos del Contrato'!J:J,'3.Ingresos del Contrato'!H:H,"<="&(EOMONTH($A20,-1))) -> 294145282376 | D20: =SUMIFS('3.Ingresos del Contrato'!J:J,'3.Ingresos del Contrato'!H:H,">"&(EOMONTH($A20,-1)),'3.Ingresos del Contrato'!H:H,"<="&(EOMONTH($A20,0))) -> 0 | E20: =SUM(C20:D20) -> 294145282376 | F20: =SUMIFS('6.Reportes de Pagos'!N:N,'6.Reportes de Pagos'!H:H,"<="&(EOMONTH($A20,-1))) -> 1263039.7 | G20: =SUMIFS('6.Reportes de Pagos'!N:N,'6.Reportes de Pagos'!H:H,">"&(EOMONTH($A20,-1)),'6.Reportes de Pagos'!H:H,"<="&(EOMONTH($A20,0))) -> 1.6962388e+09 | H20: =SUM(F20:G20) -> 1.6975018e+09 | I20: =SUMIFS('7.Rendimientos Financieros'!D:D,'7.Rendimientos Financieros'!A:A,"<="&(EOMONTH($A20,-1))) -> 2.6053529e+10 | J20: =SUMIFS('7.Rendimientos Financieros'!D:D,'7.Rendimientos Financieros'!A:A,">"&(EOMONTH($A20,-1)),'7.Rendimientos Financieros'!A:A,"<="&(EOMONTH($A20,0))) -> 2.3769145e+09 | K20: =SUMIFS('7.Rendimientos Financieros'!F:F,'7.Rendimientos Financieros'!E:E,"<="&(EOMONTH($A20,0))) -> 2.6053529e+10 | L20: =SUM(I20:J20)-SUM(K20) -> 2.3769145e+09 | M20: =+E20-H20+L20 -> 2.948247e+11 | N20: 2.948247e+11 | O20: =+N20-M20 -> 0
A21: 45473 | B21: CO1.PCCNTR.5090635 | C21: =SUMIFS('3.Ingresos del Contrato'!J:J,'3.Ingresos del Contrato'!H:H,"<="&(EOMONTH($A21,-1))) -> 294145282376 | D21: =SUMIFS('3.Ingresos del Contrato'!J:J,'3.Ingresos del Contrato'!H:H,">"&(EOMONTH($A21,-1)),'3.Ingresos del Contrato'!H:H,"<="&(EOMONTH($A21,0))) -> 0 | E21: =SUM(C21:D21) -> 294145282376 | F21: =SUMIFS('6.Reportes de Pagos'!N:N,'6.Reportes de Pagos'!H:H,"<="&(EOMONTH($A21,-1))) -> 1.6975018e+09 | G21: =SUMIFS('6.Reportes de Pagos'!N:N,'6.Reportes de Pagos'!H:H,">"&(EOMONTH($A21,-1)),'6.Reportes de Pagos'!H:H,"<="&(EOMONTH($A21,0))) -> 2.6970417e+09 | H21: =SUM(F21:G21) -> 4.3945436e+09 | I21: =SUMIFS('7.Rendimientos Financieros'!D:D,'7.Rendimientos Financieros'!A:A,"<="&(EOMONTH($A21,-1))) -> 2.8430443e+10 | J21: =SUMIFS('7.Rendimientos Financieros'!D:D,'7.Rendimientos Financieros'!A:A,">"&(EOMONTH($A21,-1)),'7.Rendimientos Financieros'!A:A,"<="&(EOMONTH($A21,0))) -> 2.1125421e+09 | K21: =SUMIFS('7.Rendimientos Financieros'!F:F,'7.Rendimientos Financieros'!E:E,"<="&(EOMONTH($A21,0))) -> 2.8430443e+10 | L21: =SUM(I21:J21)-SUM(K21) -> 2.1125421e+09 | M21: =+E21-H21+L21 -> 2.9186328e+11 | N21: 2.877913e+11 | O21: =+N21-M21 -> -4.071976e+09
A22: 45504 | B22: CO1.PCCNTR.5090635 | C22: =SUMIFS('3.Ingresos del Contrato'!J:J,'3.Ingresos del Contrato'!H:H,"<="&(EOMONTH($A22,-1))) -> 294145282376 | D22: =SUMIFS('3.Ingresos del Contrato'!J:J,'3.Ingresos del Contrato'!H:H,">"&(EOMONTH($A22,-1)),'3.Ingresos del Contrato'!H:H,"<="&(EOMONTH($A22,0))) -> 0 | E22: =SUM(C22:D22) -> 294145282376 | F22: =SUMIFS('6.Reportes de Pagos'!N:N,'6.Reportes de Pagos'!H:H,"<="&(EOMONTH($A22,-1))) -> 4.3945436e+09 | G22: =SUMIFS('6.Reportes de Pagos'!N:N,'6.Reportes de Pagos'!H:H,">"&(EOMONTH($A22,-1)),'6.Reportes de Pagos'!H:H,"<="&(EOMONTH($A22,0))) -> 7.3711446e+09 | H22: =SUM(F22:G22) -> 1.1765688e+10 | I22: =SUMIFS('7.Rendimientos Financieros'!D:D,'7.Rendimientos Financieros'!A:A,"<="&(EOMONTH($A22,-1))) -> 3.0542985e+10 | J22: =SUMIFS('7.Rendimientos Financieros'!D:D,'7.Rendimientos Financieros'!A:A,">"&(EOMONTH($A22,-1)),'7.Rendimientos Financieros'!A:A,"<="&(EOMONTH($A22,0))) -> 2.2287913e+09 | K22: =SUMIFS('7.Rendimientos Financieros'!F:F,'7.Rendimientos Financieros'!E:E,"<="&(EOMONTH($A22,0))) -> 3.0542985e+10 | L22: =SUM(I22:J22)-SUM(K22) -> 2.2287913e+09 | M22: =+E22-H22+L22 -> 2.8460839e+11 | N22: 2.8460836e+11 | O22: =+N22-M22 -> -21182
A23: 45534 | B23: CO1.PCCNTR.5090635 | C23: =SUMIFS('3.Ingresos del Contrato'!J:J,'3.Ingresos del Contrato'!H:H,"<="&(EOMONTH($A23,-1))) -> 294145282376 | D23: =SUMIFS('3.Ingresos del Contrato'!J:J,'3.Ingresos del Contrato'!H:H,">"&(EOMONTH($A23,-1)),'3.Ingresos del Contrato'!H:H,"<="&(EOMONTH($A23,0))) -> 0 | E23: =SUM(C23:D23) -> 294145282376 | F23: =SUMIFS('6.Reportes de Pagos'!N:N,'6.Reportes de Pagos'!H:H,"<="&(EOMONTH($A23,-1))) -> 1.1765688e+10 | G23: =SUMIFS('6.Reportes de Pagos'!N:N,'6.Reportes de Pagos'!H:H,">"&(EOMONTH($A23,-1)),'6.Reportes de Pagos'!H:H,"<="&(EOMONTH($A23,0))) -> 7.8686305e+09 | H23: =SUM(F23:G23) -> 1.9634319e+10 | I23: =SUMIFS('7.Rendimientos Financieros'!D:D,'7.Rendimientos Financieros'!A:A,"<="&(EOMONTH($A23,-1))) -> 3.2771777e+10 | J23: =SUMIFS('7.Rendimientos Financieros'!D:D,'7.Rendimientos Financieros'!A:A,">"&(EOMONTH($A23,-1)),'7.Rendimientos Financieros'!A:A,"<="&(EOMONTH($A23,0))) -> 2.0892637e+09 | K23: =SUMIFS('7.Rendimientos Financieros'!F:F,'7.Rendimientos Financieros'!E:E,"<="&(EOMONTH($A23,0))) -> 3.2771777e+10 | L23: =SUM(I23:J23)-SUM(K23) -> 2.0892637e+09 | M23: =+E23-H23+L23 -> 2.7660023e+11 | N23: 2.7660022e+11 | O23: =+N23-M23 -> -12376
A24: 45565 | B24: CO1.PCCNTR.5090635 | C24: =SUMIFS('3.Ingresos del Contrato'!J:J,'3.Ingresos del Contrato'!H:H,"<="&(EOMONTH($A24,-1))) -> 294145282376 | D24: =SUMIFS('3.Ingresos del Contrato'!J:J,'3.Ingresos del Contrato'!H:H,">"&(EOMONTH($A24,-1)),'3.Ingresos del Contrato'!H:H,"<="&(EOMONTH($A24,0))) -> 0 | E24: =SUM(C24:D24) -> 294145282376 | F24: =SUMIFS('6.Reportes de Pagos'!N:N,'6.Reportes de Pagos'!H:H,"<="&(EOMONTH($A24,-1))) -> 1.9634319e+10 | G24: =SUMIFS('6.Reportes de Pagos'!N:N,'6.Reportes de Pagos'!H:H,">"&(EOMONTH($A24,-1)),'6.Reportes de Pagos'!H:H,"<="&(EOMONTH($A24,0))) -> 8.8820817e+09 | H24: =SUM(F24:G24) -> 2.85164e+10 | I24: =SUMIFS('7.Rendimientos Financieros'!D:D,'7.Rendimientos Financieros'!A:A,"<="&(EOMONTH($A24,-1))) -> 3.486104e+10 | J24: =SUMIFS('7.Rendimientos Financieros'!D:D,'7.Rendimientos Financieros'!A:A,">"&(EOMONTH($A24,-1)),'7.Rendimientos Financieros'!A:A,"<="&(EOMONTH($A24,0))) -> 1.8322342e+09 | K24: =SUMIFS('7.Rendimientos Financieros'!F:F,'7.Rendimientos Financieros'!E:E,"<="&(EOMONTH($A24,0))) -> 3.486104e+10 | L24: =SUM(I24:J24)-SUM(K24) -> 1.8322342e+09 | M24: =+E24-H24+L24 -> 2.6746112e+11 | N24: =213947610571.03+53513484534.34 -> 2.674611e+11 | O24: =+N24-M24 -> -21182
A25: 45596 | B25: CO1.PCCNTR.5090635 | C25: =SUMIFS('3.Ingresos del Contrato'!J:J,'3.Ingresos del Contrato'!H:H,"<="&(EOMONTH($A25,-1))) -> 294145282376 | D25: =SUMIFS('3.Ingresos del Contrato'!J:J,'3.Ingresos del Contrato'!H:H,">"&(EOMONTH($A25,-1)),'3.Ingresos del Contrato'!H:H,"<="&(EOMONTH($A25,0))) -> 0 | E25: =SUM(C25:D25) -> 294145282376 | F25: =SUMIFS('6.Reportes de Pagos'!N:N,'6.Reportes de Pagos'!H:H,"<="&(EOMONTH($A25,-1))) -> 2.85164e+10 | G25: =SUMIFS('6.Reportes de Pagos'!N:N,'6.Reportes de Pagos'!H:H,">"&(EOMONTH($A25,-1)),'6.Reportes de Pagos'!H:H,"<="&(EOMONTH($A25,0))) -> 8.8545991e+09 | H25: =SUM(F25:G25) -> 3.7370999e+10 | I25: =SUMIFS('7.Rendimientos Financieros'!D:D,'7.Rendimientos Financieros'!A:A,"<="&(EOMONTH($A25,-1))) -> 3.6693275e+10 | J25: =SUMIFS('7.Rendimientos Financieros'!D:D,'7.Rendimientos Financieros'!A:A,">"&(EOMONTH($A25,-1)),'7.Rendimientos Financieros'!A:A,"<="&(EOMONTH($A25,0))) -> 1.6856229e+09 | K25: =SUMIFS('7.Rendimientos Financieros'!F:F,'7.Rendimientos Financieros'!E:E,"<="&(EOMONTH($A25,0))) -> 3.6693275e+10 | L25: =SUM(I25:J25)-SUM(K25) -> 1.6856229e+09 | M25: =+E25-H25+L25 -> 2.5845991e+11 | N25: =51697339067.98+206762549162.34 -> 2.5845989e+11 | O25: =+N25-M25 -> -17612
A26: 45626 | B26: CO1.PCCNTR.5090635 | C26: =SUMIFS('3.Ingresos del Contrato'!J:J,'3.Ingresos del Contrato'!H:H,"<="&(EOMONTH($A26,-1))) -> 294145282376 | D26: =SUMIFS('3.Ingresos del Contrato'!J:J,'3.Ingresos del Contrato'!H:H,">"&(EOMONTH($A26,-1)),'3.Ingresos del Contrato'!H:H,"<="&(EOMONTH($A26,0))) -> 0 | E26: =SUM(C26:D26) -> 294145282376 | F26: =SUMIFS('6.Reportes de Pagos'!N:N,'6.Reportes de Pagos'!H:H,"<="&(EOMONTH($A26,-1))) -> 3.7370999e+10 | G26: =SUMIFS('6.Reportes de Pagos'!N:N,'6.Reportes de Pagos'!H:H,">"&(EOMONTH($A26,-1)),'6.Reportes de Pagos'!H:H,"<="&(EOMONTH($A26,0))) -> 8.6417033e+09 | H26: =SUM(F26:G26) -> 4.6012703e+10 | I26: =SUMIFS('7.Rendimientos Financieros'!D:D,'7.Rendimientos Financieros'!A:A,"<="&(EOMONTH($A26,-1))) -> 3.8378897e+10 | J26: =SUMIFS('7.Rendimientos Financieros'!D:D,'7.Rendimientos Financieros'!A:A,">"&(EOMONTH($A26,-1)),'7.Rendimientos Financieros'!A:A,"<="&(EOMONTH($A26,0))) -> 1.5376641e+09 | K26: =SUMIFS('7.Rendimientos Financieros'!F:F,'7.Rendimientos Financieros'!E:E,"<="&(EOMONTH($A26,0))) -> 3.8378897e+10 | L26: =SUM(I26:J26)-SUM(K26) -> 1.5376641e+09 | M26: =+E26-H26+L26 -> 2.4967024e+11 | N26: =49938064753.91+199732170168.45 -> 2.4967023e+11 | O26: =+N26-M26 -> -8806
A27: 45657 | B27: CO1.PCCNTR.5090635 | C27: =SUMIFS('3.Ingresos del Contrato'!J:J,'3.Ingresos del Contrato'!H:H,"<="&(EOMONTH($A27,-1))) -> 294145282376 | D27: =SUMIFS('3.Ingresos del Contrato'!J:J,'3.Ingresos del Contrato'!H:H,">"&(EOMONTH($A27,-1)),'3.Ingresos del Contrato'!H:H,"<="&(EOMONTH($A27,0))) -> 0 | E27: =SUM(C27:D27) -> 294145282376 | F27: =SUMIFS('6.Reportes de Pagos'!N:N,'6.Reportes de Pagos'!H:H,"<="&(EOMONTH($A27,-1))) -> 4.6012703e+10 | G27: =SUMIFS('6.Reportes de Pagos'!N:N,'6.Reportes de Pagos'!H:H,">"&(EOMONTH($A27,-1)),'6.Reportes de Pagos'!H:H,"<="&(EOMONTH($A27,0))) -> 8.1481365e+09 | H27: =SUM(F27:G27) -> 5.4160839e+10 | I27: =SUMIFS('7.Rendimientos Financieros'!D:D,'7.Rendimientos Financieros'!A:A,"<="&(EOMONTH($A27,-1))) -> 3.9916561e+10 | J27: =SUMIFS('7.Rendimientos Financieros'!D:D,'7.Rendimientos Financieros'!A:A,">"&(EOMONTH($A27,-1)),'7.Rendimientos Financieros'!A:A,"<="&(EOMONTH($A27,0))) -> 1.4688631e+09 | K27: =SUMIFS('7.Rendimientos Financieros'!F:F,'7.Rendimientos Financieros'!E:E,"<="&(EOMONTH($A27,0))) -> 3.9916561e+10 | L27: =SUM(I27:J27)-SUM(K27) -> 1.4688631e+09 | M27: =+E27-H27+L27 -> 2.4145331e+11 | N27: 2.414533e+11 | O27: =+N27-M27 -> -8806
A28: 45688 | B28: CO1.PCCNTR.5090635 | C28: =SUMIFS('3.Ingresos del Contrato'!J:J,'3.Ingresos del Contrato'!H:H,"<="&(EOMONTH($A28,-1))) -> 294145282376 | D28: =SUMIFS('3.Ingresos del Contrato'!J:J,'3.Ingresos del Contrato'!H:H,">"&(EOMONTH($A28,-1)),'3.Ingresos del Contrato'!H:H,"<="&(EOMONTH($A28,0))) -> 99930804343 | E28: =SUM(C28:D28) -> 394076086719 | F28: =SUMIFS('6.Reportes de Pagos'!N:N,'6.Reportes de Pagos'!H:H,"<="&(EOMONTH($A28,-1))) -> 5.4160839e+10 | G28: =SUMIFS('6.Reportes de Pagos'!N:N,'6.Reportes de Pagos'!H:H,">"&(EOMONTH($A28,-1)),'6.Reportes de Pagos'!H:H,"<="&(EOMONTH($A28,0))) -> 6.1990866e+09 | H28: =SUM(F28:G28) -> 6.0359926e+10 | I28: =SUMIFS('7.Rendimientos Financieros'!D:D,'7.Rendimientos Financieros'!A:A,"<="&(EOMONTH($A28,-1))) -> 4.1385425e+10 | J28: =SUMIFS('7.Rendimientos Financieros'!D:D,'7.Rendimientos Financieros'!A:A,">"&(EOMONTH($A28,-1)),'7.Rendimientos Financieros'!A:A,"<="&(EOMONTH($A28,0))) -> 1.8501815e+09 | K28: =SUMIFS('7.Rendimientos Financieros'!F:F,'7.Rendimientos Financieros'!E:E,"<="&(EOMONTH($A28,0))) -> 4.1346161e+10 | L28: =SUM(I28:J28)-SUM(K28) -> 1.8894452e+09 | M28: =+E28-H28+L28 -> 3.3560561e+11 | N28: 3.356056e+11 | O28: =+N28-M28 -> -8806
A29: 45716 | B29: CO1.PCCNTR.5090635 | C29: =SUMIFS('3.Ingresos del Contrato'!J:J,'3.Ingresos del Contrato'!H:H,"<="&(EOMONTH($A29,-1))) -> 394076086719 | D29: =SUMIFS('3.Ingresos del Contrato'!J:J,'3.Ingresos del Contrato'!H:H,">"&(EOMONTH($A29,-1)),'3.Ingresos del Contrato'!H:H,"<="&(EOMONTH($A29,0))) -> 0 | E29: =SUM(C29:D29) -> 394076086719 | F29: =SUMIFS('6.Reportes de Pagos'!N:N,'6.Reportes de Pagos'!H:H,"<="&(EOMONTH($A29,-1))) -> 6.0359926e+10 | G29: =SUMIFS('6.Reportes de Pagos'!N:N,'6.Reportes de Pagos'!H:H,">"&(EOMONTH($A29,-1)),'6.Reportes de Pagos'!H:H,"<="&(EOMONTH($A29,0))) -> 7.4190322e+09 | H29: =SUM(F29:G29) -> 6.7778958e+10 | I29: =SUMIFS('7.Rendimientos Financieros'!D:D,'7.Rendimientos Financieros'!A:A,"<="&(EOMONTH($A29,-1))) -> 4.3235606e+10 | J29: =SUMIFS('7.Rendimientos Financieros'!D:D,'7.Rendimientos Financieros'!A:A,">"&(EOMONTH($A29,-1)),'7.Rendimientos Financieros'!A:A,"<="&(EOMONTH($A29,0))) -> 1.9713299e+09 | K29: =SUMIFS('7.Rendimientos Financieros'!F:F,'7.Rendimientos Financieros'!E:E,"<="&(EOMONTH($A29,0))) -> 4.3235606e+10 | L29: =SUM(I29:J29)-SUM(K29) -> 1.9713299e+09 | M29: =+E29-H29+L29 -> 3.2826846e+11 | N29: 3.2826845e+11 | O29: =+N29-M29 -> -8806
A30: 45747 | B30: CO1.PCCNTR.5090635 | C30: =SUMIFS('3.Ingresos del Contrato'!J:J,'3.Ingresos del Contrato'!H:H,"<="&(EOMONTH($A30,-1))) -> 394076086719 | D30: =SUMIFS('3.Ingresos del Contrato'!J:J,'3.Ingresos del Contrato'!H:H,">"&(EOMONTH($A30,-1)),'3.Ingresos del Contrato'!H:H,"<="&(EOMONTH($A30,0))) -> 0 | E30: =SUM(C30:D30) -> 394076086719 | F30: =SUMIFS('6.Reportes de Pagos'!N:N,'6.Reportes de Pagos'!H:H,"<="&(EOMONTH($A30,-1))) -> 6.7778958e+10 | G30: =SUMIFS('6.Reportes de Pagos'!N:N,'6.Reportes de Pagos'!H:H,">"&(EOMONTH($A30,-1)),'6.Reportes de Pagos'!H:H,"<="&(EOMONTH($A30,0))) -> 1.0934956e+10 | H30: =SUM(F30:G30) -> 7.8713914e+10 | I30: =SUMIFS('7.Rendimientos Financieros'!D:D,'7.Rendimientos Financieros'!A:A,"<="&(EOMONTH($A30,-1))) -> 4.5206936e+10 | J30: =SUMIFS('7.Rendimientos Financieros'!D:D,'7.Rendimientos Financieros'!A:A,">"&(EOMONTH($A30,-1)),'7.Rendimientos Financieros'!A:A,"<="&(EOMONTH($A30,0))) -> 2083753038 | K30: =SUMIFS('7.Rendimientos Financieros'!F:F,'7.Rendimientos Financieros'!E:E,"<="&(EOMONTH($A30,0))) -> 4.5206936e+10 | L30: =SUM(I30:J30)-SUM(K30) -> 2.083753e+09 | M30: =+E30-H30+L30 -> 3.1744593e+11 | N30: =63508039429.96+253937769179.11 -> 3.1744581e+11 | O30: =+N30-M30 -> -117215
A31: 45777 | B31: CO1.PCCNTR.5090635 | C31: =SUMIFS('3.Ingresos del Contrato'!J:J,'3.Ingresos del Contrato'!H:H,"<="&(EOMONTH($A31,-1))) -> 394076086719 | D31: =SUMIFS('3.Ingresos del Contrato'!J:J,'3.Ingresos del Contrato'!H:H,">"&(EOMONTH($A31,-1)),'3.Ingresos del Contrato'!H:H,"<="&(EOMONTH($A31,0))) -> 0 | E31: =SUM(C31:D31) -> 394076086719 | F31: =SUMIFS('6.Reportes de Pagos'!N:N,'6.Reportes de Pagos'!H:H,"<="&(EOMONTH($A31,-1))) -> 7.8713914e+10 | G31: =SUMIFS('6.Reportes de Pagos'!N:N,'6.Reportes de Pagos'!H:H,">"&(EOMONTH($A31,-1)),'6.Reportes de Pagos'!H:H,"<="&(EOMONTH($A31,0))) -> 1.010258e+10 | H31: =SUM(F31:G31) -> 8.8816494e+10 | I31: =SUMIFS('7.Rendimientos Financieros'!D:D,'7.Rendimientos Financieros'!A:A,"<="&(EOMONTH($A31,-1))) -> 4.7290689e+10 | J31: =SUMIFS('7.Rendimientos Financieros'!D:D,'7.Rendimientos Financieros'!A:A,">"&(EOMONTH($A31,-1)),'7.Rendimientos Financieros'!A:A,"<="&(EOMONTH($A31,0))) -> 2.008502e+09 | K31: =SUMIFS('7.Rendimientos Financieros'!F:F,'7.Rendimientos Financieros'!E:E,"<="&(EOMONTH($A31,0))) -> 4.7284357e+10 | L31: =SUM(I31:J31)-SUM(K31) -> 2.0148343e+09 | M31: =+E31-H31+L31 -> 3.0727443e+11 | N31: =61458531935.91+245815792972.49 -> 3.0727432e+11 | O31: =+N31-M31 -> -102215
A32: 45808 | B32: CO1.PCCNTR.5090635 | C32: =SUMIFS('3.Ingresos del Contrato'!J:J,'3.Ingresos del Contrato'!H:H,"<="&(EOMONTH($A32,-1))) -> 394076086719 | D32: =SUMIFS('3.Ingresos del Contrato'!J:J,'3.Ingresos del Contrato'!H:H,">"&(EOMONTH($A32,-1)),'3.Ingresos del Contrato'!H:H,"<="&(EOMONTH($A32,0))) -> 0 | E32: =SUM(C32:D32) -> 394076086719 | F32: =SUMIFS('6.Reportes de Pagos'!N:N,'6.Reportes de Pagos'!H:H,"<="&(EOMONTH($A32,-1))) -> 8.8816494e+10 | G32: =SUMIFS('6.Reportes de Pagos'!N:N,'6.Reportes de Pagos'!H:H,">"&(EOMONTH($A32,-1)),'6.Reportes de Pagos'!H:H,"<="&(EOMONTH($A32,0))) -> 9.6132561e+09 | H32: =SUM(F32:G32) -> 9.842975e+10 | I32: =SUMIFS('7.Rendimientos Financieros'!D:D,'7.Rendimientos Financieros'!A:A,"<="&(EOMONTH($A32,-1))) -> 4.9299191e+10 | J32: =SUMIFS('7.Rendimientos Financieros'!D:D,'7.Rendimientos Financieros'!A:A,">"&(EOMONTH($A32,-1)),'7.Rendimientos Financieros'!A:A,"<="&(EOMONTH($A32,0))) -> 1.9490075e+09 | K32: =SUMIFS('7.Rendimientos Financieros'!F:F,'7.Rendimientos Financieros'!E:E,"<="&(EOMONTH($A32,0))) -> 4.9299191e+10 | L32: =SUM(I32:J32)-SUM(K32) -> 1.9490075e+09 | M32: =+E32-H32+L32 -> 2.9759534e+11 | N32: =59514570417.85+238080656584.75 -> 2.9759523e+11 | O32: =+N32-M32 -> -117215
A33: 45838 | B33: CO1.PCCNTR.5090635 | C33: =SUMIFS('3.Ingresos del Contrato'!J:J,'3.Ingresos del Contrato'!H:H,"<="&(EOMONTH($A33,-1))) -> 394076086719 | D33: =SUMIFS('3.Ingresos del Contrato'!J:J,'3.Ingresos del Contrato'!H:H,">"&(EOMONTH($A33,-1)),'3.Ingresos del Contrato'!H:H,"<="&(EOMONTH($A33,0))) -> 0 | E33: =SUM(C33:D33) -> 394076086719 | F33: =SUMIFS('6.Reportes de Pagos'!N:N,'6.Reportes de Pagos'!H:H,"<="&(EOMONTH($A33,-1))) -> 9.842975e+10 | G33: =SUMIFS('6.Reportes de Pagos'!N:N,'6.Reportes de Pagos'!H:H,">"&(EOMONTH($A33,-1)),'6.Reportes de Pagos'!H:H,"<="&(EOMONTH($A33,0))) -> 6.2571117e+09 | H33: =SUM(F33:G33) -> 1.0468686e+11 | I33: =SUMIFS('7.Rendimientos Financieros'!D:D,'7.Rendimientos Financieros'!A:A,"<="&(EOMONTH($A33,-1))) -> 5.1248198e+10 | J33: =SUMIFS('7.Rendimientos Financieros'!D:D,'7.Rendimientos Financieros'!A:A,">"&(EOMONTH($A33,-1)),'7.Rendimientos Financieros'!A:A,"<="&(EOMONTH($A33,0))) -> 1.6882063e+09 | K33: =SUMIFS('7.Rendimientos Financieros'!F:F,'7.Rendimientos Financieros'!E:E,"<="&(EOMONTH($A33,0))) -> 5.1248198e+10 | L33: =SUM(I33:J33)-SUM(K33) -> 1.6882063e+09 | M33: =+E33-H33+L33 -> 2.9107743e+11 | N33: =232857657218.42+58219774045.48 -> 2.9107743e+11 | O33: =+N33-M33 -> 0
A34: =FECHA -> 45869 | B34: CO1.PCCNTR.5090635 | C34: =SUMIFS('3.Ingresos del Contrato'!J:J,'3.Ingresos del Contrato'!H:H,"<="&(EOMONTH($A34,-1))) -> 394076086719 | D34: =SUMIFS('3.Ingresos del Contrato'!J:J,'3.Ingresos del Contrato'!H:H,">"&(EOMONTH($A34,-1)),'3.Ingresos del Contrato'!H:H,"<="&(EOMONTH($A34,0))) -> 0 | E34: =SUM(C34:D34) -> 394076086719 | F34: =SUMIFS('6.Reportes de Pagos'!N:N,'6.Reportes de Pagos'!H:H,"<="&(EOMONTH($A34,-1))) -> 1.0468686e+11 | G34: =SUMIFS('6.Reportes de Pagos'!N:N,'6.Reportes de Pagos'!H:H,">"&(EOMONTH($A34,-1)),'6.Reportes de Pagos'!H:H,"<="&(EOMONTH($A34,0))) -> 6.2431837e+09 | H34: =SUM(F34:G34) -> 1.1093005e+11 | I34: =SUMIFS('7.Rendimientos Financieros'!D:D,'7.Rendimientos Financieros'!A:A,"<="&(EOMONTH($A34,-1))) -> 5.2936405e+10 | J34: =SUMIFS('7.Rendimientos Financieros'!D:D,'7.Rendimientos Financieros'!A:A,">"&(EOMONTH($A34,-1)),'7.Rendimientos Financieros'!A:A,"<="&(EOMONTH($A34,0))) -> 1.8376419e+09 | K34: =SUMIFS('7.Rendimientos Financieros'!F:F,'7.Rendimientos Financieros'!E:E,"<="&(EOMONTH($A34,0))) -> 5.2936405e+10 | L34: =SUM(I34:J34)-SUM(K34) -> 1.8376419e+09 | M34: =+E34-H34+L34 -> 2.8498368e+11 | N34: =57002364272.86+227981318912.1 -> 2.8498368e+11 | O34: =+N34-M34 -> 0
A36: (*)Se registra una cuenta por cobrar por valor de $57.588,73, correspondiente a un impuesto de Sobretasa Bomberil del Municipio de SAN BENITO ABAD que deben reintegrar los contratistas del Grupo 7 de la Linea de Emergencias, cuenta sobre la que se ha registrado deterioro al corte de junio por valor de $19.004,28 por tratarse de una cuenta registrada en diciembre de 2024 y conforme lo definido en la Circular Externa 030 de 2017 de la Superintendencia Financiera de Colombia. Así mismo se esta registrado Deterioro de cuentas por cobrar por concepto de impuestos de tiembre que fueorn registradas por la Fiduciaria cuya contrapartida es una cuenta por pagar de dicho impuestos, la cual es registrada como control en los Estados Financieros del Patrimonio Autónomo y que sestan siendo objeto de validación por parte de la Fiduciaria; para ajuste en los siguientes meses.
F40: VALOR | G40: DESCRIPCION | J40: SALDO PATRIMONIO CONTRATO INTER ADMINISTRATIVO
F41: =+N34 -> 2.8498368e+11 | G41: SALDO RECURSOS LÍQUIDOS (SALDO CUENTA DE AHORROS + SALDO FIC)
F42: =57588.73 -> 57588.73 | G42: (*)CUENTAS X COBRAR
F43: 1087200.9 | G43: (*)CUENTAS X COBRAR- DETERIORO
F44: =+'7.Rendimientos Financieros'!H33 -> 1.8376419e+09 | G44: TOTAL RENDIMIENTOS POR GIRAR
F45: =978851131.85-74159684.75 -> 9.0469145e+08 | G45: INGRESOS RECIBIDOS PARA TERCEROS (DESCUENTOS MAYOR PERMANENCIA INTERVENTORIA Y APREMIOS)
F46: =113159752.7 -> 1.1315975e+08 | G46: CUENTAS X PAGAR PROVEEDORES
F47: =+'6.Reportes de Pagos'!K928-'6.Reportes de Pagos'!I926+57588.73+11723376.19-0.15 -> 4.5259287e+08 | G47: IMPUESTOS POR PAGAR
F48: =+VRRTEGTIACTO+13875903.21 -> 7.9998438e+09 | G48: RETENCIONES EN GARANTÍA PENDIENTES DE GIRO
F49: =+F41+F42-F44-F46-F47-F48-F45-F43 -> 2.7367472e+11 | J49: =+F49 -> 2.7367472e+11

Sheet 2.Resumen Presupuestal
A1: =CONTRATO -> Contrato Interadministrativo No. CO1.PCCNTR.5090635
A2: Ministerio de Educación Nacional
A3: Financiera del Desarrollo S.A.
A4: 2. RESUMEN PRESUPUESTAL
A5: =periodo -> 01 de julio al 31 de julio de 2025
A7: CDP | B7: VIGENCIA FISCAL | C7: VALOR CDP | D7: ADICION | E7: VALOR PRESUPUESTO (A) | F7: FUENTE | G7: ORIGEN DE LOS RECURSOS | H7: RECURSOS RECIBIDOS | I7: REFORMULACIÓN Y/O ADICIONES AL CONTRATO | J7: ASISTENCIA TECNICA COMPROMISOS (B) | K7: COMPROMISOS -CDR (C) | L7: CONTRATOS FIRMADOS Y ADICIONES (D) | M7: LIBERACIONES SALDOS CDR CONTRATOS FIRMADOS (E) | N7: LIBERACIONES ACTAS DE LIQUIDACION CONTRATOS (F) | O7: SALDO DISPONIBLE POR COMPROMETER (G) = (A)-(B)-(C)-(E)+(F) | P7: PAGOS ADJUDICACIONES Y/O COMPROMISOS (H) | Q7: SALDO POR PAGAR ADJUDICACIONES Y/O COMPROMISOS (I) = ((B)+(D))-((H)+(F)) | R7: APREMIOS APLICADOS A CONTRATISTAS (J)
A8: 87123 | B8: 2023 | C8: 294145282376 | D8: 0 | E8: =SUM(C8:D8) -> 294145282376 | F8: NACION | G8: 10 | H8: 294145282376 | I8: 0 | J8: =VRFINDETER -> 15746080000 | K8: =+SUMIFS('4.E.F. Contratación Derivada'!H:H,'4.E.F. Contratación Derivada'!C:C,'2.Resumen Presupuestal'!A8) -> 2.4770552e+11 | L8: =VRCONTRATOS-'4.E.F. Contratación Derivada'!Y112 -> 2.3884336e+11 | M8: 412040770 | N8: =VRLIBERACIONES -> 1.1909653e+09 | O8: =E8-J8-K8+M8+N8 -> 3.2296692e+10 | P8: =VRFACT+(VRPAGOSCTOS-VRRTEGTIACTO) -> 1.1234971e+11 | Q8: =(L8+J8)-(P8+N8) -> 1.4104877e+11 | R8: =+'4.E.F. Contratación Derivada'!AJ112 -> 158895414
A9: 11424 | B9: 2024 | C9: 41100000000 | D9: 0 | E9: =SUM(C9:D9) -> 41100000000 | F9: NACION | G9: 10 | H9: 41100000000 | I9: =+E9 -> 41100000000 | J9: 7307943705 | K9: =+SUMIFS('4.E.F. Contratación Derivada'!H:H,'4.E.F. Contratación Derivada'!C:C,'2.Resumen Presupuestal'!A9) -> 3.3021248e+09 | O9: =+E9-J9-K9-M9+N9 -> 3.0489931e+10 | P9: 0 | Q9: =(L9+J9)-(P9+N9) -> 7307943705
A10: 11524 | B10: 2024 | C10: 33010746802 | D10: 0 | E10: =SUM(C10:D10) -> 33010746802 | F10: NACION | G10: 10 | H10: 33010746802 | I10: =+E10 -> 33010746802 | K10: =+SUMIFS('4.E.F. Contratación Derivada'!H:H,'4.E.F. Contratación Derivada'!C:C,'2.Resumen Presupuestal'!A10) -> 0 | O10: =+E10-J10-K10-M10+N10 -> 33010746802 | P10: 0 | Q10: =(L10+J10)-(P10+N10) -> 0
A11: 11624 | B11: 2024 | C11: 25820057541 | E11: =SUM(C11:D11) -> 25820057541 | F11: NACION | G11: 10 | H11: 25820057541 | I11: =+E11 -> 25820057541 | K11: =+SUMIFS('4.E.F. Contratación Derivada'!H:H,'4.E.F. Contratación Derivada'!C:C,'2.Resumen Presupuestal'!A11) -> 0 | O11: =+E11-J11-K11-M11+N11 -> 25820057541 | P11: 0 | Q11: =(L11+J11)-(P11+N11) -> 0
A12: TOTAL | C12: =SUM(C8:C11) -> 394076086719 | D12: =SUM(D8:D11) -> 0 | E12: =SUM(E8:E11) -> 394076086719 | H12: =SUM(H8:H11) -> 394076086719 | I12: =SUM(I8:I11) -> 99930804343 | J12: =SUM(J8:J11) -> 23054023705 | K12: =SUM(K8:K11) -> 2.5100764e+11 | L12: =SUM(L8:L11) -> 2.3884336e+11 | M12: =SUM(M8:M11) -> 412040770 | N12: =SUM(N8:N11) -> 1.1909653e+09 | O12: =SUM(O8:O11) -> 1.2161743e+11 | ... R12: =SUM(R8:R11) -> 158895414
K13: VALOR PRESUPUESTO | L13: =+E12 -> 394076086719 | O13: =+H12-L12-J12 -> 1.321787e+11
K14: VALOR CONTRATACIÓN DERIVADA | L14: =+L12 -> 2.3884336e+11
K15: VALOR ASISTENCIA TECNICA | L15: =+J12 -> 23054023705
K16: TOTAL COMPROMETIDO | L16: =+L14+L15 -> 2.6189738e+11
K17: % EJECUTADO (Comprometido) | L17: =+L16/L13 -> 0.66458583

Sheet 3.Ingresos del Contrato
A1: =CONTRATO -> Contrato Interadministrativo No. CO1.PCCNTR.5090635
A2: Ministerio de Educación Nacional
A3: Financiera del Desarrollo S.A.
A4: 3. INGRESOS DEL CONTRATO
A5: =periodo -> 01 de julio al 31 de julio de 2025
A7: CDP | B7: VIGENCIA FISCAL | C7: VALOR CDP | D7: ADICION CDP | E7: VALOR PRESUPUESTO | F7: FUENTE | G7: VALOR DESEMBOLSO | H7: FECHA | I7: TRASLADO | J7: TOTAL DESEMBOLSOS | K7: SALDO POR DESEMBOLSAR
A8: 87123 | B8: 2023 | C8: 294145282376 | D8: 0 | E8: =SUM(C8:D8) -> 294145282376 | F8: NACION | G8: =+E8 -> 294145282376 | H8: 45118 | I8: FIDUCIARIA - PA ASISTENCIA TECNICA SUBCUENTA MEN INFRAESTRUCTURA Y DOTACIÓN | J8: 294145282376 | K8: =+E8-SUM(J8:J8) -> 0
A9: 11424 | B9: 2024 | C9: 41100000000 | D9: 0 | E9: =SUM(C9:D9) -> 41100000000 | F9: NACION | G9: 41100000000 | H9: 45665 | I9: FIDUCIARIA - PA ASISTENCIA TECNICA SUBCUENTA MEN INFRAESTRUCTURA Y DOTACIÓN | J9: =+G9 -> 41100000000 | K9: =+E9-SUM(J9:J9) -> 0
A10: 11524 | B10: 2024 | C10: 33010746802 | D10: 0 | E10: =SUM(C10:D10) -> 33010746802 | F10: NACION | G10: 33010746802 | H10: 45665 | I10: FIDUCIARIA - PA ASISTENCIA TECNICA SUBCUENTA MEN INFRAESTRUCTURA Y DOTACIÓN | J10: =+G10 -> 33010746802 | K10: =+E10-SUM(J10:J10) -> 0
A11: 11624 | B11: 2024 | C11: 25820057541 | D11: 0 | E11: =SUM(C11:D11) -> 25820057541 | F11: NACION | G11: 25820057541 | H11: 45665 | I11: FIDUCIARIA - PA ASISTENCIA TECNICA SUBCUENTA MEN INFRAESTRUCTURA Y DOTACIÓN | J11: =+G11 -> 25820057541 | K11: =+E11-SUM(J11:J11) -> 0
A12: TOTAL | C12: =SUM(C8:C8) -> 294145282376 | D12: =SUM(D8:D8) -> 0 | E12: =SUM(E8:E11) -> 394076086719 | G12: =SUM(G8:G11) -> 394076086719 | J12: =+SUM(J8:J11) -> 394076086719 | K12: =SUM(K8:K11) -> 0

Sheet 4.E.F. Contratación Derivada
A1: =CONTRATO -> Contrato Interadministrativo No. CO1.PCCNTR.5090635
A2: Ministerio de Educación Nacional
A3: Financiera del Desarrollo S.A.
A4: 4. EJECUCION FINANCIERA CONTRATACION DERIVADA
A5: =periodo -> 01 de julio al 31 de julio de 2025
A7: ITEM | B7: CONTRATO | C7: CDP | D7: FUENTE | E7: VIGENCIA FISCAL | F7: CDR (*) | G7: FECHA | H7: VALOR PRESUPUESTO | I7: LINEA DEL PROYECTO | J7: PROYECTO | K7: MUNICIPIO | L7: DEPARTAMENTO | M7: GRUPO | N7: CANTIDAD SEDES | O7: CONVOCATORIA No. | P7: CONTRATO No. | Q7: FECHA SUSCRIPCION | R7: TIPO CONTRATO | S7: CONTRATADO O POR CONTRATAR | T7: CONTRATISTA | U7: CC / NIT | V7: VALOR ADJUDICADO | W7: VALOR POR ADJUDICAR Y/O LIBERAR | X7: ADICIONES / MODIFICACIONES CONTRATO | Y7: MAYOR PERMANENCIA INTERVENTORIA (Asumido por Contratista) | Z7: VALOR FINAL CONTRATO | AA7: ="VALOR ACUMULADO PAGADO AL" &CHAR(10)&UPPER(TEXT((EOMONTH(FECHA,-1)),"dd/mmm/yy")) -> VALOR ACUMULADO PAGADO AL 30/JUN/25 | AB7: ="VALOR ACUMULADO RETEGARANTIA AL" &CHAR(10)&UPPER(TEXT((EOMONTH(FECHA,-1)),"dd/mmm/yy")) -> VALOR ACUMULADO RETEGARANTIA AL 30/JUN/25 | AC7: ="VALOR LIBERACIONES ACTA DE LIQUIDACION AL" &CHAR(10)&UPPER(TEXT((EOMONTH(FECHA,-1)),"dd/mmm/yy")) -> VALOR LIBERACIONES ACTA DE LIQUIDACION AL 30/JUN/25 | AD7: ="VALOR PAGADO"&CHAR(10)&UPPER(TEXT(FECHA,"mmmm/yyyy")) -> VALOR PAGADO JULIO/2025 | AE7: ="VALOR RETEGARANTIA "&CHAR(10)&UPPER(TEXT(FECHA,"mmmm/yyyy")) -> VALOR RETEGARANTIA JULIO/2025 | AF7: ="VALOR LIBERACIONES ACTA DE LIQUIDACION "&CHAR(10)&UPPER(TEXT(FECHA,"mmmm/yyyy")) -> VALOR LIBERACIONES ACTA DE LIQUIDACION JULIO/2025 | AG7: ="VALOR ACUMULADO PAGADO AL" &CHAR(10)&UPPER(TEXT(FECHA,"dd/mmm/yy")) -> VALOR ACUMULADO PAGADO AL 31/JUL/25 | AH7: ="VALOR ACUMULADO RETEGARANTIA AL"&CHAR(10)&UPPER(TEXT(FECHA,"dd/mmm/yy")) -> VALOR ACUMULADO RETEGARANTIA AL 31/JUL/25 | AI7: ="VALOR LIBERACIONES ACTA DE LIQUIDACION AL"&CHAR(10)&UPPER(TEXT(FECHA,"dd/mmm/yy")) -> VALOR LIBERACIONES ACTA DE LIQUIDACION AL 31/JUL/25 | AJ7: ="APREMIOS RATIFICADOS Y DESCONTADOS AL"&CHAR(10)&UPPER(TEXT(FECHA,"dd/mmm/yy")) -> APREMIOS RATIFICADOS Y DESCONTADOS AL 31/JUL/25 | AK7: SALDO POR PAGAR | AL7: % AVANCE FINANCIERO | AM7: ESTADO
A8: 1 | B8: CO1.PCCNTR.5090635 | C8: 87123 | D8: NACION | E8: 2023 | F8: 45 | G8: 45259 | H8: 1262766 | I8: Proyectos Estrategicos | J8: Instrucción de giro recursos para el pago de la prórroga de la licencia de construcción correspondiente a la ejecución del proyecto Institución Educativa Jose Antonio Ricaurte Sede Principal ubicada en el Municipio de Ibagué, Departamento de Tolima., los cuales se realizarán con cargo a los recursos del CONTRATO INTERADMINISTRATIVO CO1.PCCNTR.5090635 de 2023, que se encuentran en el PATRIMONIO AUTÓNOMO ALIADOS FINDETER PARA LA ASISTENCIA TÉCNICA Y ADMINISTRACIÓN DE RECURSOS –SUBCUENTA MEN PROGRAMA DE INFRAESTRUCTURA Y DOTACIÓN. | K8: N/A | L8: N/A | M8: NA | N8: NA | O8: N/A | P8: LICENCIA | Q8: N/A | R8: OTRO- EXPENSAS | S8: CONTRATADO | T8: N/A | U8: N/A | V8: 1262766 | W8: =+H8-V8 -> 0 | Z8: =+V8+X8 -> 1262766 | AA8: =SUMIFS('6.Reportes de Pagos'!I:I,'6.Reportes de Pagos'!H:H,"<="&(EOMONTH(FECHA,-1)),'6.Reportes de Pagos'!D:D,$P8) -> 1262766 | AB8: =SUMIFS('6.Reportes de Pagos'!J:J,'6.Reportes de Pagos'!H:H,"<="&(EOMONTH(FECHA,-1)),'6.Reportes de Pagos'!D:D,$P8) -> 0 | AC8: 0 | AD8: =SUMIFS('6.Reportes de Pagos'!I:I,'6.Reportes de Pagos'!H:H,">"&(EOMONTH(FECHA,-1)),'6.Reportes de Pagos'!H:H,"<="&(EOMONTH(FECHA,0)),'6.Reportes de Pagos'!D:D,$P8) -> 0 | AE8: =SUMIFS('6.Reportes de Pagos'!J:J,'6.Reportes de Pagos'!H:H,">"&(EOMONTH(FECHA,-1)),'6.Reportes de Pagos'!H:H,"<="&(EOMONTH(FECHA,0)),'6.Reportes de Pagos'!D:D,$P8) -> 0 | AF8: 0 | AG8: =SUMIFS('6.Reportes de Pagos'!I:I,'6.Reportes de Pagos'!H:H,"<="&(EOMONTH(FECHA,0)),'6.Reportes de Pagos'!D:D,$P8) -> 1262766 | AH8: =SUMIFS('6.Reportes de Pagos'!J:J,'6.Reportes de Pagos'!H:H,"<="&(EOMONTH(FECHA,0)),'6.Reportes de Pagos'!D:D,$P8) -> 0 | AI8: =+AC8+AF8 -> 0 | AK8: =+Z8-(AG8-AH8)-AI8 -> 0 | AL8: =IFERROR(((AG8-AH8+AI8)/Z8),0) -> 1 | AM8: N/A
A9: =+A8+1 -> 2 | B9: CO1.PCCNTR.5090635 | C9: 87123 | D9: NACION | E9: 2023 | F9: 1 193 | G9: 27/10/2023 01/04/2025 | H9: =11881579210+201196870 -> 12082776080 | I9: Proyectos Estrategicos | J9: LA REVISIÓN, AJUSTE Y COMPLEMENTACIÓN DE ESTUDIOS Y DISEÑOS, ASÍ COMO LA AMPLIACIÓN Y MEJORAMIENTO DE LA INSTITUCIÓN EDUCATIVA EUGENIO DIAZ CASTRO SEDE EL CHARQUITO UBICADA EN EL MUNICIPIO DE SOACHA, DEPARTAMENTO CUNDINAMARCA. | K9: SOACHA | L9: CUNDINAMARCA | M9: NA | N9: 1 | O9: PAF-MENPNIE-O-101-2023 | P9: 014-2023 | Q9: 45308 | R9: OBRA | S9: CONTRATADO | T9: SITTCA CONSTRUCCIONES S.A.S. | U9: 900206662 | V9: 11406316041 | W9: =+H9-V9-201196870 -> 475263169 | X9: 201196870 | Y9: =116750900+66917270 -> 183668170 | Z9: =+V9+X9 -> 11607512911 | AA9: =SUMIFS('6.Reportes de Pagos'!I:I,'6.Reportes de Pagos'!H:H,"<="&(EOMONTH(FECHA,-1)),'6.Reportes de Pagos'!D:D,$P9) -> 0 | AB9: =SUMIFS('6.Reportes de Pagos'!J:J,'6.Reportes de Pagos'!H:H,"<="&(EOMONTH(FECHA,-1)),'6.Reportes de Pagos'!D:D,$P9) -> 0 | AC9: 0 | AD9: =SUMIFS('6.Reportes de Pagos'!I:I,'6.Reportes de Pagos'!H:H,">"&(EOMONTH(FECHA,-1)),'6.Reportes de Pagos'!H:H,"<="&(EOMONTH(FECHA,0)),'6.Reportes de Pagos'!D:D,$P9) -> 0 | AE9: =SUMIFS('6.Reportes de Pagos'!J:J,'6.Reportes de Pagos'!H:H,">"&(EOMONTH(FECHA,-1)),'6.Reportes de Pagos'!H:H,"<="&(EOMONTH(FECHA,0)),'6.Reportes de Pagos'!D:D,$P9) -> 0 | AF9: 0 | AG9: =SUMIFS('6.Reportes de Pagos'!I:I,'6.Reportes de Pagos'!H:H,"<="&(EOMONTH(FECHA,0)),'6.Reportes de Pagos'!D:D,$P9) -> 0 | AH9: =SUMIFS('6.Reportes de Pagos'!J:J,'6.Reportes de Pagos'!H:H,"<="&(EOMONTH(FECHA,0)),'6.Reportes de Pagos'!D:D,$P9) -> 0 | AI9: =+AC9+AF9 -> 0 | AK9: =+Z9-(AG9-AH9)-AI9 -> 11607512911 | AL9: =IFERROR(((AG9-AH9+AI9)/Z9),0) -> 0 | AM9: Vigente
A10: =+A9+1 -> 3 | B10: CO1.PCCNTR.5090635 | C10: 87123 | D10: NACION | E10: 2023 | F10: 18 192 | G10: 31/10/2023 01/04/2025 | H10: =1038090820+196922985 -> 1235013805 | I10: Proyectos Estrategicos | J10: INTERVENTORÍA TÉCNICA, ADMINISTRATIVA, FINANCIERA, CONTABLE, AMBIENTAL, SOCIAL Y JURÍDICA A LA REVISIÓN, AJUSTE Y COMPLEMENTACIÓN DE ESTUDIOS Y DISEÑOS, ASÍ COMO A LA AMPLIACIÓN Y MEJORAMIENTO DE LA INSTITUCIÓN EDUCATIVA EUGENIO DIAZ CASTRO SEDE EL CHARQUITO UBICADA EN EL MUNICIPIO DE SOACHA, DEPARTAMENTO CUNDINAMARCA | K10: SOACHA | L10: CUNDINAMARCA | M10: NA | N10: 1 | O10: PAF-MENPNIE-I-096-2023 | P10: 003-2023 | Q10: 45308 | R10: INTERVENTORIA | S10: CONTRATADO | T10: CONSORCIO CHARQUITO ET | U10: 901786465 | V10: 984452667 | W10: =+H10-V10-196922985 -> 53638153 | X10: =116750900+196922985+66917270 -> 380591155 | Z10: =+V10+X10 -> 1365043822 | AA10: =SUMIFS('6.Reportes de Pagos'!I:I,'6.Reportes de Pagos'!H:H,"<="&(EOMONTH(FECHA,-1)),'6.Reportes de Pagos'!D:D,$P10) -> 0 | AB10: =SUMIFS('6.Reportes de Pagos'!J:J,'6.Reportes de Pagos'!H:H,"<="&(EOMONTH(FECHA,-1)),'6.Reportes de Pagos'!D:D,$P10) -> 0 | AC10: 0 | AD10: =SUMIFS('6.Reportes de Pagos'!I:I,'6.Reportes de Pagos'!H:H,">"&(EOMONTH(FECHA,-1)),'6.Reportes de Pagos'!H:H,"<="&(EOMONTH(FECHA,0)),'6.Reportes de Pagos'!D:D,$P10) -> 0 | AE10: =SUMIFS('6.Reportes de Pagos'!J:J,'6.Reportes de Pagos'!H:H,">"&(EOMONTH(FECHA,-1)),'6.Reportes de Pagos'!H:H,"<="&(EOMONTH(FECHA,0)),'6.Reportes de Pagos'!D:D,$P10) -> 0 | AF10: 0 | AG10: =SUMIFS('6.Reportes de Pagos'!I:I,'6.Reportes de Pagos'!H:H,"<="&(EOMONTH(FECHA,0)),'6.Reportes de Pagos'!D:D,$P10) -> 0 | AH10: =SUMIFS('6.Reportes de Pagos'!J:J,'6.Reportes de Pagos'!H:H,"<="&(EOMONTH(FECHA,0)),'6.Reportes de Pagos'!D:D,$P10) -> 0 | AI10: =+AC10+AF10 -> 0 | AK10: =+Z10-(AG10-AH10)-AI10 -> 1365043822 | AL10: =IFERROR(((AG10-AH10+AI10)/Z10),0) -> 0 | AM10: Vigente
A11: =+A10+1 -> 4 | B11: CO1.PCCNTR.5090635 | C11: 87123 | D11: NACION | E11: 2023 | F11: 49 | G11: 45274 | H11: 16809507226 | I11: Proyectos Estrategicos | J11: LA CONSTRUCCIÓN DE LA INSTITUCIÓN EDUCATIVA JOSE ANTONIO RICAURTE UBICADA EN EL MUNICIPIO DE IBAGUE, DEPARTAMENTO DEL TOLIMA. | K11: IBAGUE | L11: TOLIMA | M11: NA | N11: 1 | O11: PAF-MENPNIE-O-127-2023 | P11: 014-2024 | Q11: 45397 | R11: OBRA | S11: CONTRATADO | T11: CONSORCIO BB – IBAGUE | U11: 901811721 | V11: 16014417534 | W11: =+H11-V11 -> 795089692 | Z11: =+V11+X11 -> 16014417534 | AA11: =SUMIFS('6.Reportes de Pagos'!I:I,'6.Reportes de Pagos'!H:H,"<="&(EOMONTH(FECHA,-1)),'6.Reportes de Pagos'!D:D,$P11) -> 10822448177 | AB11: =SUMIFS('6.Reportes de Pagos'!J:J,'6.Reportes de Pagos'!H:H,"<="&(EOMONTH(FECHA,-1)),'6.Reportes de Pagos'!D:D,$P11) -> 1082244817 | AC11: 0 | AD11: =SUMIFS('6.Reportes de Pagos'!I:I,'6.Reportes de Pagos'!H:H,">"&(EOMONTH(FECHA,-1)),'6.Reportes de Pagos'!H:H,"<="&(EOMONTH(FECHA,0)),'6.Reportes de Pagos'!D:D,$P11) -> 0 | AE11: =SUMIFS('6.Reportes de Pagos'!J:J,'6.Reportes de Pagos'!H:H,">"&(EOMONTH(FECHA,-1)),'6.Reportes de Pagos'!H:H,"<="&(EOMONTH(FECHA,0)),'6.Reportes de Pagos'!D:D,$P11) -> 0 | AF11: 0 | AG11: =SUMIFS('6.Reportes de Pagos'!I:I,'6.Reportes de Pagos'!H:H,"<="&(EOMONTH(FECHA,0)),'6.Reportes de Pagos'!D:D,$P11) -> 10822448177 | AH11: =SUMIFS('6.Reportes de Pagos'!J:J,'6.Reportes de Pagos'!H:H,"<="&(EOMONTH(FECHA,0)),'6.Reportes de Pagos'!D:D,$P11) -> 1082244817 | AI11: =+AC11+AF11 -> 0 | AK11: =+Z11-(AG11-AH11)-AI11 -> 6274214174 | AL11: =IFERROR(((AG11-AH11+AI11)/Z11),0) -> 0.60821465 | AM11: Vigente
A12: =+A11+1 -> 5 | B12: CO1.PCCNTR.5090635 | C12: 87123 | D12: NACION | E12: 2023 | F12: 52 148 | G12: 20/12/2023 29/08/2024 | H12: =1320560410+65049428 -> 1385609838 | I12: Proyectos Estrategicos | J12: INTERVENTORÍA TÉCNICA, ADMINISTRATIVA, FINANCIERA, CONTABLE, AMBIENTAL, SOCIAL Y JURÍDICA A LA CONSTRUCCIÓN DE LA INSTITUCIÓN EDUCATIVA JOSE ANTONIO RICAURTE UBICADA EN EL MUNICIPIO DE IBAGUE, DEPARTAMENTO DEL TOLIMA | K12: IBAGUE | L12: TOLIMA | M12: NA | N12: 1 | O12: PAF-MENPNIE-I-125-2023 | P12: 011-2024 | Q12: 45398 | R12: INTERVENTORIA | S12: CONTRATADO | T12: CONSORCIO EDIFICACIONES 2024 | U12: 901808808 | V12: 1204351093 | W12: =+H12-V12-65049428 -> 116209317 | X12: 65049428 | Z12: =+V12+X12 -> 1269400521 | AA12: =SUMIFS('6.Reportes de Pagos'!I:I,'6.Reportes de Pagos'!H:H,"<="&(EOMONTH(FECHA,-1)),'6.Reportes de Pagos'!D:D,$P12) -> 8.9981755e+08 | AB12: =SUMIFS('6.Reportes de Pagos'!J:J,'6.Reportes de Pagos'!H:H,"<="&(EOMONTH(FECHA,-1)),'6.Reportes de Pagos'!D:D,$P12) -> 89981756 | AC12: 0 | AD12: =SUMIFS('6.Reportes de Pagos'!I:I,'6.Reportes de Pagos'!H:H,">"&(EOMONTH(FECHA,-1)),'6.Reportes de Pagos'!H:H,"<="&(EOMONTH(FECHA,0)),'6.Reportes de Pagos'!D:D,$P12) -> 0 | AE12: =SUMIFS('6.Reportes de Pagos'!J:J,'6.Reportes de Pagos'!H:H,">"&(EOMONTH(FECHA,-1)),'6.Reportes de Pagos'!H:H,"<="&(EOMONTH(FECHA,0)),'6.Reportes de Pagos'!D:D,$P12) -> 0 | AF12: 0 | AG12: =SUMIFS('6.Reportes de Pagos'!I:I,'6.Reportes de Pagos'!H:H,"<="&(EOMONTH(FECHA,0)),'6.Reportes de Pagos'!D:D,$P12) -> 8.9981755e+08 | AH12: =SUMIFS('6.Reportes de Pagos'!J:J,'6.Reportes de Pagos'!H:H,"<="&(EOMONTH(FECHA,0)),'6.Reportes de Pagos'!D:D,$P12) -> 89981756 | AI12: =+AC12+AF12 -> 0 | AK12: =+Z12-(AG12-AH12)-AI12 -> 4.5956473e+08 | AL12: =IFERROR(((AG12-AH12+AI12)/Z12),0) -> 0.63796712 | AM12: Vigente
A13: =+A12+1 -> 6 | B13: CO1.PCCNTR.5090635 | C13: 87123 | D13: NACION | E13: 2023 | F13: 2 132 | G13: 27/10/2023 02/07/2024 | H13: =6061878367+206479290 -> 6268357657 | I13: Mejoramientos | J13: ELABORACIÓN DE DIAGNÓSTICOS, ESTUDIOS TÉCNICOS, DISEÑOS Y EJECUCIÓN DE OBRAS DE MEJORAMIENTO EN LAS INSTITUCIONES EDUCATIVAS OFICIALES DEL DEPARTAMENTO DE TOLIMA (GRUPO 1), PRIORIZADAS POR EL MINISTERIO DE EDUCACION NACIONAL Y VIABILIZADOS POR FINDETER. | K13: RIOBLANCO CHAPARRAL | L13: TOLIMA | M13: 1 | N13: 32 | O13: PAF-MENPNIE-O-090-2023 | P13: 004-2023 | Q13: 45307 | R13: OBRA | S13: CONTRATADO | T13: CDC INGENIERIA Y ARQUITECTURA S.A.S. | U13: 900584208 | V13: 5849106437 | W13: =+H13-V13-206479290-212771930 -> 0 | X13: 206479290 | Z13: =+V13+X13 -> 6055585727 | AA13: =SUMIFS('6.Reportes de Pagos'!I:I,'6.Reportes de Pagos'!H:H,"<="&(EOMONTH(FECHA,-1)),'6.Reportes de Pagos'!D:D,$P13) -> 6055585727 | AB13: =SUMIFS('6.Reportes de Pagos'!J:J,'6.Reportes de Pagos'!H:H,"<="&(EOMONTH(FECHA,-1)),'6.Reportes de Pagos'!D:D,$P13) -> 0 | AC13: 0 | AD13: =SUMIFS('6.Reportes de Pagos'!I:I,'6.Reportes de Pagos'!H:H,">"&(EOMONTH(FECHA,-1)),'6.Reportes de Pagos'!H:H,"<="&(EOMONTH(FECHA,0)),'6.Reportes de Pagos'!D:D,$P13) -> 0 | AE13: =SUMIFS('6.Reportes de Pagos'!J:J,'6.Reportes de Pagos'!H:H,">"&(EOMONTH(FECHA,-1)),'6.Reportes de Pagos'!H:H,"<="&(EOMONTH(FECHA,0)),'6.Reportes de Pagos'!D:D,$P13) -> 0 | AF13: 0 | AG13: =SUMIFS('6.Reportes de Pagos'!I:I,'6.Reportes de Pagos'!H:H,"<="&(EOMONTH(FECHA,0)),'6.Reportes de Pagos'!D:D,$P13) -> 6055585727 | AH13: =SUMIFS('6.Reportes de Pagos'!J:J,'6.Reportes de Pagos'!H:H,"<="&(EOMONTH(FECHA,0)),'6.Reportes de Pagos'!D:D,$P13) -> 0 | AI13: =+AC13+AF13 -> 0 | AK13: =+Z13-(AG13-AH13)-AI13 -> 0 | AL13: =IFERROR(((AG13-AH13+AI13)/Z13),0) -> 1 | AM13: LIQUIDADO ABRIL 2025
A14: =+A13+1 -> 7 | B14: CO1.PCCNTR.5090635 | C14: 87123 | D14: NACION | E14: 2023 | F14: 3 133 | G14: 27/10/2023 02/07/2024 | H14: =338617160+103140950 -> 441758110 | I14: Mejoramientos | J14: INTERVENTORÍA INTEGRAL (TÉCNICA, ADMINISTRATIVA, FINANCIERA, CONTABLE, AMBIENTAL, SOCIAL Y JURÍDICA) PARA LA ELABORACIÓN DE DIAGNÓSTICOS, ESTUDIOS TÉCNICOS, DISEÑOS Y EJECUCIÓN DE OBRAS DE MEJORAMIENTO EN LAS INSTITUCIONES EDUCATIVAS OFICIALES DEL DEPARTAMENTO DE TOLIMA (GRUPO 1), PRIORIZADAS POR EL MINISTERIO DE EDUCACION NACIONAL Y VIABILIZADOS POR FINDETER. | K14: RIOBLANCO CHAPARRAL | L14: TOLIMA | M14: 1 | N14: 32 | O14: PAF-MENPNIE-I-085-2023 | P14: 007-2023 | Q14: 45307 | R14: INTERVENTORIA | S14: CONTRATADO | T14: CONSTRUOBRAS C&M SAS | U14: 900506471 | V14: 318271450 | W14: =+H14-V14-20345710-103140950 -> 0 | X14: 103140950 | Z14: =+V14+X14 -> 421412400 | AA14: =SUMIFS('6.Reportes de Pagos'!I:I,'6.Reportes de Pagos'!H:H,"<="&(EOMONTH(FECHA,-1)),'6.Reportes de Pagos'!D:D,$P14) -> 421412400 | AB14: =SUMIFS('6.Reportes de Pagos'!J:J,'6.Reportes de Pagos'!H:H,"<="&(EOMONTH(FECHA,-1)),'6.Reportes de Pagos'!D:D,$P14) -> 0 | AC14: 0 | AD14: =SUMIFS('6.Reportes de Pagos'!I:I,'6.Reportes de Pagos'!H:H,">"&(EOMONTH(FECHA,-1)),'6.Reportes de Pagos'!H:H,"<="&(EOMONTH(FECHA,0)),'6.Reportes de Pagos'!D:D,$P14) -> 0 | AE14: =SUMIFS('6.Reportes de Pagos'!J:J,'6.Reportes de Pagos'!H:H,">"&(EOMONTH(FECHA,-1)),'6.Reportes de Pagos'!H:H,"<="&(EOMONTH(FECHA,0)),'6.Reportes de Pagos'!D:D,$P14) -> 0 | AF14: 0 | AG14: =SUMIFS('6.Reportes de Pagos'!I:I,'6.Reportes de Pagos'!H:H,"<="&(EOMONTH(FECHA,0)),'6.Reportes de Pagos'!D:D,$P14) -> 421412400 | AH14: =SUMIFS('6.Reportes de Pagos'!J:J,'6.Reportes de Pagos'!H:H,"<="&(EOMONTH(FECHA,0)),'6.Reportes de Pagos'!D:D,$P14) -> 0 | AI14: =+AC14+AF14 -> 0 | AK14: =+Z14-(AG14-AH14)-AI14 -> 0 | AL14: =IFERROR(((AG14-AH14+AI14)/Z14),0) -> 1 | AM14: LIQUIDADO ABRIL 2025
A15: =+A14+1 -> 8 | B15: CO1.PCCNTR.5090635 | C15: 87123 | D15: NACION | E15: 2023 | F15: 8 | G15: 45226 | H15: 5258435054 | I15: Mejoramientos | J15: ELABORACIÓN DE DIAGNÓSTICOS, ESTUDIOS TÉCNICOS, DISEÑOS Y EJECUCIÓN DE OBRAS DE MEJORAMIENTO EN LAS INSTITUCIONES EDUCATIVAS OFICIALES DEL MUNICIPIO DE TAME, DEPARTAMENTO DE ARAUCA (GRUPO 2), PRIORIZADAS POR EL MINISTERIO DE EDUCACION NACIONAL Y VIABILIZADOS POR FINDETER | K15: TAME | L15: ARAUCA | M15: 2 | N15: 20 | O15: PAF-MENPNIE-O-091-2023 | P15: 002-2023 | Q15: 45343 | R15: OBRA | S15: CONTRATADO | T15: CONSORCIO INSTITUCIONES EDUCATIVAS TAME | U15: 901787725 | V15: 5243387433 | W15: =+H15-V15 -> 15047621 | X15: 0 | Y15: 7072859.5 | Z15: =+V15+X15 -> 5243387433 | AA15: =SUMIFS('6.Reportes de Pagos'!I:I,'6.Reportes de Pagos'!H:H,"<="&(EOMONTH(FECHA,-1)),'6.Reportes de Pagos'!D:D,$P15) -> 5243387433 | AB15: =SUMIFS('6.Reportes de Pagos'!J:J,'6.Reportes de Pagos'!H:H,"<="&(EOMONTH(FECHA,-1)),'6.Reportes de Pagos'!D:D,$P15) -> 0 | AC15: 0 | AD15: =SUMIFS('6.Reportes de Pagos'!I:I,'6.Reportes de Pagos'!H:H,">"&(EOMONTH(FECHA,-1)),'6.Reportes de Pagos'!H:H,"<="&(EOMONTH(FECHA,0)),'6.Reportes de Pagos'!D:D,$P15) -> 0 | AE15: =SUMIFS('6.Reportes de Pagos'!J:J,'6.Reportes de Pagos'!H:H,">"&(EOMONTH(FECHA,-1)),'6.Reportes de Pagos'!H:H,"<="&(EOMONTH(FECHA,0)),'6.Reportes de Pagos'!D:D,$P15) -> 0 | AF15: 0 | AG15: =SUMIFS('6.Reportes de Pagos'!I:I,'6.Reportes de Pagos'!H:H,"<="&(EOMONTH(FECHA,0)),'6.Reportes de Pagos'!D:D,$P15) -> 5243387433 | AH15: =SUMIFS('6.Reportes de Pagos'!J:J,'6.Reportes de Pagos'!H:H,"<="&(EOMONTH(FECHA,0)),'6.Reportes de Pagos'!D:D,$P15) -> 0 | AI15: =+AC15+AF15 -> 0 | AK15: =+Z15-(AG15-AH15)-AI15 -> 0 | AL15: =IFERROR(((AG15-AH15+AI15)/Z15),0) -> 1 | AM15: LIQUIDADO MAYO 2025
A16: =+A15+1 -> 9 | B16: CO1.PCCNTR.5090635 | C16: 87123 | D16: NACION | E16: 2023 | F16: 9 155 | G16: 45226 | H16: =317884530+7072859.5 -> 3.2495739e+08 | I16: Mejoramientos | J16: INTERVENTORÍA INTEGRAL (TÉCNICA, ADMINISTRATIVA, FINANCIERA, CONTABLE, AMBIENTAL, SOCIAL Y JURÍDICA) PARA LA ELABORACIÓN DE DIAGNÓSTICOS, ESTUDIOS TÉCNICOS, DISEÑOS Y EJECUCIÓN DE OBRAS DE MEJORAMIENTO EN LAS INSTITUCIONES EDUCATIVAS OFICIALES DEL MUNICIPIO DE TAME, DEPARTAMENTO DE ARAUCA (GRUPO 2), PRIORIZADAS POR EL MINISTERIO DE EDUCACION NACIONAL Y VIABILIZADOS POR FINDETER. | K16: TAME | L16: ARAUCA | M16: 2 | N16: 20 | O16: PAF-MENPNIE-I-086-2023 | P16: 001-2023 | Q16: 45323 | R16: INTERVENTORIA | S16: CONTRATADO | T16: CONSORCIO INTERVENTORES 086 | U16: 901785680 | V16: 300875759 | W16: =+H16-V16-7072859.5-17008771 -> 0 | X16: =7072859.5+7072859.5 -> 14145719 | Z16: =+V16+X16 -> 315021478 | AA16: =SUMIFS('6.Reportes de Pagos'!I:I,'6.Reportes de Pagos'!H:H,"<="&(EOMONTH(FECHA,-1)),'6.Reportes de Pagos'!D:D,$P16) -> 2.8813065e+08 | AB16: =SUMIFS('6.Reportes de Pagos'!J:J,'6.Reportes de Pagos'!H:H,"<="&(EOMONTH(FECHA,-1)),'6.Reportes de Pagos'!D:D,$P16) -> 28813065 | AC16: 0 | AD16: =SUMIFS('6.Reportes de Pagos'!I:I,'6.Reportes de Pagos'!H:H,">"&(EOMONTH(FECHA,-1)),'6.Reportes de Pagos'!H:H,"<="&(EOMONTH(FECHA,0)),'6.Reportes de Pagos'!D:D,$P16) -> 0 | AE16: =SUMIFS('6.Reportes de Pagos'!J:J,'6.Reportes de Pagos'!H:H,">"&(EOMONTH(FECHA,-1)),'6.Reportes de Pagos'!H:H,"<="&(EOMONTH(FECHA,0)),'6.Reportes de Pagos'!D:D,$P16) -> 0 | AF16: 0 | AG16: =SUMIFS('6.Reportes de Pagos'!I:I,'6.Reportes de Pagos'!H:H,"<="&(EOMONTH(FECHA,0)),'6.Reportes de Pagos'!D:D,$P16) -> 2.8813065e+08 | AH16: =SUMIFS('6.Reportes de Pagos'!J:J,'6.Reportes de Pagos'!H:H,"<="&(EOMONTH(FECHA,0)),'6.Reportes de Pagos'!D:D,$P16) -> 28813065 | AI16: =+AC16+AF16 -> 0 | AK16: =+Z16-(AG16-AH16)-AI16 -> 55703895 | AL16: =IFERROR(((AG16-AH16+AI16)/Z16),0) -> 0.8231743 | AM16: En Liquidación
A17: =+A16+1 -> 10 | B17: CO1.PCCNTR.5090635 | C17: 87123 | D17: NACION | E17: 2023 | F17: 6 | G17: 45226 | H17: 3409435611 | I17: Mejoramientos | J17: ELABORACIÓN DE DIAGNÓSTICOS, ESTUDIOS TÉCNICOS, DISEÑOS Y EJECUCIÓN DE OBRAS DE MEJORAMIENTO EN LAS INSTITUCIONES EDUCATIVAS OFICIALES DE LOS DEPARTAMENTOS DE ARAUCA Y CASANARE (GRUPO 3), PRIORIZADAS POR EL MINISTERIO DE EDUCACION NACIONAL Y VIABILIZADOS POR FINDETER. | K17: SARAVENA FORTUL HATO COROZAL | L17: ARAUCA CASANARE | M17: 3 | N17: 11 | O17: PAF-MENPNIE-O-092-2023 | P17: 008-2023 | Q17: 45308 | R17: OBRA | S17: CONTRATADO | T17: SITTCA CONSTRUCCIONES S.A.S. | U17: 900206662 | V17: 3336735245 | W17: =+H17-V17 -> 72700366 | Z17: =+V17+X17 -> 3336735245 | AA17: =SUMIFS('6.Reportes de Pagos'!I:I,'6.Reportes de Pagos'!H:H,"<="&(EOMONTH(FECHA,-1)),'6.Reportes de Pagos'!D:D,$P17) -> 3.1616978e+09 | AB17: =SUMIFS('6.Reportes de Pagos'!J:J,'6.Reportes de Pagos'!H:H,"<="&(EOMONTH(FECHA,-1)),'6.Reportes de Pagos'!D:D,$P17) -> 3.1616978e+08 | AC17: 0 | AD17: =SUMIFS('6.Reportes de Pagos'!I:I,'6.Reportes de Pagos'!H:H,">"&(EOMONTH(FECHA,-1)),'6.Reportes de Pagos'!H:H,"<="&(EOMONTH(FECHA,0)),'6.Reportes de Pagos'!D:D,$P17) -> 0 | AE17: =SUMIFS('6.Reportes de Pagos'!J:J,'6.Reportes de Pagos'!H:H,">"&(EOMONTH(FECHA,-1)),'6.Reportes de Pagos'!H:H,"<="&(EOMONTH(FECHA,0)),'6.Reportes de Pagos'!D:D,$P17) -> 0 | AF17: 0 | AG17: =SUMIFS('6.Reportes de Pagos'!I:I,'6.Reportes de Pagos'!H:H,"<="&(EOMONTH(FECHA,0)),'6.Reportes de Pagos'!D:D,$P17) -> 3.1616978e+09 | AH17: =SUMIFS('6.Reportes de Pagos'!J:J,'6.Reportes de Pagos'!H:H,"<="&(EOMONTH(FECHA,0)),'6.Reportes de Pagos'!D:D,$P17) -> 3.1616978e+08 | AI17: =+AC17+AF17 -> 0 | AK17: =+Z17-(AG17-AH17)-AI17 -> 4.9120723e+08 | AL17: =IFERROR(((AG17-AH17+AI17)/Z17),0) -> 0.85278807 | AM17: En Liquidación
A18: =+A17+1 -> 11 | B18: CO1.PCCNTR.5090635 | C18: 87123 | D18: NACION | E18: 2023 | F18: 7 | G18: 45226 | H18: 225817580 | I18: Mejoramientos | J18: INTERVENTORÍA INTEGRAL (TÉCNICA, ADMINISTRATIVA, FINANCIERA, CONTABLE, AMBIENTAL, SOCIAL Y JURÍDICA) PARA LA ELABORACIÓN DE DIAGNÓSTICOS, ESTUDIOS TÉCNICOS, DISEÑOS Y EJECUCIÓN DE OBRAS DE MEJORAMIENTO EN LAS INSTITUCIONES EDUCATIVAS OFICIALES DE LOS DEPARTAMENTOS DE ARAUCA Y CASANARE (GRUPO 3), PRIORIZADAS POR EL MINISTERIO DE EDUCACION NACIONAL Y VIABILIZADOS POR FINDETER. | K18: SARAVENA FORTUL HATO COROZAL | L18: ARAUCA CASANARE | M18: 3 | N18: 11 | O18: PAF-MENPNIE-I-087-2023 | P18: 006-2023 | Q18: 45313 | R18: INTERVENTORIA | S18: CONTRATADO | T18: CONSORCIO SAN JOSUE | U18: 901786162 | V18: 213084403 | W18: =+H18-V18 -> 12733177 | Z18: =+V18+X18 -> 213084403 | AA18: =SUMIFS('6.Reportes de Pagos'!I:I,'6.Reportes de Pagos'!H:H,"<="&(EOMONTH(FECHA,-1)),'6.Reportes de Pagos'!D:D,$P18) -> 1.9132508e+08 | AB18: =SUMIFS('6.Reportes de Pagos'!J:J,'6.Reportes de Pagos'!H:H,"<="&(EOMONTH(FECHA,-1)),'6.Reportes de Pagos'!D:D,$P18) -> 19132508 | AC18: 0 | AD18: =SUMIFS('6.Reportes de Pagos'!I:I,'6.Reportes de Pagos'!H:H,">"&(EOMONTH(FECHA,-1)),'6.Reportes de Pagos'!H:H,"<="&(EOMONTH(FECHA,0)),'6.Reportes de Pagos'!D:D,$P18) -> 0 | AE18: =SUMIFS('6.Reportes de Pagos'!J:J,'6.Reportes de Pagos'!H:H,">"&(EOMONTH(FECHA,-1)),'6.Reportes de Pagos'!H:H,"<="&(EOMONTH(FECHA,0)),'6.Reportes de Pagos'!D:D,$P18) -> 0 | AF18: 0 | AG18: =SUMIFS('6.Reportes de Pagos'!I:I,'6.Reportes de Pagos'!H:H,"<="&(EOMONTH(FECHA,0)),'6.Reportes de Pagos'!D:D,$P18) -> 1.9132508e+08 | AH18: =SUMIFS('6.Reportes de Pagos'!J:J,'6.Reportes de Pagos'!H:H,"<="&(EOMONTH(FECHA,0)),'6.Reportes de Pagos'!D:D,$P18) -> 19132508 | AI18: =+AC18+AF18 -> 0 | AK18: =+Z18-(AG18-AH18)-AI18 -> 40891830 | AL18: =IFERROR(((AG18-AH18+AI18)/Z18),0) -> 0.80809562 | AM18: En Liquidación
A19: =+A18+1 -> 12 | B19: CO1.PCCNTR.5090635 | C19: 87123 | D19: NACION | E19: 2023 | F19: 169 | G19: 45604 | H19: 1774087439 | I19: Mejoramientos | J19: ESTUDIO PREVIO PARA CONTRATAR LA “ELABORACIÓN DE DIAGNÓSTICOS, ESTUDIOS TÉCNICOS, DISEÑOS Y EJECUCIÓN DE OBRAS DE MEJORAMIENTO EN LAS INSTITUCIONES EDUCATIVAS OFICIALES DEL DEPARTAMENTO DE CAUCA (GRUPO 4), PRIORIZADAS POR EL MINISTERIO DE EDUCACION NACIONAL Y VIABILIZADOS POR FINDETER”. | K19: TIMBIQUI | L19: CAUCA | M19: 4 | N19: 10 | O19: PAF-MENPNIE-O-154-2024 | P19: 064-2024 | Q19: 45636 | R19: OBRA | S19: CONTRATADO | T19: CONSORCIO I.E. CAUCA-NARIÑO 2024 | U19: 901894201 | V19: 1774087439 | W19: =+H19-V19 -> 0 | Y19: =40160893.5+11800426.75 -> 51961320 | Z19: =+V19+X19 -> 1774087439 | AA19: =SUMIFS('6.Reportes de Pagos'!I:I,'6.Reportes de Pagos'!H:H,"<="&(EOMONTH(FECHA,-1)),'6.Reportes de Pagos'!D:D,$P19) -> 355278000 | AB19: =SUMIFS('6.Reportes de Pagos'!J:J,'6.Reportes de Pagos'!H:H,"<="&(EOMONTH(FECHA,-1)),'6.Reportes de Pagos'!D:D,$P19) -> 35527800 | AC19: 0 | AD19: =SUMIFS('6.Reportes de Pagos'!J:J,'6.Reportes de Pagos'!H:H,">"&(EOMONTH(FECHA,-1)),'6.Reportes de Pagos'!H:H,"<="&(EOMONTH(FECHA,0)),'6.Reportes de Pagos'!D:D,$P19) -> 0 | AE19: =SUMIFS('6.Reportes de Pagos'!J:J,'6.Reportes de Pagos'!H:H,">"&(EOMONTH(FECHA,-1)),'6.Reportes de Pagos'!H:H,"<="&(EOMONTH(FECHA,0)),'6.Reportes de Pagos'!D:D,$P19) -> 0 | AF19: 0 | AG19: =SUMIFS('6.Reportes de Pagos'!I:I,'6.Reportes de Pagos'!H:H,"<="&(EOMONTH(FECHA,0)),'6.Reportes de Pagos'!D:D,$P19) -> 355278000 | AH19: =SUMIFS('6.Reportes de Pagos'!J:J,'6.Reportes de Pagos'!H:H,"<="&(EOMONTH(FECHA,0)),'6.Reportes de Pagos'!D:D,$P19) -> 35527800 | AI19: =+AC19+AF19 -> 0 | AK19: =+Z19-(AG19-AH19)-AI19 -> 1454337239 | AL19: =IFERROR(((AG19-AH19+AI19)/Z19),0) -> 0.18023362 | AM19: Vigente
A20: =+A19+1 -> 13 | B20: CO1.PCCNTR.5090635 | C20: 87123 | D20: NACION | E20: 2023 | F20: 11 | G20: 45229 | H20: 193479780 | I20: Mejoramientos | J20: INTERVENTORÍA INTEGRAL (TÉCNICA, ADMINISTRATIVA, FINANCIERA, CONTABLE, AMBIENTAL, SOCIAL Y JURÍDICA) PARA LA ELABORACIÓN DE DIAGNÓSTICOS, ESTUDIOS TÉCNICOS, DISEÑOS Y EJECUCIÓN DE OBRAS DE MEJORAMIENTO EN LAS INSTITUCIONES EDUCATIVAS OFICIALES DEL DEPARTAMENTO DE CAUCA (GRUPO 4), PRIORIZADAS POR EL MINISTERIO DE EDUCACION NACIONAL Y VIABILIZADOS POR FINDETER. | K20: TIMBIQUI | L20: CAUCA | M20: 4 | N20: 10 | O20: PAF-MENPNIE-I-088-2023 | P20: 065-2024 | Q20: 45637 | R20: INTERVENTORIA | S20: CONTRATADO | T20: CONSORCIO FINDETER G3 | U20: 901785672 | V20: 182836360 | W20: =+H20-V20 -> 10643420 | X20: =40160893.5+11800426.75 -> 51961320 | Z20: =+V20+X20 -> 2.3479768e+08 | AA20: =SUMIFS('6.Reportes de Pagos'!I:I,'6.Reportes de Pagos'!H:H,"<="&(EOMONTH(FECHA,-1)),'6.Reportes de Pagos'!D:D,$P20) -> 82699383 | AB20: =SUMIFS('6.Reportes de Pagos'!J:J,'6.Reportes de Pagos'!H:H,"<="&(EOMONTH(FECHA,-1)),'6.Reportes de Pagos'!D:D,$P20) -> 8269938.3 | AC20: 0 | AD20: =SUMIFS('6.Reportes de Pagos'!I:I,'6.Reportes de Pagos'!H:H,">"&(EOMONTH(FECHA,-1)),'6.Reportes de Pagos'!H:H,"<="&(EOMONTH(FECHA,0)),'6.Reportes de Pagos'!D:D,$P20) -> 32822579 | AE20: =SUMIFS('6.Reportes de Pagos'!J:J,'6.Reportes de Pagos'!H:H,">"&(EOMONTH(FECHA,-1)),'6.Reportes de Pagos'!H:H,"<="&(EOMONTH(FECHA,0)),'6.Reportes de Pagos'!D:D,$P20) -> 3282257.9 | AF20: 0 | AG20: =SUMIFS('6.Reportes de Pagos'!I:I,'6.Reportes de Pagos'!H:H,"<="&(EOMONTH(FECHA,0)),'6.Reportes de Pagos'!D:D,$P20) -> 1.1552196e+08 | AH20: =SUMIFS('6.Reportes de Pagos'!J:J,'6.Reportes de Pagos'!H:H,"<="&(EOMONTH(FECHA,0)),'6.Reportes de Pagos'!D:D,$P20) -> 11552196 | AI20: =+AC20+AF20 -> 0 | AK20: =+Z20-(AG20-AH20)-AI20 -> 1.3082791e+08 | AL20: =IFERROR(((AG20-AH20+AI20)/Z20),0) -> 0.44280576 | AM20: Vigente
A21: =+A20+1 -> 14 | B21: CO1.PCCNTR.5090635 | C21: 87123 | D21: NACION | E21: 2023 | F21: 19 125 | G21: 1/11/2023 18/06/2024 | H21: =2632463934+1138980000 -> 3771443934 | I21: Mejoramientos | J21: ELABORACIÓN DE DIAGNÓSTICOS, ESTUDIOS TÉCNICOS, DISEÑOS Y EJECUCIÓN DE OBRAS DE MEJORAMIENTO EN LAS INSTITUCIONES EDUCATIVAS OFICIALES DEL DEPARTAMENTO DE CAUCA (GRUPO 5), PRIORIZADAS POR EL MINISTERIO DE EDUCACION NACIONAL Y VIABILIZADOS POR FINDETER | K21: MORALES PIENDAMO | L21: CAUCA | M21: 5 | N21: 13 | O21: PAF-MENPNIE-O-094-2023 | P21: 015-2023 | Q21: 45315 | R21: OBRA | S21: CONTRATADO | T21: NATALIA MARCELA ROSERO PALACIOS | U21: 59312287 | V21: 2624910680 | W21: =+H21-V21-1138980000 -> 7553254 | X21: 1138980000 | Z21: =+V21+X21 -> 3763890680 | AA21: =SUMIFS('6.Reportes de Pagos'!I:I,'6.Reportes de Pagos'!H:H,"<="&(EOMONTH(FECHA,-1)),'6.Reportes de Pagos'!D:D,$P21) -> 3763890680 | AB21: =SUMIFS('6.Reportes de Pagos'!J:J,'6.Reportes de Pagos'!H:H,"<="&(EOMONTH(FECHA,-1)),'6.Reportes de Pagos'!D:D,$P21) -> 5.9604645e-08 | AC21: 0 | AD21: =SUMIFS('6.Reportes de Pagos'!I:I,'6.Reportes de Pagos'!H:H,">"&(EOMONTH(FECHA,-1)),'6.Reportes de Pagos'!H:H,"<="&(EOMONTH(FECHA,0)),'6.Reportes de Pagos'!D:D,$P21) -> 0 | AE21: =SUMIFS('6.Reportes de Pagos'!J:J,'6.Reportes de Pagos'!H:H,">"&(EOMONTH(FECHA,-1)),'6.Reportes de Pagos'!H:H,"<="&(EOMONTH(FECHA,0)),'6.Reportes de Pagos'!D:D,$P21) -> 0 | AF21: 0 | AG21: =SUMIFS('6.Reportes de Pagos'!I:I,'6.Reportes de Pagos'!H:H,"<="&(EOMONTH(FECHA,0)),'6.Reportes de Pagos'!D:D,$P21) -> 3763890680 | AH21: =SUMIFS('6.Reportes de Pagos'!J:J,'6.Reportes de Pagos'!H:H,"<="&(EOMONTH(FECHA,0)),'6.Reportes de Pagos'!D:D,$P21) -> 5.9604645e-08 | AI21: =+AC21+AF21 -> 0 | AK21: =+Z21-(AG21-AH21)-AI21 -> 0 | AL21: =IFERROR(((AG21-AH21+AI21)/Z21),0) -> 1 | AM21: LIQUIDADO MAYO 2025
A22: =+A21+1 -> 15 | B22: CO1.PCCNTR.5090635 | C22: 87123 | D22: NACION | E22: 2023 | F22: 20 126 174 | G22: 1/11/2023 18/06/2024 02/12/2024 | H22: =205729040+91020000+12566400 -> 309315440 | I22: Mejoramientos | J22: INTERVENTORÍA INTEGRAL (TÉCNICA, ADMINISTRATIVA, FINANCIERA, CONTABLE, AMBIENTAL, SOCIAL Y JURÍDICA) PARA LA ELABORACIÓN DE DIAGNÓSTICOS, ESTUDIOS TÉCNICOS, DISEÑOS Y EJECUCIÓN DE OBRAS DE MEJORAMIENTO EN LAS INSTITUCIONES EDUCATIVAS OFICIALES DEL DEPARTAMENTO DE CAUCA (GRUPO 5), PRIORIZADAS POR EL MINISTERIO DE EDUCACION NACIONAL Y VIABILIZADOS POR FINDETER. | K22: MORALES PIENDAMO | L22: CAUCA | M22: 5 | N22: 13 | O22: PAF-MENPNIE-I-089-2023 | P22: 016-2023 | Q22: 45322 | R22: INTERVENTORIA | S22: CONTRATADO | T22: CONSORCIO FINDETER G3 | U22: 901785672 | V22: 194206810 | W22: =+H22-V22-12566400-91020000 -> 11522230 | X22: =91020000+12566400 -> 103586400 | Z22: =+V22+X22 -> 297793210 | AA22: =SUMIFS('6.Reportes de Pagos'!I:I,'6.Reportes de Pagos'!H:H,"<="&(EOMONTH(FECHA,-1)),'6.Reportes de Pagos'!D:D,$P22) -> 2.6144483e+08 | AB22: =SUMIFS('6.Reportes de Pagos'!J:J,'6.Reportes de Pagos'!H:H,"<="&(EOMONTH(FECHA,-1)),'6.Reportes de Pagos'!D:D,$P22) -> 26144483 | AC22: 0 | AD22: =SUMIFS('6.Reportes de Pagos'!I:I,'6.Reportes de Pagos'!H:H,">"&(EOMONTH(FECHA,-1)),'6.Reportes de Pagos'!H:H,"<="&(EOMONTH(FECHA,0)),'6.Reportes de Pagos'!D:D,$P22) -> 36348376 | AE22: =SUMIFS('6.Reportes de Pagos'!J:J,'6.Reportes de Pagos'!H:H,">"&(EOMONTH(FECHA,-1)),'6.Reportes de Pagos'!H:H,"<="&(EOMONTH(FECHA,0)),'6.Reportes de Pagos'!D:D,$P22) -> -26144483 | AF22: 0 | AG22: =SUMIFS('6.Reportes de Pagos'!I:I,'6.Reportes de Pagos'!H:H,"<="&(EOMONTH(FECHA,0)),'6.Reportes de Pagos'!D:D,$P22) -> 2.9779321e+08 | AH22: =SUMIFS('6.Reportes de Pagos'!J:J,'6.Reportes de Pagos'!H:H,"<="&(EOMONTH(FECHA,0)),'6.Reportes de Pagos'!D:D,$P22) -> 0 | AI22: =+AC22+AF22 -> 0 | AK22: =+Z22-(AG22-AH22)-AI22 -> 5.9604645e-08 | AL22: =IFERROR(((AG22-AH22+AI22)/Z22),0) -> 1 | AM22: LIQUIDADO JULIO 2025
A23: =+A22+1 -> 16 | B23: CO1.PCCNTR.5090635 | C23: 87123 | D23: NACION | E23: 2023 | F23: 143 | G23: 45520 | H23: 2476533628 | I23: Mejoramientos | J23: ELABORACIÓN DE DIAGNÓSTICOS, ESTUDIOS TÉCNICOS, DISEÑOS Y EJECUCIÓN DE OBRAS DE MEJORAMIENTO EN LAS INSTITUCIONES EDUCATIVAS OFICIALES DE LOS MUNICIPIOS DE SUAREZ Y BUENOS AIRES, DEPARTAMENTO DEL CAUCA (GRUPO 6) PRIORIZADAS POR EL MINISTERIO DE EDUCACION NACIONAL Y VIABILIZADOS POR FINDETER | K23: SUAREZ BUENOS AIRES | L23: CAUCA | M23: 6 | N23: 14 | O23: PAF-MENPNIE-O-103-2024 | P23: 043-2024 | Q23: 45590 | R23: OBRA | S23: CONTRATADO | T23: CONSORCIO EDUCATIVO 2024 | U23: 901867911 | V23: 2452682000 | W23: =+H23-V23 -> 23851628 | Z23: =+V23+X23 -> 2452682000 | AA23: =SUMIFS('6.Reportes de Pagos'!I:I,'6.Reportes de Pagos'!H:H,"<="&(EOMONTH(FECHA,-1)),'6.Reportes de Pagos'!D:D,$P23) -> 2452682000 | AB23: =SUMIFS('6.Reportes de Pagos'!J:J,'6.Reportes de Pagos'!H:H,"<="&(EOMONTH(FECHA,-1)),'6.Reportes de Pagos'!D:D,$P23) -> 245268200 | AC23: 0 | AD23: =SUMIFS('6.Reportes de Pagos'!I:I,'6.Reportes de Pagos'!H:H,">"&(EOMONTH(FECHA,-1)),'6.Reportes de Pagos'!H:H,"<="&(EOMONTH(FECHA,0)),'6.Reportes de Pagos'!D:D,$P23) -> 0 | AE23: =SUMIFS('6.Reportes de Pagos'!J:J,'6.Reportes de Pagos'!H:H,">"&(EOMONTH(FECHA,-1)),'6.Reportes de Pagos'!H:H,"<="&(EOMONTH(FECHA,0)),'6.Reportes de Pagos'!D:D,$P23) -> 0 | AF23: 0 | AG23: =SUMIFS('6.Reportes de Pagos'!I:I,'6.Reportes de Pagos'!H:H,"<="&(EOMONTH(FECHA,0)),'6.Reportes de Pagos'!D:D,$P23) -> 2452682000 | AH23: =SUMIFS('6.Reportes de Pagos'!J:J,'6.Reportes de Pagos'!H:H,"<="&(EOMONTH(FECHA,0)),'6.Reportes de Pagos'!D:D,$P23) -> 245268200 | AI23: =+AC23+AF23 -> 0 | AK23: =+Z23-(AG23-AH23)-AI23 -> 245268200 | AL23: =IFERROR(((AG23-AH23+AI23)/Z23),0) -> 0.9 | AM23: Vigente
A24: =+A23+1 -> 17 | B24: CO1.PCCNTR.5090635 | C24: 87123 | D24: NACION | E24: 2023 | F24: 151 | G24: 45538 | H24: 212281040 | I24: Mejoramientos | J24: INTERVENTORÍA INTEGRAL (TÉCNICA, ADMINISTRATIVA, FINANCIERA, CONTABLE, AMBIENTAL, SOCIAL Y JURÍDICA) PARA LA ELABORACIÓN DE DIAGNÓSTICOS, ESTUDIOS TÉCNICOS, DISEÑOS Y EJECUCIÓN DE OBRAS DE MEJORAMIENTO EN LAS INSTITUCIONES EDUCATIVAS OFICIALES LOS MUNICIPIOS DE SUAREZ Y BUENOS AIRES, DEPARTAMENTO DEL CAUCA (GRUPO 6), PRIORIZADAS POR EL MINISTERIO DE EDUCACION NACIONAL Y VIABILIZADOS POR FINDETER. | K24: SUAREZ BUENOS AIRES | L24: CAUCA | M24: 6 | N24: 14 | O24: PAF-MENPNIE-I-098-2024 | P24: 046-2024 | Q24: 45572 | R24: INTERVENTORIA | S24: CONTRATADO | T24: CONSORCIO INTERVENTORIA EDUCATIVA G6 | U24: 901870297 | V24: 212100000 | W24: =+H24-V24 -> 181040 | Z24: =+V24+X24 -> 212100000 | AA24: =SUMIFS('6.Reportes de Pagos'!I:I,'6.Reportes de Pagos'!H:H,"<="&(EOMONTH(FECHA,-1)),'6.Reportes de Pagos'!D:D,$P24) -> 194700000 | AB24: =SUMIFS('6.Reportes de Pagos'!J:J,'6.Reportes de Pagos'!H:H,"<="&(EOMONTH(FECHA,-1)),'6.Reportes de Pagos'!D:D,$P24) -> 19470000 | AC24: 0 | AD24: =SUMIFS('6.Reportes de Pagos'!I:I,'6.Reportes de Pagos'!H:H,">"&(EOMONTH(FECHA,-1)),'6.Reportes de Pagos'!H:H,"<="&(EOMONTH(FECHA,0)),'6.Reportes de Pagos'!D:D,$P24) -> 0 | AE24: =SUMIFS('6.Reportes de Pagos'!J:J,'6.Reportes de Pagos'!H:H,">"&(EOMONTH(FECHA,-1)),'6.Reportes de Pagos'!H:H,"<="&(EOMONTH(FECHA,0)),'6.Reportes de Pagos'!D:D,$P24) -> 0 | AF24: 0 | AG24: =SUMIFS('6.Reportes de Pagos'!I:I,'6.Reportes de Pagos'!H:H,"<="&(EOMONTH(FECHA,0)),'6.Reportes de Pagos'!D:D,$P24) -> 194700000 | AH24: =SUMIFS('6.Reportes de Pagos'!J:J,'6.Reportes de Pagos'!H:H,"<="&(EOMONTH(FECHA,0)),'6.Reportes de Pagos'!D:D,$P24) -> 19470000 | AI24: =+AC24+AF24 -> 0 | AK24: =+Z24-(AG24-AH24)-AI24 -> 36870000 | AL24: =IFERROR(((AG24-AH24+AI24)/Z24),0) -> 0.8261669 | AM24: Vigente
A25: =+A24+1 -> 18 | B25: CO1.PCCNTR.5090635 | C25: 87123 | D25: NACION | E25: 2023 | F25: 170 | G25: 45604 | H25: 3144064242 | I25: Mejoramientos | J25: ELABORACIÓN DE DIAGNÓSTICOS, ESTUDIOS TÉCNICOS, DISEÑOS Y EJECUCIÓN DE OBRAS DE MEJORAMIENTO EN LAS INSTITUCIONES EDUCATIVAS OFICIALES DEL DEPARTAMENTO DE CAUCA (GRUPO 7), PRIORIZADAS POR EL MINISTERIO DE EDUCACION NACIONAL Y VIABILIZADOS POR FINDETER | K25: LOPEZ | L25: CAUCA | M25: 7 | N25: 16 | O25: PAF-MENPNIE-O-151-2024 | P25: 060-2024 | Q25: 45636 | R25: OBRA | S25: CONTRATADO | T25: CONSORCIO I.E. CAUCA-NARIÑO 2024 | U25: 901894201 | V25: 3144064242 | W25: =+H25-V25 -> 0 | Z25: =+V25+X25 -> 3144064242 | AA25: =SUMIFS('6.Reportes de Pagos'!I:I,'6.Reportes de Pagos'!H:H,"<="&(EOMONTH(FECHA,-1)),'6.Reportes de Pagos'!D:D,$P25) -> 0 | AB25: =SUMIFS('6.Reportes de Pagos'!J:J,'6.Reportes de Pagos'!H:H,"<="&(EOMONTH(FECHA,-1)),'6.Reportes de Pagos'!D:D,$P25) -> 0 | AC25: 0 | AD25: =SUMIFS('6.Reportes de Pagos'!I:I,'6.Reportes de Pagos'!H:H,">"&(EOMONTH(FECHA,-1)),'6.Reportes de Pagos'!H:H,"<="&(EOMONTH(FECHA,0)),'6.Reportes de Pagos'!D:D,$P25) -> 0 | AE25: =SUMIFS('6.Reportes de Pagos'!J:J,'6.Reportes de Pagos'!H:H,">"&(EOMONTH(FECHA,-1)),'6.Reportes de Pagos'!H:H,"<="&(EOMONTH(FECHA,0)),'6.Reportes de Pagos'!D:D,$P25) -> 0 | AF25: 0 | AG25: =SUMIFS('6.Reportes de Pagos'!I:I,'6.Reportes de Pagos'!H:H,"<="&(EOMONTH(FECHA,0)),'6.Reportes de Pagos'!D:D,$P25) -> 0 | AH25: =SUMIFS('6.Reportes de Pagos'!J:J,'6.Reportes de Pagos'!H:H,"<="&(EOMONTH(FECHA,0)),'6.Reportes de Pagos'!D:D,$P25) -> 0 | AI25: =+AC25+AF25 -> 0 | AK25: =+Z25-(AG25-AH25)-AI25 -> 3144064242 | AL25: =IFERROR(((AG25-AH25+AI25)/Z25),0) -> 0 | AM25: Vigente
A26: =+A25+1 -> 19 | B26: CO1.PCCNTR.5090635 | C26: 87123 | D26: NACION | E26: 2023 | F26: 5 | G26: 45226 | H26: 232542620 | I26: Mejoramientos | J26: INTERVENTORÍA INTEGRAL (TÉCNICA, ADMINISTRATIVA, FINANCIERA, CONTABLE, AMBIENTAL, SOCIAL Y JURÍDICA) PARA LA ELABORACIÓN DE DIAGNÓSTICOS, ESTUDIOS TÉCNICOS, DISEÑOS Y EJECUCIÓN DE OBRAS DE MEJORAMIENTO EN LAS INSTITUCIONES EDUCATIVAS OFICIALES DEL DEPARTAMENTO DE CAUCA (GRUPO 7), PRIORIZADAS POR EL MINISTERIO DE EDUCACION NACIONAL Y VIABILIZADOS POR FINDETER. | K26: LOPEZ | L26: CAUCA | M26: 7 | N26: 16 | O26: PAF-MENPNIE-I-090-2023 | P26: 061-2024 | Q26: 45705 | R26: INTERVENTORIA | S26: CONTRATADO | T26: CONSORCIO FINDETER G3 | U26: 901785672 | V26: 219751350 | W26: =+H26-V26 -> 12791270 | Z26: =+V26+X26 -> 219751350 | AA26: =SUMIFS('6.Reportes de Pagos'!I:I,'6.Reportes de Pagos'!H:H,"<="&(EOMONTH(FECHA,-1)),'6.Reportes de Pagos'!D:D,$P26) -> 0 | AB26: =SUMIFS('6.Reportes de Pagos'!J:J,'6.Reportes de Pagos'!H:H,"<="&(EOMONTH(FECHA,-1)),'6.Reportes de Pagos'!D:D,$P26) -> 0 | AC26: 0 | AD26: =SUMIFS('6.Reportes de Pagos'!I:I,'6.Reportes de Pagos'!H:H,">"&(EOMONTH(FECHA,-1)),'6.Reportes de Pagos'!H:H,"<="&(EOMONTH(FECHA,0)),'6.Reportes de Pagos'!D:D,$P26) -> 0 | AE26: =SUMIFS('6.Reportes de Pagos'!J:J,'6.Reportes de Pagos'!H:H,">"&(EOMONTH(FECHA,-1)),'6.Reportes de Pagos'!H:H,"<="&(EOMONTH(FECHA,0)),'6.Reportes de Pagos'!D:D,$P26) -> 0 | AF26: 0 | AG26: =SUMIFS('6.Reportes de Pagos'!I:I,'6.Reportes de Pagos'!H:H,"<="&(EOMONTH(FECHA,0)),'6.Reportes de Pagos'!D:D,$P26) -> 0 | AH26: =SUMIFS('6.Reportes de Pagos'!J:J,'6.Reportes de Pagos'!H:H,"<="&(EOMONTH(FECHA,0)),'6.Reportes de Pagos'!D:D,$P26) -> 0 | AI26: =+AC26+AF26 -> 0 | AK26: =+Z26-(AG26-AH26)-AI26 -> 219751350 | AL26: =IFERROR(((AG26-AH26+AI26)/Z26),0) -> 0 | AM26: Vigente
A27: =+A26+1 -> 20 | B27: CO1.PCCNTR.5090635 | C27: 87123 | D27: NACION | E27: 2023 | F27: 159 | G27: 45561 | H27: 3471176447 | I27: Mejoramientos | J27: ELABORACIÓN DE DIAGNÓSTICOS, ESTUDIOS TÉCNICOS, DISEÑOS Y EJECUCIÓN DE OBRAS DE MEJORAMIENTO EN LAS INSTITUCIONES EDUCATIVAS OFICIALES DEL DEPARTAMENTO DE CHOCÓ (GRUPO 8), PRIORIZADAS POR EL MINISTERIO DE EDUCACION NACIONAL Y VIABILIZADOS POR FINDETER | K27: RIOSUCIO, QUIBDÓ, Y BAJO BAUDÓ | L27: CHOCÓ | M27: 8 | N27: 17 | O27: PAF-MENPNIE-O-125-2024 | P27: 049-2024 | Q27: 45622 | R27: OBRA | S27: CONTRATADO | T27: CONSORCIO PRO-INSTITUCIONES CHOCO | U27: 901888797 | V27: 3316617339 | W27: =+H27-V27 -> 154559108 | Y27: 46292943 | Z27: =+V27+X27 -> 3316617339 | AA27: =SUMIFS('6.Reportes de Pagos'!I:I,'6.Reportes de Pagos'!H:H,"<="&(EOMONTH(FECHA,-1)),'6.Reportes de Pagos'!D:D,$P27) -> 0 | AB27: =SUMIFS('6.Reportes de Pagos'!J:J,'6.Reportes de Pagos'!H:H,"<="&(EOMONTH(FECHA,-1)),'6.Reportes de Pagos'!D:D,$P27) -> 0 | AC27: 0 | AD27: =SUMIFS('6.Reportes de Pagos'!I:I,'6.Reportes de Pagos'!H:H,">"&(EOMONTH(FECHA,-1)),'6.Reportes de Pagos'!H:H,"<="&(EOMONTH(FECHA,0)),'6.Reportes de Pagos'!D:D,$P27) -> 39219600 | AE27: =SUMIFS('6.Reportes de Pagos'!J:J,'6.Reportes de Pagos'!H:H,">"&(EOMONTH(FECHA,-1)),'6.Reportes de Pagos'!H:H,"<="&(EOMONTH(FECHA,0)),'6.Reportes de Pagos'!D:D,$P27) -> 3921960 | AF27: 0 | AG27: =SUMIFS('6.Reportes de Pagos'!I:I,'6.Reportes de Pagos'!H:H,"<="&(EOMONTH(FECHA,0)),'6.Reportes de Pagos'!D:D,$P27) -> 39219600 | AH27: =SUMIFS('6.Reportes de Pagos'!J:J,'6.Reportes de Pagos'!H:H,"<="&(EOMONTH(FECHA,0)),'6.Reportes de Pagos'!D:D,$P27) -> 3921960 | AI27: =+AC27+AF27 -> 0 | AK27: =+Z27-(AG27-AH27)-AI27 -> 3281319699 | AL27: =IFERROR(((AG27-AH27+AI27)/Z27),0) -> 0.010642663 | AM27: Vigente
A28: =+A27+1 -> 21 | B28: CO1.PCCNTR.5090635 | C28: 87123 | D28: NACION | E28: 2023 | F28: 25 202 | G28: 7/11/2023 28/07/2025 | H28: =264844630+32405059.93 -> 2.9724969e+08 | I28: Mejoramientos | J28: INTERVENTORÍA INTEGRAL (TÉCNICA, ADMINISTRATIVA, FINANCIERA, CONTABLE, AMBIENTAL, SOCIAL Y JURÍDICA) PARA LA ELABORACIÓN DE DIAGNÓSTICOS, ESTUDIOS TÉCNICOS, DISEÑOS Y EJECUCIÓN DE OBRAS DE MEJORAMIENTO EN LAS INSTITUCIONES EDUCATIVAS OFICIALES DEL DEPARTAMENTO DE CHOCÓ (GRUPO 8), PRIORIZADAS POR EL MINISTERIO DE EDUCACION NACIONAL Y VIABILIZADOS POR FINDETER. | K28: BAJO BAUDO RIOSUCIO QUIBDO | L28: CHOCO | M28: 8 | N28: 17 | O28: PAF-MENPNIE-I-091-2023 | P28: 052-2024 | Q28: 45646 | R28: INTERVENTORIA | S28: CONTRATADO | T28: CONSORCIO INTERVENTORES GC91 | U28: 901882234 | V28: 250437083 | W28: =+H28-V28-32405059.93 -> 14407547 | X28: =32405059.93+46292942.75 -> 78698003 | Z28: =+V28+X28 -> 3.2913509e+08 | AA28: =SUMIFS('6.Reportes de Pagos'!I:I,'6.Reportes de Pagos'!H:H,"<="&(EOMONTH(FECHA,-1)),'6.Reportes de Pagos'!D:D,$P28) -> 0 | AB28: =SUMIFS('6.Reportes de Pagos'!J:J,'6.Reportes de Pagos'!H:H,"<="&(EOMONTH(FECHA,-1)),'6.Reportes de Pagos'!D:D,$P28) -> 0 | AC28: 0 | AD28: =SUMIFS('6.Reportes de Pagos'!I:I,'6.Reportes de Pagos'!H:H,">"&(EOMONTH(FECHA,-1)),'6.Reportes de Pagos'!H:H,"<="&(EOMONTH(FECHA,0)),'6.Reportes de Pagos'!D:D,$P28) -> 32449326 | AE28: =SUMIFS('6.Reportes de Pagos'!J:J,'6.Reportes de Pagos'!H:H,">"&(EOMONTH(FECHA,-1)),'6.Reportes de Pagos'!H:H,"<="&(EOMONTH(FECHA,0)),'6.Reportes de Pagos'!D:D,$P28) -> 3244932.6 | AF28: 0 | AG28: =SUMIFS('6.Reportes de Pagos'!I:I,'6.Reportes de Pagos'!H:H,"<="&(EOMONTH(FECHA,0)),'6.Reportes de Pagos'!D:D,$P28) -> 32449326 | AH28: =SUMIFS('6.Reportes de Pagos'!J:J,'6.Reportes de Pagos'!H:H,"<="&(EOMONTH(FECHA,0)),'6.Reportes de Pagos'!D:D,$P28) -> 3244932.6 | AI28: =+AC28+AF28 -> 0 | AK28: =+Z28-(AG28-AH28)-AI28 -> 2.9993069e+08 | AL28: =IFERROR(((AG28-AH28+AI28)/Z28),0) -> 0.088730722 | AM28: Vigente
A29: =+A28+1 -> 22 | B29: CO1.PCCNTR.5090635 | C29: 87123 | D29: NACION | E29: 2023 | F29: 12 | G29: 45229 | H29: 6164756229 | I29: Mejoramientos | J29: ELABORACIÓN DE DIAGNÓSTICOS, ESTUDIOS TÉCNICOS, DISEÑOS Y EJECUCIÓN DE OBRAS DE MEJORAMIENTO EN LAS INSTITUCIONES EDUCATIVAS OFICIALES DEL DEPARTAMENTO DE CESAR (GRUPO 9), PRIORIZADAS POR EL MINISTERIO DE EDUCACION NACIONAL Y VIABILIZADOS POR FINDETER | K29: LA JAGUA DE IBIRICO CURUMANI CHIRIGUANA BERRECIL | L29: CESAR | M29: 9 | N29: 25 | O29: PAF-MENPNIE-O-097-2023 | P29: 012-2023 | Q29: 45338 | R29: OBRA | S29: CONTRATADO | T29: CONSORCIO EDUCATIVO CESAR | U29: 901792652 | V29: 5949362000 | W29: =+H29-V29 -> 215394229 | Y29: 35607160 | Z29: =+V29+X29 -> 5949362000 | AA29: =SUMIFS('6.Reportes de Pagos'!I:I,'6.Reportes de Pagos'!H:H,"<="&(EOMONTH(FECHA,-1)),'6.Reportes de Pagos'!D:D,$P29) -> 5.9488417e+09 | AB29: =SUMIFS('6.Reportes de Pagos'!J:J,'6.Reportes de Pagos'!H:H,"<="&(EOMONTH(FECHA,-1)),'6.Reportes de Pagos'!D:D,$P29) -> 0 | AC29: 0 | AD29: =SUMIFS('6.Reportes de Pagos'!I:I,'6.Reportes de Pagos'!H:H,">"&(EOMONTH(FECHA,-1)),'6.Reportes de Pagos'!H:H,"<="&(EOMONTH(FECHA,0)),'6.Reportes de Pagos'!D:D,$P29) -> 0 | AE29: =SUMIFS('6.Reportes de Pagos'!J:J,'6.Reportes de Pagos'!H:H,">"&(EOMONTH(FECHA,-1)),'6.Reportes de Pagos'!H:H,"<="&(EOMONTH(FECHA,0)),'6.Reportes de Pagos'!D:D,$P29) -> 0 | AF29: 520324.57 | AG29: =SUMIFS('6.Reportes de Pagos'!I:I,'6.Reportes de Pagos'!H:H,"<="&(EOMONTH(FECHA,0)),'6.Reportes de Pagos'!D:D,$P29) -> 5.9488417e+09 | AH29: =SUMIFS('6.Reportes de Pagos'!J:J,'6.Reportes de Pagos'!H:H,"<="&(EOMONTH(FECHA,0)),'6.Reportes de Pagos'!D:D,$P29) -> 0 | AI29: =+AC29+AF29 -> 520324.57 | AK29: =+Z29-(AG29-AH29)-AI29 -> -3.0518277e-07 | AL29: =IFERROR(((AG29-AH29+AI29)/Z29),0) -> 1 | AM29: LIQUIDADO JUNIO 2025
A30: =+A29+1 -> 23 | B30: CO1.PCCNTR.5090635 | C30: 87123 | D30: NACION | E30: 2023 | F30: 13 127 146 173 | G30: 30/10/2023 24/06/2024 23/08/2024 02/12/2024 | H30: =308296030+47697954.8+81786051.93+53410740.25 -> 4.9119078e+08 | I30: Mejoramientos | J30: INTERVENTORÍA INTEGRAL (TÉCNICA, ADMINISTRATIVA, FINANCIERA, CONTABLE, AMBIENTAL, SOCIAL Y JURÍDICA) PARA LA ELABORACIÓN DE DIAGNÓSTICOS, ESTUDIOS TÉCNICOS, DISEÑOS Y EJECUCIÓN DE OBRAS DE MEJORAMIENTO EN LAS INSTITUCIONES EDUCATIVAS OFICIALES DEL DEPARTAMENTO DE CESAR (GRUPO 9), PRIORIZADAS POR EL MINISTERIO DE EDUCACION NACIONAL Y VIABILIZADOS POR FINDETER. | K30: LA JAGUA DE IBIRICO CURUMANI CHIRIGUANA BERRECIL | L30: CESAR | M30: 9 | N30: 25 | O30: PAF-MENPNIE-I-092-2023 | P30: 009-2023 | Q30: 45309 | R30: INTERVENTORIA | S30: CONTRATADO | T30: INTERVENTORIAS & CONSULTORIAS S.A.S | U30: 900503646 | V30: 293299774 | W30: =+H30-V30-47697954.8-81786051.93-53410740.25 -> 14996256 | X30: =83305114.97+81786051.93+53410740.25 -> 2.1850191e+08 | Z30: =+V30+X30 -> 5.1180168e+08 | AA30: =SUMIFS('6.Reportes de Pagos'!I:I,'6.Reportes de Pagos'!H:H,"<="&(EOMONTH(FECHA,-1)),'6.Reportes de Pagos'!D:D,$P30) -> 4.8794316e+08 | AB30: =SUMIFS('6.Reportes de Pagos'!J:J,'6.Reportes de Pagos'!H:H,"<="&(EOMONTH(FECHA,-1)),'6.Reportes de Pagos'!D:D,$P30) -> 48794316 | AC30: 0 | AD30: =SUMIFS('6.Reportes de Pagos'!I:I,'6.Reportes de Pagos'!H:H,">"&(EOMONTH(FECHA,-1)),'6.Reportes de Pagos'!H:H,"<="&(EOMONTH(FECHA,0)),'6.Reportes de Pagos'!D:D,$P30) -> 0 | AE30: =SUMIFS('6.Reportes de Pagos'!J:J,'6.Reportes de Pagos'!H:H,">"&(EOMONTH(FECHA,-1)),'6.Reportes de Pagos'!H:H,"<="&(EOMONTH(FECHA,0)),'6.Reportes de Pagos'!D:D,$P30) -> 0 | AF30: 0 | AG30: =SUMIFS('6.Reportes de Pagos'!I:I,'6.Reportes de Pagos'!H:H,"<="&(EOMONTH(FECHA,0)),'6.Reportes de Pagos'!D:D,$P30) -> 4.8794316e+08 | AH30: =SUMIFS('6.Reportes de Pagos'!J:J,'6.Reportes de Pagos'!H:H,"<="&(EOMONTH(FECHA,0)),'6.Reportes de Pagos'!D:D,$P30) -> 48794316 | AI30: 9539.61 | AK30: =+Z30-(AG30-AH30)-AI30 -> 72643294 | AL30: =IFERROR(((AG30-AH30+AI30)/Z30),0) -> 0.85806359 | AM30: LIQUIDADO JULIO 2025
A31: =+A30+1 -> 24 | B31: CO1.PCCNTR.5090635 | C31: 87123 | D31: NACION | E31: 2023 | F31: 14 | G31: 45229 | H31: 6074469090 | I31: Mejoramientos | J31: ELABORACIÓN DE DIAGNÓSTICOS, ESTUDIOS TÉCNICOS, DISEÑOS Y EJECUCIÓN DE OBRAS DE MEJORAMIENTO EN LAS INSTITUCIONES EDUCATIVAS OFICIALES DE LOS DEPARTAMENTOS DE CORDOBA Y ANTIOQUIA (GRUPO 10), PRIORIZADAS POR EL MINISTERIO DE EDUCACION NACIONAL Y VIABILIZADOS POR FINDETER | K31: VALENCIA SAN PEDRO DE URABA | L31: CORDOBA ANTIOQUIA | M31: 10 | N31: 18 | O31: PAF-MENPNIE-O-098-2023 | P31: 005-2023 | Q31: 45313 | R31: OBRA | S31: CONTRATADO | T31: AZUL CONSTRUCCIÓN Y MINERÍA S.A | U31: 900278442 | V31: 5875833952 | W31: =+H31-V31 -> 198635138 | X31: -164743008 | Z31: =+V31+X31 -> 5711090944 | AA31: =SUMIFS('6.Reportes de Pagos'!I:I,'6.Reportes de Pagos'!H:H,"<="&(EOMONTH(FECHA,-1)),'6.Reportes de Pagos'!D:D,$P31) -> 5711090944 | AB31: =SUMIFS('6.Reportes de Pagos'!J:J,'6.Reportes de Pagos'!H:H,"<="&(EOMONTH(FECHA,-1)),'6.Reportes de Pagos'!D:D,$P31) -> 1.1920929e-07 | AC31: 0 | AD31: =SUMIFS('6.Reportes de Pagos'!I:I,'6.Reportes de Pagos'!H:H,">"&(EOMONTH(FECHA,-1)),'6.Reportes de Pagos'!H:H,"<="&(EOMONTH(FECHA,0)),'6.Reportes de Pagos'!D:D,$P31) -> 0 | AE31: =SUMIFS('6.Reportes de Pagos'!J:J,'6.Reportes de Pagos'!H:H,">"&(EOMONTH(FECHA,-1)),'6.Reportes de Pagos'!H:H,"<="&(EOMONTH(FECHA,0)),'6.Reportes de Pagos'!D:D,$P31) -> 0 | AF31: 0 | AG31: =SUMIFS('6.Reportes de Pagos'!I:I,'6.Reportes de Pagos'!H:H,"<="&(EOMONTH(FECHA,0)),'6.Reportes de Pagos'!D:D,$P31) -> 5711090944 | AH31: =SUMIFS('6.Reportes de Pagos'!J:J,'6.Reportes de Pagos'!H:H,"<="&(EOMONTH(FECHA,0)),'6.Reportes de Pagos'!D:D,$P31) -> 1.1920929e-07 | AI31: =+AC31+AF31 -> 0 | AK31: =+Z31-(AG31-AH31)-AI31 -> 0 | AL31: =IFERROR(((AG31-AH31+AI31)/Z31),0) -> 1 | AM31: LIQUIDADO ABRIL 2025
A32: =+A31+1 -> 25 | B32: CO1.PCCNTR.5090635 | C32: 87123 | D32: NACION | E32: 2023 | F32: 15 | G32: 45229 | H32: 319129160 | I32: Mejoramientos | J32: INTERVENTORÍA INTEGRAL (TÉCNICA, ADMINISTRATIVA, FINANCIERA, CONTABLE, AMBIENTAL, SOCIAL Y JURÍDICA) PARA LA ELABORACIÓN DE DIAGNÓSTICOS, ESTUDIOS TÉCNICOS, DISEÑOS Y EJECUCIÓN DE OBRAS DE MEJORAMIENTO EN LAS INSTITUCIONES EDUCATIVAS OFICIALES DE LOS DEPARTAMENTOS DE CÓRDOBA Y ANTIOQUIA (GRUPO 10), PRIORIZADAS POR EL MINISTERIO DE EDUCACION NACIONAL Y VIABILIZADOS POR FINDETER. | K32: VALENCIA SAN PEDRO DE URABA | L32: CORDOBA ANTIOQUIA | M32: 10 | N32: 18 | O32: PAF-MENPNIE-I-093-2023 | P32: 010-2023 | Q32: 45308 | R32: INTERVENTORIA | S32: CONTRATADO | T32: CONSTRUOBRAS C&M S.A.S | U32: 900506471 | V32: 299975200 | W32: =+H32-V32 -> 19153960 | X32: -8410519.6 | Z32: =+V32+X32 -> 2.9156468e+08 | AA32: =SUMIFS('6.Reportes de Pagos'!I:I,'6.Reportes de Pagos'!H:H,"<="&(EOMONTH(FECHA,-1)),'6.Reportes de Pagos'!D:D,$P32) -> 2.6778425e+08 | AB32: =SUMIFS('6.Reportes de Pagos'!J:J,'6.Reportes de Pagos'!H:H,"<="&(EOMONTH(FECHA,-1)),'6.Reportes de Pagos'!D:D,$P32) -> 26778425 | AD32: =SUMIFS('6.Reportes de Pagos'!I:I,'6.Reportes de Pagos'!H:H,">"&(EOMONTH(FECHA,-1)),'6.Reportes de Pagos'!H:H,"<="&(EOMONTH(FECHA,0)),'6.Reportes de Pagos'!D:D,$P32) -> 23780426 | AE32: =SUMIFS('6.Reportes de Pagos'!J:J,'6.Reportes de Pagos'!H:H,">"&(EOMONTH(FECHA,-1)),'6.Reportes de Pagos'!H:H,"<="&(EOMONTH(FECHA,0)),'6.Reportes de Pagos'!D:D,$P32) -> -26778425 | AF32: 8410519.6 | AG32: =SUMIFS('6.Reportes de Pagos'!I:I,'6.Reportes de Pagos'!H:H,"<="&(EOMONTH(FECHA,0)),'6.Reportes de Pagos'!D:D,$P32) -> 2.9156468e+08 | AH32: =SUMIFS('6.Reportes de Pagos'!J:J,'6.Reportes de Pagos'!H:H,"<="&(EOMONTH(FECHA,0)),'6.Reportes de Pagos'!D:D,$P32) -> 0 | AK32: =+Z32-(AG32-AH32)-AI32 -> 0 | AL32: =IFERROR(((AG32-AH32+AI32)/Z32),0) -> 1 | AM32: LIQUIDADO JUNIO 2025
A33: =+A32+1 -> 26 | B33: CO1.PCCNTR.5090635 | C33: 87123 | D33: NACION | E33: 2023 | F33: 28 | G33: 45237 | H33: 9359559040 | I33: Mejoramientos | J33: ELABORACIÓN DE DIAGNÓSTICOS, ESTUDIOS TÉCNICOS, DISEÑOS Y EJECUCIÓN DE OBRAS DE MEJORAMIENTO EN LAS INSTITUCIONES EDUCATIVAS OFICIALES DEL MUNICIPIO DE TIERRALTA, DEPARTAMENTO DEL CÓRDOBA (GRUPO 11) PRIORIZADAS POR EL MINISTERIO DE EDUCACION NACIONAL Y VIABILIZADOS POR FINDETER | K33: TIERRALTA | L33: CORDOBA | M33: 11 | N33: 23 | O33: PAF-MENPNIE-O-099-2023 | P33: 013-2023 | Q33: 45299 | R33: OBRA | S33: CONTRATADO | T33: CONSORCIO NUEVO HORIZONTE | U33: 901786317 | V33: 9037000000 | W33: =+H33-V33 -> 322559040 | Y33: 50000000 | Z33: =+V33+X33 -> 9037000000 | AA33: =SUMIFS('6.Reportes de Pagos'!I:I,'6.Reportes de Pagos'!H:H,"<="&(EOMONTH(FECHA,-1)),'6.Reportes de Pagos'!D:D,$P33) -> 7.8465645e+09 | AB33: =SUMIFS('6.Reportes de Pagos'!J:J,'6.Reportes de Pagos'!H:H,"<="&(EOMONTH(FECHA,-1)),'6.Reportes de Pagos'!D:D,$P33) -> 7.8465645e+08 | AC33: 0 | AD33: =SUMIFS('6.Reportes de Pagos'!I:I,'6.Reportes de Pagos'!H:H,">"&(EOMONTH(FECHA,-1)),'6.Reportes de Pagos'!H:H,"<="&(EOMONTH(FECHA,0)),'6.Reportes de Pagos'!D:D,$P33) -> 0 | AE33: =SUMIFS('6.Reportes de Pagos'!J:J,'6.Reportes de Pagos'!H:H,">"&(EOMONTH(FECHA,-1)),'6.Reportes de Pagos'!H:H,"<="&(EOMONTH(FECHA,0)),'6.Reportes de Pagos'!D:D,$P33) -> -7.8465645e+08 | AF33: 0 | AG33: =SUMIFS('6.Reportes de Pagos'!I:I,'6.Reportes de Pagos'!H:H,"<="&(EOMONTH(FECHA,0)),'6.Reportes de Pagos'!D:D,$P33) -> 7.8465645e+09 | AH33: =SUMIFS('6.Reportes de Pagos'!J:J,'6.Reportes de Pagos'!H:H,"<="&(EOMONTH(FECHA,0)),'6.Reportes de Pagos'!D:D,$P33) -> 1.1920929e-07 | AI33: 1.1904355e+09 | AK33: =+Z33-(AG33-AH33)-AI33 -> -0.059999704 | AL33: =IFERROR(((AG33-AH33+AI33)/Z33),0) -> 1 | AM33: LIQUIDADO JULIO 2025
A34: =+A33+1 -> 27 | B34: CO1.PCCNTR.5090635 | C34: 87123 | D34: NACION | E34: 2023 | F34: 29 150 | G34: 7/11/2023 02/09/2024 | H34: =420616710+59387389 -> 480004099 | I34: Mejoramientos | J34: INTERVENTORÍA INTEGRAL (TÉCNICA, ADMINISTRATIVA, FINANCIERA, CONTABLE, AMBIENTAL, SOCIAL Y JURÍDICA) PARA LA ELABORACIÓN DE DIAGNÓSTICOS, ESTUDIOS TÉCNICOS, DISEÑOS Y EJECUCIÓN DE OBRAS DE MEJORAMIENTO EN LAS INSTITUCIONES EDUCATIVAS OFICIALES DEL MUNICIPIO DE TIERRALTA, DEPARTAMENTO DEL CÓRDOBA (GRUPO 11) PRIORIZADAS POR EL MINISTERIO DE EDUCACION NACIONAL Y VIABILIZADOS POR FINDETER | K34: TIERRALTA | L34: CORDOBA | M34: 11 | N34: 23 | O34: PAF-MENPNIE-I-094-2023 | P34: 011-2023 | Q34: 45330 | R34: INTERVENTORIA | S34: CONTRATADO | T34: CONSORCIO INTER- EDUCATIVO | U34: 901786131 | V34: 396473310 | W34: =+H34-V34-59387389 -> 24143400 | X34: =50000000+59387389 -> 109387389 | Z34: =+V34+X34 -> 505860699 | AA34: =SUMIFS('6.Reportes de Pagos'!I:I,'6.Reportes de Pagos'!H:H,"<="&(EOMONTH(FECHA,-1)),'6.Reportes de Pagos'!D:D,$P34) -> 4.4994142e+08 | AB34: =SUMIFS('6.Reportes de Pagos'!J:J,'6.Reportes de Pagos'!H:H,"<="&(EOMONTH(FECHA,-1)),'6.Reportes de Pagos'!D:D,$P34) -> 44994143 | AC34: 0 | AD34: =SUMIFS('6.Reportes de Pagos'!I:I,'6.Reportes de Pagos'!H:H,">"&(EOMONTH(FECHA,-1)),'6.Reportes de Pagos'!H:H,"<="&(EOMONTH(FECHA,0)),'6.Reportes de Pagos'!D:D,$P34) -> 0 | AE34: =SUMIFS('6.Reportes de Pagos'!J:J,'6.Reportes de Pagos'!H:H,">"&(EOMONTH(FECHA,-1)),'6.Reportes de Pagos'!H:H,"<="&(EOMONTH(FECHA,0)),'6.Reportes de Pagos'!D:D,$P34) -> 0 | AF34: 0 | AG34: =SUMIFS('6.Reportes de Pagos'!I:I,'6.Reportes de Pagos'!H:H,"<="&(EOMONTH(FECHA,0)),'6.Reportes de Pagos'!D:D,$P34) -> 4.4994142e+08 | AH34: =SUMIFS('6.Reportes de Pagos'!J:J,'6.Reportes de Pagos'!H:H,"<="&(EOMONTH(FECHA,0)),'6.Reportes de Pagos'!D:D,$P34) -> 44994143 | AI34: =+AC34+AF34 -> 0 | AK34: =+Z34-(AG34-AH34)-AI34 -> 1.0091342e+08 | AL34: =IFERROR(((AG34-AH34+AI34)/Z34),0) -> 0.80051145 | AM34: LIQUIDADO JULIO 2025
A35: =+A34+1 -> 28 | B35: CO1.PCCNTR.5090635 | C35: 87123 | D35: NACION | E35: 2023 | F35: 135 | G35: 45477 | H35: 2628232452 | I35: Mejoramientos | J35: ELABORACIÓN DE DIAGNÓSTICOS, ESTUDIOS TÉCNICOS, DISEÑOS Y EJECUCIÓN DE OBRAS DE MEJORAMIENTO EN LAS INSTITUCIONES EDUCATIVAS OFICIALES DEL DEPARTAMENTO DE NARIÑO (GRUPO 12), PRIORIZADAS POR EL MINISTERIO DE EDUCACIÓN NACIONAL Y VIABILIZADOS POR FINDETER | K35: LA TOLA, MOSQUERA Y SANTA BARBARA | L35: NARIÑO | M35: 12 | N35: 13 | O35: PAF-MENPNIE-0-088-2024 | P35: 040-2024 | Q35: 45530 | R35: OBRA | S35: CONTRATADO | T35: CONSORCIO GRUPO 12 LA TOLA NARIÑO | U35: 901855879 | V35: 2628232452 | W35: =+H35-V35 -> 0 | Y35: 1.1602081e+08 | Z35: =+V35+X35 -> 2628232452 | AA35: =SUMIFS('6.Reportes de Pagos'!I:I,'6.Reportes de Pagos'!H:H,"<="&(EOMONTH(FECHA,-1)),'6.Reportes de Pagos'!D:D,$P35) -> 0 | AB35: =SUMIFS('6.Reportes de Pagos'!J:J,'6.Reportes de Pagos'!H:H,"<="&(EOMONTH(FECHA,-1)),'6.Reportes de Pagos'!D:D,$P35) -> 0 | AC35: 0 | AD35: =SUMIFS('6.Reportes de Pagos'!I:I,'6.Reportes de Pagos'!H:H,">"&(EOMONTH(FECHA,-1)),'6.Reportes de Pagos'!H:H,"<="&(EOMONTH(FECHA,0)),'6.Reportes de Pagos'!D:D,$P35) -> 0 | AE35: =SUMIFS('6.Reportes de Pagos'!J:J,'6.Reportes de Pagos'!H:H,">"&(EOMONTH(FECHA,-1)),'6.Reportes de Pagos'!H:H,"<="&(EOMONTH(FECHA,0)),'6.Reportes de Pagos'!D:D,$P35) -> 0 | AF35: 0 | AG35: =SUMIFS('6.Reportes de Pagos'!I:I,'6.Reportes de Pagos'!H:H,"<="&(EOMONTH(FECHA,0)),'6.Reportes de Pagos'!D:D,$P35) -> 0 | AH35: =SUMIFS('6.Reportes de Pagos'!J:J,'6.Reportes de Pagos'!H:H,"<="&(EOMONTH(FECHA,0)),'6.Reportes de Pagos'!D:D,$P35) -> 0 | AI35: =+AC35+AF35 -> 0 | AK35: =+Z35-(AG35-AH35)-AI35 -> 2628232452 | AL35: =IFERROR(((AG35-AH35+AI35)/Z35),0) -> 0 | AM35: Vigente
A36: =+A35+1 -> 29 | B36: CO1.PCCNTR.5090635 | C36: 87123 | D36: NACION | E36: 2023 | F36: 160 | G36: 45562 | H36: 209551040 | I36: Mejoramientos | J36: INTERVENTORÍA INTEGRAL (TÉCNICA, ADMINISTRATIVA, FINANCIERA, CONTABLE, AMBIENTAL, SOCIAL Y JURÍDICA) PARA LA ELABORACIÓN DE DIAGNÓSTICOS, ESTUDIOS TÉCNICOS, DISEÑOS Y EJECUCIÓN DE OBRAS DE MEJORAMIENTO EN LAS INSTITUCIONES EDUCATIVAS OFICIALES DEL DEPARTAMENTO DE NARIÑO (GRUPO 12), PRIORIZADAS POR EL MINISTERIO DE EDUCACION NACIONAL Y VIABILIZADOS POR FINDETER. | K36: LA TOLA SANTA BARBARA MOSQUERA | L36: NARIÑO | M36: 12 | N36: 13 | O36: PAF-MENPNIE-I-115-2024 | P36: 047-2024 | Q36: 45590 | R36: INTERVENTORIA | S36: CONTRATADO | T36: ESPACIOS URBANOS GRUPO CONSTRUCTOR S.A.S. | U36: 900727376 | V36: 209551039 | W36: =+H36-V36 -> 1 | X36: 1.1602081e+08 | Z36: =+V36+X36 -> 3.2557185e+08 | AA36: =SUMIFS('6.Reportes de Pagos'!I:I,'6.Reportes de Pagos'!H:H,"<="&(EOMONTH(FECHA,-1)),'6.Reportes de Pagos'!D:D,$P36) -> 0 | AB36: =SUMIFS('6.Reportes de Pagos'!J:J,'6.Reportes de Pagos'!H:H,"<="&(EOMONTH(FECHA,-1)),'6.Reportes de Pagos'!D:D,$P36) -> 0 | AC36: 0 | AD36: =SUMIFS('6.Reportes de Pagos'!I:I,'6.Reportes de Pagos'!H:H,">"&(EOMONTH(FECHA,-1)),'6.Reportes de Pagos'!H:H,"<="&(EOMONTH(FECHA,0)),'6.Reportes de Pagos'!D:D,$P36) -> 30030000 | AE36: =SUMIFS('6.Reportes de Pagos'!J:J,'6.Reportes de Pagos'!H:H,">"&(EOMONTH(FECHA,-1)),'6.Reportes de Pagos'!H:H,"<="&(EOMONTH(FECHA,0)),'6.Reportes de Pagos'!D:D,$P36) -> 3003000 | AF36: 0 | AG36: =SUMIFS('6.Reportes de Pagos'!I:I,'6.Reportes de Pagos'!H:H,"<="&(EOMONTH(FECHA,0)),'6.Reportes de Pagos'!D:D,$P36) -> 30030000 | AH36: =SUMIFS('6.Reportes de Pagos'!J:J,'6.Reportes de Pagos'!H:H,"<="&(EOMONTH(FECHA,0)),'6.Reportes de Pagos'!D:D,$P36) -> 3003000 | AI36: =+AC36+AF36 -> 0 | AK36: =+Z36-(AG36-AH36)-AI36 -> 2.9854485e+08 | AL36: =IFERROR(((AG36-AH36+AI36)/Z36),0) -> 0.083013933 | AM36: Vigente
A37: =+A36+1 -> 30 | B37: CO1.PCCNTR.5090635 | C37: 87123 | D37: NACION | E37: 2023 | F37: 43 | G37: 45254 | H37: 4381049279 | I37: Mejoramientos | J37: ELABORACIÓN DE DIAGNÓSTICOS, ESTUDIOS TÉCNICOS, DISEÑOS Y EJECUCIÓN DE OBRAS DE MEJORAMIENTO EN LAS INSTITUCIONES EDUCATIVAS OFICIALES DEL DEPARTAMENTO DE NARIÑO (GRUPO 13), PRIORIZADAS POR EL MINISTERIO DE EDUCACION NACIONAL Y VIABILIZADOS POR FINDETER | K37: BARBACOAS | L37: NARIÑO | M37: 13 | N37: 15 | O37: PAF-MENPNIE-O-115-2023 | P37: 005-2024 | Q37: 45344 | R37: OBRA | S37: CONTRATADO | T37: CONSTRUCCIONES B&M S.A.S | U37: 900084333 | V37: 4374302638 | W37: =+H37-V37 -> 6746641 | X37: 0 | Y37: 159807583 | Z37: =+V37+X37 -> 4374302638 | AA37: =SUMIFS('6.Reportes de Pagos'!I:I,'6.Reportes de Pagos'!H:H,"<="&(EOMONTH(FECHA,-1)),'6.Reportes de Pagos'!D:D,$P37) -> 6.5427019e+08 | AB37: =SUMIFS('6.Reportes de Pagos'!J:J,'6.Reportes de Pagos'!H:H,"<="&(EOMONTH(FECHA,-1)),'6.Reportes de Pagos'!D:D,$P37) -> 1.3961774e+08 | AC37: 0 | AD37: =SUMIFS('6.Reportes de Pagos'!I:I,'6.Reportes de Pagos'!H:H,">"&(EOMONTH(FECHA,-1)),'6.Reportes de Pagos'!H:H,"<="&(EOMONTH(FECHA,0)),'6.Reportes de Pagos'!D:D,$P37) -> 4.8078153e+08 | AE37: =SUMIFS('6.Reportes de Pagos'!J:J,'6.Reportes de Pagos'!H:H,">"&(EOMONTH(FECHA,-1)),'6.Reportes de Pagos'!H:H,"<="&(EOMONTH(FECHA,0)),'6.Reportes de Pagos'!D:D,$P37) -> 48078153 | AF37: 0 | AG37: =SUMIFS('6.Reportes de Pagos'!I:I,'6.Reportes de Pagos'!H:H,"<="&(EOMONTH(FECHA,0)),'6.Reportes de Pagos'!D:D,$P37) -> 1.1350517e+09 | AH37: =SUMIFS('6.Reportes de Pagos'!J:J,'6.Reportes de Pagos'!H:H,"<="&(EOMONTH(FECHA,0)),'6.Reportes de Pagos'!D:D,$P37) -> 1.8769589e+08 | AI37: =+AC37+AF37 -> 0 | AJ37: 65614539 | AK37: =+Z37-(AG37-AH37)-AI37 -> 3.4269468e+09 | AL37: =IFERROR(((AG37-AH37+AI37)/Z37),0) -> 0.216573 | AM37: Vigente
A38: =+A37+1 -> 31 | B38: CO1.PCCNTR.5090635 | C38: 87123 | D38: NACION | E38: 2023 | F38: 44 | G38: 45254 | H38: 299527080 | I38: Mejoramientos | J38: INTERVENTORÍA INTEGRAL (TÉCNICA, ADMINISTRATIVA, FINANCIERA, CONTABLE, AMBIENTAL, SOCIAL Y JURÍDICA) PARA LA ELABORACIÓN DE DIAGNÓSTICOS, ESTUDIOS TÉCNICOS, DISEÑOS Y EJECUCIÓN DE OBRAS DE MEJORAMIENTO EN LAS INSTITUCIONES EDUCATIVAS OFICIALES DEL DEPARTAMENTO DE NARIÑO (GRUPO 13), PRIORIZADAS POR EL MINISTERIO DE EDUCACION NACIONAL Y VIABILIZADOS POR FINDETER. | K38: BARBACOAS | L38: NARIÑO | M38: 13 | N38: 15 | O38: PAF-MENPNIE-I-113-2023 | P38: 006-2024 | Q38: 45355 | R38: INTERVENTORIA | S38: CONTRATADO | T38: UNION TEMPORAL INTERVENTORÍA SUR DE COLOMBIA | U38: 901919715 | V38: 288742298 | W38: =+H38-V38 -> 10784782 | X38: 159807583 | Z38: =+V38+X38 -> 448549881 | AA38: =SUMIFS('6.Reportes de Pagos'!I:I,'6.Reportes de Pagos'!H:H,"<="&(EOMONTH(FECHA,-1)),'6.Reportes de Pagos'!D:D,$P38) -> 48720000 | AB38: =SUMIFS('6.Reportes de Pagos'!J:J,'6.Reportes de Pagos'!H:H,"<="&(EOMONTH(FECHA,-1)),'6.Reportes de Pagos'!D:D,$P38) -> 4872000 | AC38: 0 | AD38: =SUMIFS('6.Reportes de Pagos'!I:I,'6.Reportes de Pagos'!H:H,">"&(EOMONTH(FECHA,-1)),'6.Reportes de Pagos'!H:H,"<="&(EOMONTH(FECHA,0)),'6.Reportes de Pagos'!D:D,$P38) -> 0 | AE38: =SUMIFS('6.Reportes de Pagos'!J:J,'6.Reportes de Pagos'!H:H,">"&(EOMONTH(FECHA,-1)),'6.Reportes de Pagos'!H:H,"<="&(EOMONTH(FECHA,0)),'6.Reportes de Pagos'!D:D,$P38) -> 0 | AF38: 0 | AG38: =SUMIFS('6.Reportes de Pagos'!I:I,'6.Reportes de Pagos'!H:H,"<="&(EOMONTH(FECHA,0)),'6.Reportes de Pagos'!D:D,$P38) -> 48720000 | AH38: =SUMIFS('6.Reportes de Pagos'!J:J,'6.Reportes de Pagos'!H:H,"<="&(EOMONTH(FECHA,0)),'6.Reportes de Pagos'!D:D,$P38) -> 4872000 | AI38: =+AC38+AF38 -> 0 | AK38: =+Z38-(AG38-AH38)-AI38 -> 404701881 | AL38: =IFERROR(((AG38-AH38+AI38)/Z38),0) -> 0.097755014 | AM38: Vigente
A39: =+A38+1 -> 32 | B39: CO1.PCCNTR.5090635 | C39: 87123 | D39: NACION | E39: 2023 | F39: 91 | G39: 45335 | H39: 4302188080 | I39: Mejoramientos | J39: ELABORACIÓN DE DIAGNÓSTICOS, ESTUDIOS TÉCNICOS ,DISEÑOS Y EJECUCIÓN DE OBRAS DE MEJORAMIENTO EN LAS INSTITUCIONES EDUCATIVAS OFICIALES DE LOS MUNICIPIOS DE PUERTO ASÍS, VALLE GUAMEZ, SAN MIGUEL Y PUERTO CAICEDO DEL DEPARTAMENTO DE PUTUMAYO (GRUPO 14), PRIORIZADAS POR EL MINISTERIO DE EDUCACION NACIONAL Y VIABILIZADOS POR FINDETER | K39: PUERTO ASIS VALLE GUAMEZ SAN MIGUEL PUERTO CAICEDO | L39: PUTUMAYO | M39: 14 | N39: 21 | O39: PAF-MENPNIE-O-026-2024 | P39: 020-2024 | Q39: 45436 | R39: OBRA | S39: CONTRATADO | T39: CONSORCIO PUTUMAYO 2024 | U39: 901829190 | V39: 4242685000 | W39: =+H39-V39 -> 59503080 | Z39: =+V39+X39 -> 4242685000 | AA39: =SUMIFS('6.Reportes de Pagos'!I:I,'6.Reportes de Pagos'!H:H,"<="&(EOMONTH(FECHA,-1)),'6.Reportes de Pagos'!D:D,$P39) -> 0 | AB39: =SUMIFS('6.Reportes de Pagos'!J:J,'6.Reportes de Pagos'!H:H,"<="&(EOMONTH(FECHA,-1)),'6.Reportes de Pagos'!D:D,$P39) -> 0 | AC39: 0 | AD39: =SUMIFS('6.Reportes de Pagos'!I:I,'6.Reportes de Pagos'!H:H,">"&(EOMONTH(FECHA,-1)),'6.Reportes de Pagos'!H:H,"<="&(EOMONTH(FECHA,0)),'6.Reportes de Pagos'!D:D,$P39) -> 0 | AE39: =SUMIFS('6.Reportes de Pagos'!J:J,'6.Reportes de Pagos'!H:H,">"&(EOMONTH(FECHA,-1)),'6.Reportes de Pagos'!H:H,"<="&(EOMONTH(FECHA,0)),'6.Reportes de Pagos'!D:D,$P39) -> 0 | AF39: 0 | AG39: =SUMIFS('6.Reportes de Pagos'!I:I,'6.Reportes de Pagos'!H:H,"<="&(EOMONTH(FECHA,0)),'6.Reportes de Pagos'!D:D,$P39) -> 0 | AH39: =SUMIFS('6.Reportes de Pagos'!J:J,'6.Reportes de Pagos'!H:H,"<="&(EOMONTH(FECHA,0)),'6.Reportes de Pagos'!D:D,$P39) -> 0 | AI39: =+AC39+AF39 -> 0 | AK39: =+Z39-(AG39-AH39)-AI39 -> 4242685000 | AL39: =IFERROR(((AG39-AH39+AI39)/Z39),0) -> 0 | AM39: Vigente
A40: =+A39+1 -> 33 | B40: CO1.PCCNTR.5090635 | C40: 87123 | D40: NACION | E40: 2023 | F40: 31 | G40: 45237 | H40: 307297940 | I40: Mejoramientos | J40: INTERVENTORÍA INTEGRAL (TÉCNICA, ADMINISTRATIVA, FINANCIERA, CONTABLE, AMBIENTAL, SOCIAL Y JURÍDICA) PARA LA ELABORACIÓN DE DIAGNÓSTICOS, ESTUDIOS TÉCNICOS ,DISEÑOS Y EJECUCIÓN DE OBRAS DE MEJORAMIENTO EN LAS INSTITUCIONES EDUCATIVAS OFICIALES DE LOS MUNICIPIOS DE PUERTO ASÍS, VALLE GUAMEZ, SAN MIGUEL Y PUERTO CAICEDO DEL DEPARTAMENTO DE PUTUMAYO (GRUPO 14), PRIORIZADAS POR EL MINISTERIO DE EDUCACION NACIONAL Y VIABILIZADOS POR FINDETER. | K40: PUERTO ASIS VALLE GUAMEZ SAN MIGUEL PUERTO CAICEDO | L40: PUTUMAYO | M40: 14 | N40: 21 | O40: PAF-MENPNIE-I-104-2023 | P40: 019-2024 | Q40: 45411 | R40: INTERVENTORIA | S40: CONTRATADO | T40: UT INTERVENTORIA SUR DE COLOMBIA | U40: 901919723 | V40: 303456716 | W40: =+H40-V40 -> 3841224 | Z40: =+V40+X40 -> 303456716 | AA40: =SUMIFS('6.Reportes de Pagos'!I:I,'6.Reportes de Pagos'!H:H,"<="&(EOMONTH(FECHA,-1)),'6.Reportes de Pagos'!D:D,$P40) -> 54201464 | AB40: =SUMIFS('6.Reportes de Pagos'!J:J,'6.Reportes de Pagos'!H:H,"<="&(EOMONTH(FECHA,-1)),'6.Reportes de Pagos'!D:D,$P40) -> 5420146.4 | AC40: 0 | AD40: =SUMIFS('6.Reportes de Pagos'!I:I,'6.Reportes de Pagos'!H:H,">"&(EOMONTH(FECHA,-1)),'6.Reportes de Pagos'!H:H,"<="&(EOMONTH(FECHA,0)),'6.Reportes de Pagos'!D:D,$P40) -> 0 | AE40: =SUMIFS('6.Reportes de Pagos'!J:J,'6.Reportes de Pagos'!H:H,">"&(EOMONTH(FECHA,-1)),'6.Reportes de Pagos'!H:H,"<="&(EOMONTH(FECHA,0)),'6.Reportes de Pagos'!D:D,$P40) -> 0 | AF40: 0 | AG40: =SUMIFS('6.Reportes de Pagos'!I:I,'6.Reportes de Pagos'!H:H,"<="&(EOMONTH(FECHA,0)),'6.Reportes de Pagos'!D:D,$P40) -> 54201464 | AH40: =SUMIFS('6.Reportes de Pagos'!J:J,'6.Reportes de Pagos'!H:H,"<="&(EOMONTH(FECHA,0)),'6.Reportes de Pagos'!D:D,$P40) -> 5420146.4 | AI40: =+AC40+AF40 -> 0 | AK40: =+Z40-(AG40-AH40)-AI40 -> 2.546754e+08 | AL40: =IFERROR(((AG40-AH40+AI40)/Z40),0) -> 0.16075214 | AM40: Vigente
A41: =+A40+1 -> 34 | B41: CO1.PCCNTR.5090635 | C41: 87123 | D41: NACION | E41: 2023 | F41: 96 | G41: 45349 | H41: 4100585646 | I41: Mejoramientos | J41: ELABORACIÓN DE DIAGNÓSTICOS, ESTUDIOS TÉCNICOS ,DISEÑOS Y EJECUCIÓN DE OBRAS DE MEJORAMIENTO EN LAS INSTITUCIONES EDUCATIVAS OFICIALES DEL DEPARTAMENTO DE NORTE DE SANTANDER (GRUPO 15), PRIORIZADAS POR EL MINISTERIO DE EDUCACION NACIONAL Y VIABILIZADOS POR FINDETER | K41: TIBU EL TARRA | L41: NORTE DE SANTANDER | M41: 15 | N41: 16 | O41: PAF-MENPNIE-O-034-2024 | P41: 026-2024 | Q41: 45432 | R41: OBRA | S41: CONTRATADO | T41: UNIÓN TEMPORAL MEJORAMIENTO DE ESCUELAS FINDETER | U41: 901801498 | V41: 4099776236 | W41: =+H41-V41 -> 809410 | Y41: 35543422 | Z41: =+V41+X41 -> 4099776236 | AA41: =SUMIFS('6.Reportes de Pagos'!I:I,'6.Reportes de Pagos'!H:H,"<="&(EOMONTH(FECHA,-1)),'6.Reportes de Pagos'!D:D,$P41) -> 3.9974488e+09 | AB41: =SUMIFS('6.Reportes de Pagos'!J:J,'6.Reportes de Pagos'!H:H,"<="&(EOMONTH(FECHA,-1)),'6.Reportes de Pagos'!D:D,$P41) -> 3.9974488e+08 | AC41: 0 | AD41: =SUMIFS('6.Reportes de Pagos'!I:I,'6.Reportes de Pagos'!H:H,">"&(EOMONTH(FECHA,-1)),'6.Reportes de Pagos'!H:H,"<="&(EOMONTH(FECHA,0)),'6.Reportes de Pagos'!D:D,$P41) -> 0 | AE41: =SUMIFS('6.Reportes de Pagos'!J:J,'6.Reportes de Pagos'!H:H,">"&(EOMONTH(FECHA,-1)),'6.Reportes de Pagos'!H:H,"<="&(EOMONTH(FECHA,0)),'6.Reportes de Pagos'!D:D,$P41) -> 0 | AF41: 0 | AG41: =SUMIFS('6.Reportes de Pagos'!I:I,'6.Reportes de Pagos'!H:H,"<="&(EOMONTH(FECHA,0)),'6.Reportes de Pagos'!D:D,$P41) -> 3.9974488e+09 | AH41: =SUMIFS('6.Reportes de Pagos'!J:J,'6.Reportes de Pagos'!H:H,"<="&(EOMONTH(FECHA,0)),'6.Reportes de Pagos'!D:D,$P41) -> 3.9974488e+08 | AI41: =+AC41+AF41 -> 0 | AK41: =+Z41-(AG41-AH41)-AI41 -> 5.0207234e+08 | AL41: =IFERROR(((AG41-AH41+AI41)/Z41),0) -> 0.87753665 | AM41: Vigente
A42: =+A41+1 -> 35 | B42: CO1.PCCNTR.5090635 | C42: 87123 | D42: NACION | E42: 2023 | F42: 34 172 | G42: 7/11/2023 14/11/2024 | H42: =270660690+11847807.5 -> 2.825085e+08 | I42: Mejoramientos | J42: INTERVENTORÍA INTEGRAL (TÉCNICA, ADMINISTRATIVA, FINANCIERA, CONTABLE, AMBIENTAL, SOCIAL Y JURÍDICA) PARA LA ELABORACIÓN DE DIAGNÓSTICOS, ESTUDIOS TÉCNICOS, DISEÑOS Y EJECUCIÓN DE OBRAS DE MEJORAMIENTO EN LAS INSTITUCIONES EDUCATIVAS OFICIALES DEL DEPARTAMENTO DE NORTE DE SANTANDER (GRUPO 15), PRIORIZADAS POR EL MINISTERIO DE EDUCACION NACIONAL Y VIABILIZADOS POR FINDETER | K42: TIBU EL TARRA | L42: NORTE DE SANTANDER | M42: 15 | N42: 16 | O42: PAF-MENPNIE-I-109-2023 | P42: 025-2024 | Q42: 45432 | R42: INTERVENTORIA | S42: CONTRATADO | T42: CONSORCIO SAN MARTÍN 109 | U42: 901830037 | V42: 254748548 | W42: =+H42-V42-11847807.5-15912142 -> 0 | X42: =11847807.5+35543422.5 -> 47391230 | Z42: =+V42+X42 -> 302139778 | AA42: =SUMIFS('6.Reportes de Pagos'!I:I,'6.Reportes de Pagos'!H:H,"<="&(EOMONTH(FECHA,-1)),'6.Reportes de Pagos'!D:D,$P42) -> 2.7945395e+08 | AB42: =SUMIFS('6.Reportes de Pagos'!J:J,'6.Reportes de Pagos'!H:H,"<="&(EOMONTH(FECHA,-1)),'6.Reportes de Pagos'!D:D,$P42) -> 27945395 | AC42: 0 | AD42: =SUMIFS('6.Reportes de Pagos'!I:I,'6.Reportes de Pagos'!H:H,">"&(EOMONTH(FECHA,-1)),'6.Reportes de Pagos'!H:H,"<="&(EOMONTH(FECHA,0)),'6.Reportes de Pagos'!D:D,$P42) -> 0 | AE42: =SUMIFS('6.Reportes de Pagos'!J:J,'6.Reportes de Pagos'!H:H,">"&(EOMONTH(FECHA,-1)),'6.Reportes de Pagos'!H:H,"<="&(EOMONTH(FECHA,0)),'6.Reportes de Pagos'!D:D,$P42) -> 0 | AF42: 0 | AG42: =SUMIFS('6.Reportes de Pagos'!I:I,'6.Reportes de Pagos'!H:H,"<="&(EOMONTH(FECHA,0)),'6.Reportes de Pagos'!D:D,$P42) -> 2.7945395e+08 | AH42: =SUMIFS('6.Reportes de Pagos'!J:J,'6.Reportes de Pagos'!H:H,"<="&(EOMONTH(FECHA,0)),'6.Reportes de Pagos'!D:D,$P42) -> 27945395 | AI42: =+AC42+AF42 -> 0 | AK42: =+Z42-(AG42-AH42)-AI42 -> 50631220 | AL42: =IFERROR(((AG42-AH42+AI42)/Z42),0) -> 0.83242452 | AM42: Vigente
A43: =+A42+1 -> 36 | B43: CO1.PCCNTR.5090635 | C43: 87123 | D43: NACION | E43: 2023 | F43: 175 | G43: 45638 | H43: 4576706533 | I43: Mejoramientos | J43: ELABORACIÓN DE DIAGNÓSTICOS, ESTUDIOS TÉCNICOS, DISEÑOS Y EJECUCIÓN DE OBRAS DE MEJORAMIENTO EN LAS INSTITUCIONES EDUCATIVAS OFICIALES DEL DEPARTAMENTO DE NORTE DE SANTANDER (GRUPO 16) PRIORIZADAS POR EL MINISTERIO DE EDUCACION NACIONAL Y VIABILIZADOS POR FINDETER | K43: EL CARMEN Y COMVENCIÓN | L43: NORTE DE SANTANDER | M43: 16 | N43: 14 | O43: PAF-MENPNIE-O-160-2024 | P43: 066-2024 | Q43: 45723 | R43: OBRA | S43: CONTRATADO | T43: CONSORCIO GRUPO SANTANDER | U43: 901903913 | V43: 4519310507 | W43: =+H43-V43 -> 57396026 | Z43: =+V43+X43 -> 4519310507 | AA43: =SUMIFS('6.Reportes de Pagos'!I:I,'6.Reportes de Pagos'!H:H,"<="&(EOMONTH(FECHA,-1)),'6.Reportes de Pagos'!D:D,$P43) -> 0 | AB43: =SUMIFS('6.Reportes de Pagos'!J:J,'6.Reportes de Pagos'!H:H,"<="&(EOMONTH(FECHA,-1)),'6.Reportes de Pagos'!D:D,$P43) -> 0 | AC43: 0 | AD43: =SUMIFS('6.Reportes de Pagos'!I:I,'6.Reportes de Pagos'!H:H,">"&(EOMONTH(FECHA,-1)),'6.Reportes de Pagos'!H:H,"<="&(EOMONTH(FECHA,0)),'6.Reportes de Pagos'!D:D,$P43) -> 0 | AE43: =SUMIFS('6.Reportes de Pagos'!J:J,'6.Reportes de Pagos'!H:H,">"&(EOMONTH(FECHA,-1)),'6.Reportes de Pagos'!H:H,"<="&(EOMONTH(FECHA,0)),'6.Reportes de Pagos'!D:D,$P43) -> 0 | AF43: 0 | AG43: =SUMIFS('6.Reportes de Pagos'!I:I,'6.Reportes de Pagos'!H:H,"<="&(EOMONTH(FECHA,0)),'6.Reportes de Pagos'!D:D,$P43) -> 0 | AH43: =SUMIFS('6.Reportes de Pagos'!J:J,'6.Reportes de Pagos'!H:H,"<="&(EOMONTH(FECHA,0)),'6.Reportes de Pagos'!D:D,$P43) -> 0 | AI43: =+AC43+AF43 -> 0 | AK43: =+Z43-(AG43-AH43)-AI43 -> 4519310507 | AL43: =IFERROR(((AG43-AH43+AI43)/Z43),0) -> 0 | AM43: Vigente
A44: =+A43+1 -> 37 | B44: CO1.PCCNTR.5090635 | C44: 87123 | D44: NACION | E44: 2023 | F44: 42 | G44: 45254 | H44: 270974730 | I44: Mejoramientos | J44: INTERVENTORÍA INTEGRAL (TÉCNICA, ADMINISTRATIVA, FINANCIERA, CONTABLE, AMBIENTAL, SOCIAL Y JURÍDICA) PARA LA ELABORACIÓN DE DIAGNÓSTICOS, ESTUDIOS TÉCNICOS, DISEÑOS Y EJECUCIÓN DE OBRAS DE MEJORAMIENTO EN LAS INSTITUCIONES EDUCATIVAS OFICIALES DEL DEPARTAMENTO DE NORTE DE SANTANDER (GRUPO 16) PRIORIZADAS POR EL MINISTERIO DE EDUCACION NACIONAL Y VIABILIZADOS POR FINDETER | K44: EL CARMEN CONVENCION | L44: NORTE DE SANTANDER | M44: 16 | N44: 14 | O44: PAF-MENPNIE-I-116-2023 | P44: 067-2024 | Q44: 45709 | R44: INTERVENTORIA | S44: CONTRATADO | T44: CONSORCIO SANTA MARIA 116 | U44: 901901934 | V44: 255044125 | W44: =+H44-V44 -> 15930605 | Z44: =+V44+X44 -> 255044125 | AA44: =SUMIFS('6.Reportes de Pagos'!I:I,'6.Reportes de Pagos'!H:H,"<="&(EOMONTH(FECHA,-1)),'6.Reportes de Pagos'!D:D,$P44) -> 0 | AB44: =SUMIFS('6.Reportes de Pagos'!J:J,'6.Reportes de Pagos'!H:H,"<="&(EOMONTH(FECHA,-1)),'6.Reportes de Pagos'!D:D,$P44) -> 0 | AC44: 0 | AD44: =SUMIFS('6.Reportes de Pagos'!I:I,'6.Reportes de Pagos'!H:H,">"&(EOMONTH(FECHA,-1)),'6.Reportes de Pagos'!H:H,"<="&(EOMONTH(FECHA,0)),'6.Reportes de Pagos'!D:D,$P44) -> 0 | AE44: =SUMIFS('6.Reportes de Pagos'!J:J,'6.Reportes de Pagos'!H:H,">"&(EOMONTH(FECHA,-1)),'6.Reportes de Pagos'!H:H,"<="&(EOMONTH(FECHA,0)),'6.Reportes de Pagos'!D:D,$P44) -> 0 | AF44: 0 | AG44: =SUMIFS('6.Reportes de Pagos'!I:I,'6.Reportes de Pagos'!H:H,"<="&(EOMONTH(FECHA,0)),'6.Reportes de Pagos'!D:D,$P44) -> 0 | AH44: =SUMIFS('6.Reportes de Pagos'!J:J,'6.Reportes de Pagos'!H:H,"<="&(EOMONTH(FECHA,0)),'6.Reportes de Pagos'!D:D,$P44) -> 0 | AI44: =+AC44+AF44 -> 0 | AK44: =+Z44-(AG44-AH44)-AI44 -> 255044125 | AL44: =IFERROR(((AG44-AH44+AI44)/Z44),0) -> 0 | AM44: Vigente
A45: =+A44+1 -> 38 | B45: CO1.PCCNTR.5090635 | C45: 87123 | D45: NACION | E45: 2023 | F45: 32 | G45: 45237 | H45: 257098070 | I45: Mejoramientos | J45: INTERVENTORÍA INTEGRAL (TÉCNICA, ADMINISTRATIVA, FINANCIERA, CONTABLE, AMBIENTAL, SOCIAL Y JURÍDICA) PARA LA ELABORACIÓN DE DIAGNÓSTICOS, ESTUDIOS TÉCNICOS, DISEÑOS Y EJECUCIÓN DE OBRAS DE MEJORAMIENTO EN LAS INSTITUCIONES EDUCATIVAS OFICIALES DEL DEPARTAMENTO DE NORTE DE SANTANDER (GRUPO 17), PRIORIZADAS POR EL MINISTERIO DE EDUCACION NACIONAL Y VIABILIZADOS POR FINDETER | K45: TEORAMA SAN CALIXTO HACARI | L45: NORTE DE SANTANDER | M45: 17 | N45: 14 | O45: PAF-MENPNIE-I-100-2023 | P45: 059-2024 | Q45: 45629 | R45: INTERVENTORIA | S45: CONTRATADO | T45: SOLIUN S.A.S | U45: 900768458 | V45: 241983275 | W45: =+H45-V45 -> 15114795 | Z45: =+V45+X45 -> 241983275 | AA45: =SUMIFS('6.Reportes de Pagos'!I:I,'6.Reportes de Pagos'!H:H,"<="&(EOMONTH(FECHA,-1)),'6.Reportes de Pagos'!D:D,$P45) -> 0 | AB45: =SUMIFS('6.Reportes de Pagos'!J:J,'6.Reportes de Pagos'!H:H,"<="&(EOMONTH(FECHA,-1)),'6.Reportes de Pagos'!D:D,$P45) -> 0 | AC45: 0 | AD45: =SUMIFS('6.Reportes de Pagos'!I:I,'6.Reportes de Pagos'!H:H,">"&(EOMONTH(FECHA,-1)),'6.Reportes de Pagos'!H:H,"<="&(EOMONTH(FECHA,0)),'6.Reportes de Pagos'!D:D,$P45) -> 0 | AE45: =SUMIFS('6.Reportes de Pagos'!J:J,'6.Reportes de Pagos'!H:H,">"&(EOMONTH(FECHA,-1)),'6.Reportes de Pagos'!H:H,"<="&(EOMONTH(FECHA,0)),'6.Reportes de Pagos'!D:D,$P45) -> 0 | AF45: 0 | AG45: =SUMIFS('6.Reportes de Pagos'!I:I,'6.Reportes de Pagos'!H:H,"<="&(EOMONTH(FECHA,0)),'6.Reportes de Pagos'!D:D,$P45) -> 0 | AH45: =SUMIFS('6.Reportes de Pagos'!J:J,'6.Reportes de Pagos'!H:H,"<="&(EOMONTH(FECHA,0)),'6.Reportes de Pagos'!D:D,$P45) -> 0 | AI45: =+AC45+AF45 -> 0 | AK45: =+Z45-(AG45-AH45)-AI45 -> 241983275 | AL45: =IFERROR(((AG45-AH45+AI45)/Z45),0) -> 0 | AM45: Vigente
A46: =+A45+1 -> 39 | B46: CO1.PCCNTR.5090635 | C46: 87123 | D46: NACION | E46: 2023 | F46: 156 | G46: 45553 | H46: 5417938774 | I46: Mejoramientos | J46: ELABORACIÓN DE DIAGNÓSTICOS, ESTUDIOS TÉCNICOS, DISEÑOS Y EJECUCIÓN DE OBRAS DE MEJORAMIENTO EN LAS INSTITUCIONES EDUCATIVAS OFICIALES DEL DEPARTAMENTO DE NORTE DE SANTANDER (GRUPO 17), PRIORIZADAS POR EL MINISTERIO DE EDUCACION NACIONAL Y VIABILIZADOS POR FINDETER | K46: TEORAMA, SAN CALIXTO, HACARÍ | L46: NORTE DE SANTANDER | M46: 17 | N46: 14 | O46: PAF-MENPNIE-O-123-2024 | P46: 058-2024 | Q46: 45656 | R46: OBRA | S46: CONTRATADO | T46: CONSORCIO TRIPTICO 2024 | U46: 901894318 | V46: 5401660624 | W46: =+H46-V46 -> 16278150 | Z46: =+V46+X46 -> 5401660624 | AA46: =SUMIFS('6.Reportes de Pagos'!I:I,'6.Reportes de Pagos'!H:H,"<="&(EOMONTH(FECHA,-1)),'6.Reportes de Pagos'!D:D,$P46) -> 0 | AB46: =SUMIFS('6.Reportes de Pagos'!J:J,'6.Reportes de Pagos'!H:H,"<="&(EOMONTH(FECHA,-1)),'6.Reportes de Pagos'!D:D,$P46) -> 0 | AC46: 0 | AD46: =SUMIFS('6.Reportes de Pagos'!I:I,'6.Reportes de Pagos'!H:H,">"&(EOMONTH(FECHA,-1)),'6.Reportes de Pagos'!H:H,"<="&(EOMONTH(FECHA,0)),'6.Reportes de Pagos'!D:D,$P46) -> 0 | AE46: =SUMIFS('6.Reportes de Pagos'!J:J,'6.Reportes de Pagos'!H:H,">"&(EOMONTH(FECHA,-1)),'6.Reportes de Pagos'!H:H,"<="&(EOMONTH(FECHA,0)),'6.Reportes de Pagos'!D:D,$P46) -> 0 | AF46: 0 | AG46: =SUMIFS('6.Reportes de Pagos'!I:I,'6.Reportes de Pagos'!H:H,"<="&(EOMONTH(FECHA,0)),'6.Reportes de Pagos'!D:D,$P46) -> 0 | AH46: =SUMIFS('6.Reportes de Pagos'!J:J,'6.Reportes de Pagos'!H:H,"<="&(EOMONTH(FECHA,0)),'6.Reportes de Pagos'!D:D,$P46) -> 0 | AI46: =+AC46+AF46 -> 0 | AK46: =+Z46-(AG46-AH46)-AI46 -> 5401660624 | AL46: =IFERROR(((AG46-AH46+AI46)/Z46),0) -> 0 | AM46: Vigente
A47: =+A46+1 -> 40 | B47: CO1.PCCNTR.5090635 | C47: 87123 | D47: NACION | E47: 2023 | F47: 37 | G47: 45244 | H47: 4898926260 | I47: Mejoramientos | J47: ELABORACIÓN DE DIAGNÓSTICOS, ESTUDIOS TÉCNICOS, DISEÑOS Y EJECUCIÓN DE OBRAS DE MEJORAMIENTO EN LAS INSTITUCIONES EDUCATIVAS OFICIALES DE LOS MUNICIPIOS DE NECHI Y SEGOVIA, DEPARTAMENTO DE ANTIOQUIA (GRUPO 19) PRIORIZADAS POR EL MINISTERIO DE EDUCACION NACIONAL Y VIABILIZADOS POR FINDETER | K47: SEGOVIA NECHI | L47: ANTIOQUIA | M47: 19 | N47: 12 | O47: PAF-MENPNIE-O-116-2023 | P47: 007-2024 | Q47: 45391 | R47: OBRA | S47: CONTRATADO | T47: CONSTRUCCIONES B&M S.A.S | U47: 900084333 | V47: 4891188448 | W47: =+H47-V47 -> 7737812 | Y47: =80000000+84991547+30000000 -> 194991547 | Z47: =+V47+X47 -> 4891188448 | AA47: =SUMIFS('6.Reportes de Pagos'!I:I,'6.Reportes de Pagos'!H:H,"<="&(EOMONTH(FECHA,-1)),'6.Reportes de Pagos'!D:D,$P47) -> 3.2381257e+09 | AB47: =SUMIFS('6.Reportes de Pagos'!J:J,'6.Reportes de Pagos'!H:H,"<="&(EOMONTH(FECHA,-1)),'6.Reportes de Pagos'!D:D,$P47) -> 2.4962185e+08 | AC47: 0 | AD47: =SUMIFS('6.Reportes de Pagos'!I:I,'6.Reportes de Pagos'!H:H,">"&(EOMONTH(FECHA,-1)),'6.Reportes de Pagos'!H:H,"<="&(EOMONTH(FECHA,0)),'6.Reportes de Pagos'!D:D,$P47) -> 7.5569213e+08 | AE47: =SUMIFS('6.Reportes de Pagos'!J:J,'6.Reportes de Pagos'!H:H,">"&(EOMONTH(FECHA,-1)),'6.Reportes de Pagos'!H:H,"<="&(EOMONTH(FECHA,0)),'6.Reportes de Pagos'!D:D,$P47) -> 75569213 | AF47: 0 | AG47: =SUMIFS('6.Reportes de Pagos'!I:I,'6.Reportes de Pagos'!H:H,"<="&(EOMONTH(FECHA,0)),'6.Reportes de Pagos'!D:D,$P47) -> 3.9938178e+09 | AH47: =SUMIFS('6.Reportes de Pagos'!J:J,'6.Reportes de Pagos'!H:H,"<="&(EOMONTH(FECHA,0)),'6.Reportes de Pagos'!D:D,$P47) -> 3.2519106e+08 | AI47: =+AC47+AF47 -> 0 | AK47: =+Z47-(AG47-AH47)-AI47 -> 1.2225617e+09 | AL47: =IFERROR(((AG47-AH47+AI47)/Z47),0) -> 0.75004813 | AM47: Vigente
A48: =+A47+1 -> 41 | B48: CO1.PCCNTR.5090635 | C48: 87123 | D48: NACION | E48: 2023 | F48: 38 | G48: 45244 | H48: 238217310 | I48: Mejoramientos | J48: ELABORACIÓN DE DIAGNÓSTICOS, ESTUDIOS TÉCNICOS, DISEÑOS Y EJECUCIÓN DE OBRAS DE MEJORAMIENTO EN LAS INSTITUCIONES EDUCATIVAS OFICIALES DE LOS MUNICIPIOS DE NECHI Y SEGOVIA, DEPARTAMENTO DE ANTIOQUIA (GRUPO 19) PRIORIZADAS POR EL MINISTERIO DE EDUCACION NACIONAL Y VIABILIZADOS POR FINDETER | K48: SEGOVIA NECHI | L48: ANTIOQUIA | M48: 19 | N48: 12 | O48: PAF-MENPNIE-I-114-2023 | P48: 008-2024 | Q48: 45391 | R48: INTERVENTORIA | S48: CONTRATADO | T48: CONSORCIO INESGON | U48: 901800251 | V48: 220247265 | W48: =+H48-V48 -> 17970045 | X48: =80000000+84991547+30000000 -> 194991547 | Z48: =+V48+X48 -> 415238812 | AA48: =SUMIFS('6.Reportes de Pagos'!I:I,'6.Reportes de Pagos'!H:H,"<="&(EOMONTH(FECHA,-1)),'6.Reportes de Pagos'!D:D,$P48) -> 1.8309956e+08 | AB48: =SUMIFS('6.Reportes de Pagos'!J:J,'6.Reportes de Pagos'!H:H,"<="&(EOMONTH(FECHA,-1)),'6.Reportes de Pagos'!D:D,$P48) -> 18309956 | AC48: 0 | AD48: =SUMIFS('6.Reportes de Pagos'!I:I,'6.Reportes de Pagos'!H:H,">"&(EOMONTH(FECHA,-1)),'6.Reportes de Pagos'!H:H,"<="&(EOMONTH(FECHA,0)),'6.Reportes de Pagos'!D:D,$P48) -> 55550821 | AE48: =SUMIFS('6.Reportes de Pagos'!J:J,'6.Reportes de Pagos'!H:H,">"&(EOMONTH(FECHA,-1)),'6.Reportes de Pagos'!H:H,"<="&(EOMONTH(FECHA,0)),'6.Reportes de Pagos'!D:D,$P48) -> 5555082.1 | AF48: 0 | AG48: =SUMIFS('6.Reportes de Pagos'!I:I,'6.Reportes de Pagos'!H:H,"<="&(EOMONTH(FECHA,0)),'6.Reportes de Pagos'!D:D,$P48) -> 2.3865038e+08 | AH48: =SUMIFS('6.Reportes de Pagos'!J:J,'6.Reportes de Pagos'!H:H,"<="&(EOMONTH(FECHA,0)),'6.Reportes de Pagos'!D:D,$P48) -> 23865038 | AI48: =+AC48+AF48 -> 0 | AK48: =+Z48-(AG48-AH48)-AI48 -> 2.0045347e+08 | AL48: =IFERROR(((AG48-AH48+AI48)/Z48),0) -> 0.51725739 | AM48: Vigente
A49: =+A48+1 -> 42 | B49: CO1.PCCNTR.5090635 | C49: 87123 | D49: NACION | E49: 2023 | F49: 40 119 197 | G49: 21/11/2023 11/06/2024 26/05/2025 | H49: =7538962064+963436631.56+3853162459.03 -> 1.2355561e+10 | I49: Mejoramientos | J49: ELABORACIÓN DE DIAGNÓSTICOS, ESTUDIOS TÉCNICOS, DISEÑOS Y EJECUCIÓN DE OBRAS DE MEJORAMIENTO EN LAS INSTITUCIONES EDUCATIVAS OFICIALES DEL MUNICIPIO DE URIBIA DEL DEPARTAMENTO DE LA GUAJIRA (GRUPO 21), PRIORIZADAS POR EL MINISTERIO DE EDUCACIÓN NACIONAL Y VIABILIZADOS POR FINDETER | K49: URIBIA | L49: LA GUAJIRA | M49: 21 | N49: 19 | O49: PAF-MENPNIE-O-120-2023 | P49: 003-2024 | Q49: 45331 | R49: OBRA | S49: CONTRATADO | T49: SITTCA CONSTRUCCIONES S.A.S. | U49: 900206662 | V49: 7471853501 | W49: =+H49-V49-963436631.56-3853162459.03 -> 67108563 | X49: =963436631.56+3853162459.03 -> 4.8165991e+09 | Z49: =+V49+X49 -> 1.2288453e+10 | AA49: =SUMIFS('6.Reportes de Pagos'!I:I,'6.Reportes de Pagos'!H:H,"<="&(EOMONTH(FECHA,-1)),'6.Reportes de Pagos'!D:D,$P49) -> 1.4909936e+09 | AB49: =SUMIFS('6.Reportes de Pagos'!J:J,'6.Reportes de Pagos'!H:H,"<="&(EOMONTH(FECHA,-1)),'6.Reportes de Pagos'!D:D,$P49) -> 1.4909936e+08 | AC49: 0 | AD49: =SUMIFS('6.Reportes de Pagos'!I:I,'6.Reportes de Pagos'!H:H,">"&(EOMONTH(FECHA,-1)),'6.Reportes de Pagos'!H:H,"<="&(EOMONTH(FECHA,0)),'6.Reportes de Pagos'!D:D,$P49) -> 0 | AE49: =SUMIFS('6.Reportes de Pagos'!J:J,'6.Reportes de Pagos'!H:H,">"&(EOMONTH(FECHA,-1)),'6.Reportes de Pagos'!H:H,"<="&(EOMONTH(FECHA,0)),'6.Reportes de Pagos'!D:D,$P49) -> 0 | AF49: 0 | AG49: =SUMIFS('6.Reportes de Pagos'!I:I,'6.Reportes de Pagos'!H:H,"<="&(EOMONTH(FECHA,0)),'6.Reportes de Pagos'!D:D,$P49) -> 1.4909936e+09 | AH49: =SUMIFS('6.Reportes de Pagos'!J:J,'6.Reportes de Pagos'!H:H,"<="&(EOMONTH(FECHA,0)),'6.Reportes de Pagos'!D:D,$P49) -> 1.4909936e+08 | AI49: =+AC49+AF49 -> 0 | AK49: =+Z49-(AG49-AH49)-AI49 -> 1.0946558e+10 | AL49: =IFERROR(((AG49-AH49+AI49)/Z49),0) -> 0.10919961 | AM49: Vigente
A50: =+A49+1 -> 43 | B50: CO1.PCCNTR.5090635 | C50: 87123 | D50: NACION | E50: 2023 | F50: 41 120 198 | G50: 21/11/2023 11/06/2024 26/05/2025 | H50: =349058920+96343663.16+126794535.5 -> 5.7219712e+08 | I50: Mejoramientos | J50: INTERVENTORÍA INTEGRAL (TÉCNICA, ADMINISTRATIVA, FINANCIERA, CONTABLE, AMBIENTAL, SOCIAL Y JURÍDICA) PARA LA ELABORACIÓN DE DIAGNÓSTICOS, ESTUDIOS TÉCNICOS, DISEÑOS Y EJECUCIÓN DE OBRAS DE MEJORAMIENTO EN LAS INSTITUCIONES EDUCATIVAS OFICIALES DEL MUNICIPIO DE URIBIA DEL DEPARTAMENTO DE LA GUAJIRA (GRUPO 21), PRIORIZADAS POR EL MINISTERIO DE EDUCACIÓN NACIONAL Y VIABILIZADOS POR FINDETER | K50: URIBIA | L50: LA GUAJIRA | M50: 21 | N50: 19 | O50: PAF-MENPNIE-I-117-2023 | P50: 004-2024 | Q50: 45359 | R50: INTERVENTORIA | S50: CONTRATADO | T50: CONSORCIO CDG GUAJIRA | U50: 901804711 | V50: 327138021 | W50: =+H50-V50-96343663.16-126794535.5 -> 21920899 | X50: =96343663.16+126794535.5 -> 2.231382e+08 | Z50: =+V50+X50 -> 5.5027622e+08 | AA50: =SUMIFS('6.Reportes de Pagos'!I:I,'6.Reportes de Pagos'!H:H,"<="&(EOMONTH(FECHA,-1)),'6.Reportes de Pagos'!D:D,$P50) -> 2.1972104e+08 | AB50: =SUMIFS('6.Reportes de Pagos'!J:J,'6.Reportes de Pagos'!H:H,"<="&(EOMONTH(FECHA,-1)),'6.Reportes de Pagos'!D:D,$P50) -> 21972104 | AC50: 0 | AD50: =SUMIFS('6.Reportes de Pagos'!I:I,'6.Reportes de Pagos'!H:H,">"&(EOMONTH(FECHA,-1)),'6.Reportes de Pagos'!H:H,"<="&(EOMONTH(FECHA,0)),'6.Reportes de Pagos'!D:D,$P50) -> 28018424 | AE50: =SUMIFS('6.Reportes de Pagos'!J:J,'6.Reportes de Pagos'!H:H,">"&(EOMONTH(FECHA,-1)),'6.Reportes de Pagos'!H:H,"<="&(EOMONTH(FECHA,0)),'6.Reportes de Pagos'!D:D,$P50) -> 2801842.4 | AF50: 0 | AG50: =SUMIFS('6.Reportes de Pagos'!I:I,'6.Reportes de Pagos'!H:H,"<="&(EOMONTH(FECHA,0)),'6.Reportes de Pagos'!D:D,$P50) -> 2.4773947e+08 | AH50: =SUMIFS('6.Reportes de Pagos'!J:J,'6.Reportes de Pagos'!H:H,"<="&(EOMONTH(FECHA,0)),'6.Reportes de Pagos'!D:D,$P50) -> 24773947 | AI50: =+AC50+AF50 -> 0 | AK50: =+Z50-(AG50-AH50)-AI50 -> 3.273107e+08 | AL50: =IFERROR(((AG50-AH50+AI50)/Z50),0) -> 0.40518836 | AM50: Vigente
A51: =+A50+1 -> 44 | B51: CO1.PCCNTR.5090635 | C51: 87123 | D51: NACION | E51: 2023 | F51: 22 144 | G51: 1/11/2023 16/08/2024 | H51: =3374010009+163832817 -> 3537842826 | I51: Mejoramientos | J51: ELABORACIÓN DE DIAGNÓSTICOS, ESTUDIOS TÉCNICOS ,DISEÑOS Y EJECUCIÓN DE OBRAS DE MEJORAMIENTO EN LAS INSTITUCIONES EDUCATIVAS OFICIALES DEL MUNICIPIO DE DIBULLA, DEPARTAMENTO DE LA GUAJIRA (GRUPO 22), PRIORIZADAS POR EL MINISTERIO DE EDUCACION NACIONAL Y VIABILIZADOS POR FINDETER | K51: DIBULLA | L51: LA GUAJIRA | M51: 22 | N51: 6 | O51: PAF-MENPNIE-O-113-2023 | P51: 001-2024 | Q51: 45341 | R51: OBRA | S51: CONTRATADO | T51: CONSORCIO VERTICE | U51: 901792473 | V51: 3247020029 | W51: =+H51-V51-X51-126989980 -> 0 | X51: =163832817 -> 163832817 | Y51: 18000000 | Z51: =+V51+X51 -> 3410852846 | AA51: =SUMIFS('6.Reportes de Pagos'!I:I,'6.Reportes de Pagos'!H:H,"<="&(EOMONTH(FECHA,-1)),'6.Reportes de Pagos'!D:D,$P51) -> 3410852846 | AB51: =SUMIFS('6.Reportes de Pagos'!J:J,'6.Reportes de Pagos'!H:H,"<="&(EOMONTH(FECHA,-1)),'6.Reportes de Pagos'!D:D,$P51) -> 3.4108528e+08 | AC51: 0 | AD51: =SUMIFS('6.Reportes de Pagos'!I:I,'6.Reportes de Pagos'!H:H,">"&(EOMONTH(FECHA,-1)),'6.Reportes de Pagos'!H:H,"<="&(EOMONTH(FECHA,0)),'6.Reportes de Pagos'!D:D,$P51) -> 0 | AE51: =SUMIFS('6.Reportes de Pagos'!J:J,'6.Reportes de Pagos'!H:H,">"&(EOMONTH(FECHA,-1)),'6.Reportes de Pagos'!H:H,"<="&(EOMONTH(FECHA,0)),'6.Reportes de Pagos'!D:D,$P51) -> -3.4108528e+08 | AF51: 0 | AG51: =SUMIFS('6.Reportes de Pagos'!I:I,'6.Reportes de Pagos'!H:H,"<="&(EOMONTH(FECHA,0)),'6.Reportes de Pagos'!D:D,$P51) -> 3410852846 | AH51: =SUMIFS('6.Reportes de Pagos'!J:J,'6.Reportes de Pagos'!H:H,"<="&(EOMONTH(FECHA,0)),'6.Reportes de Pagos'!D:D,$P51) -> -5.9604645e-08 | AI51: =+AC51+AF51 -> 0 | AK51: =+Z51-(AG51-AH51)-AI51 -> 0 | AL51: =IFERROR(((AG51-AH51+AI51)/Z51),0) -> 1 | AM51: LIQUIDADO JUNIO 2025
A52: =+A51+1 -> 45 | B52: CO1.PCCNTR.5090635 | C52: 87123 | D52: NACION | E52: 2023 | F52: 23 145 | G52: 1/11/2023 16/08/2024 | H52: =190122370+64742320 -> 254864690 | I52: Mejoramientos | J52: INTERVENTORÍA INTEGRAL (TÉCNICA, ADMINISTRATIVA, FINANCIERA, CONTABLE, AMBIENTAL, SOCIAL Y JURÍDICA) PARA LA ELABORACIÓN DE DIAGNÓSTICOS, ESTUDIOS TÉCNICOS ,DISEÑOS Y EJECUCIÓN DE OBRAS DE MEJORAMIENTO EN LAS INSTITUCIONES EDUCATIVAS OFICIALES DEL MUNICIPIO DE DIBULLA, DEPARTAMENTO DE LA GUAJIRA (GRUPO 22), PRIORIZADAS POR EL MINISTERIO DE EDUCACION NACIONAL Y VIABILIZADOS POR FINDETER | K52: DIBULLA | L52: LA GUAJIRA | M52: 22 | N52: 6 | O52: PAF-MENPNIE-I-108-2023 | P52: 002-2024 | Q52: 45327 | R52: INTERVENTORIA | S52: CONTRATADO | T52: CAMILO PEDRAZA DÍAZ | U52: 74184643 | V52: 171110133 | W52: =+H52-V52-64742320-19012237 -> 0 | X52: =64742320+18000000 -> 82742320 | Z52: =+V52+X52 -> 253852453 | AA52: =SUMIFS('6.Reportes de Pagos'!I:I,'6.Reportes de Pagos'!H:H,"<="&(EOMONTH(FECHA,-1)),'6.Reportes de Pagos'!D:D,$P52) -> 2.3065961e+08 | AB52: =SUMIFS('6.Reportes de Pagos'!J:J,'6.Reportes de Pagos'!H:H,"<="&(EOMONTH(FECHA,-1)),'6.Reportes de Pagos'!D:D,$P52) -> 23065961 | AC52: 0 | AD52: =SUMIFS('6.Reportes de Pagos'!I:I,'6.Reportes de Pagos'!H:H,">"&(EOMONTH(FECHA,-1)),'6.Reportes de Pagos'!H:H,"<="&(EOMONTH(FECHA,0)),'6.Reportes de Pagos'!D:D,$P52) -> 0 | AE52: =SUMIFS('6.Reportes de Pagos'!J:J,'6.Reportes de Pagos'!H:H,">"&(EOMONTH(FECHA,-1)),'6.Reportes de Pagos'!H:H,"<="&(EOMONTH(FECHA,0)),'6.Reportes de Pagos'!D:D,$P52) -> 0 | AF52: 0 | AG52: =SUMIFS('6.Reportes de Pagos'!I:I,'6.Reportes de Pagos'!H:H,"<="&(EOMONTH(FECHA,0)),'6.Reportes de Pagos'!D:D,$P52) -> 2.3065961e+08 | AH52: =SUMIFS('6.Reportes de Pagos'!J:J,'6.Reportes de Pagos'!H:H,"<="&(EOMONTH(FECHA,0)),'6.Reportes de Pagos'!D:D,$P52) -> 23065961 | AI52: =+AC52+AF52 -> 0 | AK52: =+Z52-(AG52-AH52)-AI52 -> 46258806 | AL52: =IFERROR(((AG52-AH52+AI52)/Z52),0) -> 0.81777286 | AM52: En Liquidación
A53: =+A52+1 -> 46 | B53: CO1.PCCNTR.5090635 | C53: 87123 | D53: NACION | E53: 2023 | F53: 115 | G53: 45429 | H53: 5027044975 | I53: Mejoramientos | J53: ELABORACIÓN DE DIAGNÓSTICOS, ESTUDIOS TÉCNICOS, DISEÑOS Y EJECUCIÓN DE OBRAS DE MEJORAMIENTO EN LAS INSTITUCIONES EDUCATIVAS OFICIALES DE LOS DEPARTAMENTOS DE GUAVIARE, CAQUETÁ Y META (GRUPO 24), PRIORIZADAS POR EL MINISTERIO DE EDUCACION NACIONAL Y VIABILIZADOS POR FINDETER | K53: EL RETORNO, SA JOSÉ DE GUAVIARE, CALAMAR, SAN VICENTE DE CAGUÁN Y URIBE | L53: GUAVIARE, CAQUETÁ Y META | M53: 24 | N53: 16 | O53: PAF-MENPNIE-O-073-2024 | P53: 036-2024 | Q53: 45478 | R53: OBRA | S53: CONTRATADO | T53: CARLOS DARÍO RODRÍGUEZ GONZÁLEZ | U53: 74795327 | V53: 4990202000 | W53: =+H53-V53 -> 36842975 | Y53: =60000000+90000000 -> 150000000 | Z53: =+V53+X53 -> 4990202000 | AA53: =SUMIFS('6.Reportes de Pagos'!I:I,'6.Reportes de Pagos'!H:H,"<="&(EOMONTH(FECHA,-1)),'6.Reportes de Pagos'!D:D,$P53) -> 3.6507626e+09 | AB53: =SUMIFS('6.Reportes de Pagos'!J:J,'6.Reportes de Pagos'!H:H,"<="&(EOMONTH(FECHA,-1)),'6.Reportes de Pagos'!D:D,$P53) -> 3.6507626e+08 | AC53: 0 | AD53: =SUMIFS('6.Reportes de Pagos'!I:I,'6.Reportes de Pagos'!H:H,">"&(EOMONTH(FECHA,-1)),'6.Reportes de Pagos'!H:H,"<="&(EOMONTH(FECHA,0)),'6.Reportes de Pagos'!D:D,$P53) -> 0 | AE53: =SUMIFS('6.Reportes de Pagos'!J:J,'6.Reportes de Pagos'!H:H,">"&(EOMONTH(FECHA,-1)),'6.Reportes de Pagos'!H:H,"<="&(EOMONTH(FECHA,0)),'6.Reportes de Pagos'!D:D,$P53) -> 0 | AF53: 0 | AG53: =SUMIFS('6.Reportes de Pagos'!I:I,'6.Reportes de Pagos'!H:H,"<="&(EOMONTH(FECHA,0)),'6.Reportes de Pagos'!D:D,$P53) -> 3.6507626e+09 | AH53: =SUMIFS('6.Reportes de Pagos'!J:J,'6.Reportes de Pagos'!H:H,"<="&(EOMONTH(FECHA,0)),'6.Reportes de Pagos'!D:D,$P53) -> 3.6507626e+08 | AI53: =+AC53+AF53 -> 0 | AK53: =+Z53-(AG53-AH53)-AI53 -> 1.7045157e+09 | AL53: =IFERROR(((AG53-AH53+AI53)/Z53),0) -> 0.65842751 | AM53: Vigente
A54: =+A53+1 -> 47 | B54: CO1.PCCNTR.5090635 | C54: 87123 | D54: NACION | E54: 2023 | F54: 36 | G54: 45239 | H54: 349269350 | I54: Mejoramientos | J54: INTERVENTORÍA INTEGRAL (TÉCNICA, ADMINISTRATIVA, FINANCIERA, CONTABLE, AMBIENTAL, SOCIAL Y JURÍDICA) PARA LA ELABORACIÓN DE DIAGNÓSTICOS, ESTUDIOS TÉCNICOS, DISEÑOS Y EJECUCIÓN DE OBRAS DE MEJORAMIENTO EN LAS INSTITUCIONES EDUCATIVAS OFICIALES DE LOS DEPARTAMENTOS DE GUAVIARE, CAQUETÁ Y META (GRUPO 24), PRIORIZADAS POR EL MINISTERIO DE EDUCACION NACIONAL Y VIABILIZADOS POR FINDETERR | K54: EL RETORNO SAN JOSE DEL GUAVIARE CALAMAR SAN VICENTE DEL CAGUAN URIBE | L54: GUAVIARE CAQUETA META | M54: 24 | N54: 16 | O54: PAF-MENPNIE-I-115-2023 | P54: 039-2024 | Q54: 45491 | R54: INTERVENTORIA | S54: CONTRATADO | T54: CONSORCIO INTERVENTORES GC 115 | U54: 901840865 | V54: 329395922 | W54: =+H54-V54 -> 19873428 | X54: =60000000+90000000 -> 150000000 | Z54: =+V54+X54 -> 479395922 | AA54: =SUMIFS('6.Reportes de Pagos'!I:I,'6.Reportes de Pagos'!H:H,"<="&(EOMONTH(FECHA,-1)),'6.Reportes de Pagos'!D:D,$P54) -> 3.4056147e+08 | AB54: =SUMIFS('6.Reportes de Pagos'!J:J,'6.Reportes de Pagos'!H:H,"<="&(EOMONTH(FECHA,-1)),'6.Reportes de Pagos'!D:D,$P54) -> 34056148 | AC54: 0 | AD54: =SUMIFS('6.Reportes de Pagos'!I:I,'6.Reportes de Pagos'!H:H,">"&(EOMONTH(FECHA,-1)),'6.Reportes de Pagos'!H:H,"<="&(EOMONTH(FECHA,0)),'6.Reportes de Pagos'!D:D,$P54) -> 0 | AE54: =SUMIFS('6.Reportes de Pagos'!J:J,'6.Reportes de Pagos'!H:H,">"&(EOMONTH(FECHA,-1)),'6.Reportes de Pagos'!H:H,"<="&(EOMONTH(FECHA,0)),'6.Reportes de Pagos'!D:D,$P54) -> 0 | AF54: 0 | AG54: =SUMIFS('6.Reportes de Pagos'!I:I,'6.Reportes de Pagos'!H:H,"<="&(EOMONTH(FECHA,0)),'6.Reportes de Pagos'!D:D,$P54) -> 3.4056147e+08 | AH54: =SUMIFS('6.Reportes de Pagos'!J:J,'6.Reportes de Pagos'!H:H,"<="&(EOMONTH(FECHA,0)),'6.Reportes de Pagos'!D:D,$P54) -> 34056148 | AI54: =+AC54+AF54 -> 0 | AK54: =+Z54-(AG54-AH54)-AI54 -> 1.7289059e+08 | AL54: =IFERROR(((AG54-AH54+AI54)/Z54),0) -> 0.63935739 | AM54: Vigente
A55: =+A54+1 -> 48 | B55: CO1.PCCNTR.5090635 | C55: 87123 | D55: NACION | E55: 2023 | F55: 53 176 | G55: 21/12/2023 19/12/2024 | H55: =2738573296+285623418.2 -> 3.0241967e+09 | I55: Emergencias | J55: ELABORACIÓN DE DIAGNÓSTICOS, ESTUDIOS TÉCNICOS, DISEÑOS Y EJECUCIÓN DE OBRAS DE MEJORAMIENTO Y/U OBRAS REQUERIDAS PARA LA INFRAESTRUCTURA EDUCATIVA Y SUMINISTRO E INSTALACIÓN DE AULAS Y/O BATERÍAS SANITARIAS, EN SEDES AFECTADAS POR EMERGENCIA - GRUPO 3 | K55: BUENOS AIRES PUERTO TEJADA SANTADER DE QUILICHAO SUAREZ BUENAVENTURA FLORIDA BAJO BAUDO | L55: CAUCA VALLE DE CAUCA CHOCO | M55: 3 | N55: 7 | O55: PAF-MENPNIE-O-009-2024 | P55: 013-2024 | Q55: 45407 | R55: OBRA | S55: CONTRATADO | T55: HUGO FRANCISCO HINESTROZA MONTENEGRO | U55: 12754374 | V55: 2637246083 | W55: =+H55-V55-285623418.2 -> 1.0132721e+08 | X55: 2.8562342e+08 | Z55: =+V55+X55 -> 2.9228695e+09 | AA55: =SUMIFS('6.Reportes de Pagos'!I:I,'6.Reportes de Pagos'!H:H,"<="&(EOMONTH(FECHA,-1)),'6.Reportes de Pagos'!D:D,$P55) -> 2.2947483e+09 | AB55: =SUMIFS('6.Reportes de Pagos'!J:J,'6.Reportes de Pagos'!H:H,"<="&(EOMONTH(FECHA,-1)),'6.Reportes de Pagos'!D:D,$P55) -> 2.2947483e+08 | AC55: 0 | AD55: =SUMIFS('6.Reportes de Pagos'!I:I,'6.Reportes de Pagos'!H:H,">"&(EOMONTH(FECHA,-1)),'6.Reportes de Pagos'!H:H,"<="&(EOMONTH(FECHA,0)),'6.Reportes de Pagos'!D:D,$P55) -> 0 | AE55: =SUMIFS('6.Reportes de Pagos'!J:J,'6.Reportes de Pagos'!H:H,">"&(EOMONTH(FECHA,-1)),'6.Reportes de Pagos'!H:H,"<="&(EOMONTH(FECHA,0)),'6.Reportes de Pagos'!D:D,$P55) -> 0 | AF55: 0 | AG55: =SUMIFS('6.Reportes de Pagos'!I:I,'6.Reportes de Pagos'!H:H,"<="&(EOMONTH(FECHA,0)),'6.Reportes de Pagos'!D:D,$P55) -> 2.2947483e+09 | AH55: =SUMIFS('6.Reportes de Pagos'!J:J,'6.Reportes de Pagos'!H:H,"<="&(EOMONTH(FECHA,0)),'6.Reportes de Pagos'!D:D,$P55) -> 2.2947483e+08 | AI55: =+AC55+AF55 -> 0 | AK55: =+Z55-(AG55-AH55)-AI55 -> 8.57596e+08 | AL55: =IFERROR(((AG55-AH55+AI55)/Z55),0) -> 0.70659107 | AM55: Vigente
A56: =+A55+1 -> 49 | B56: CO1.PCCNTR.5090635 | C56: 87123 | D56: NACION | E56: 2023 | F56: 54 177 201 | G56: 21/12/2023 19/12/2024 04/07/2025 | H56: =572550210+83009616.95+86117980 -> 7.4167781e+08 | I56: Emergencias | J56: INTERVENTORÍA INTEGRAL (TÉCNICA, ADMINISTRATIVA, FINANCIERA, CONTABLE, AMBIENTAL, SOCIAL Y JURÍDICA) PARA LA ELABORACIÓN DE DIAGNÓSTICOS, ESTUDIOS TÉCNICOS, DISEÑOS Y EJECUCIÓN DE OBRAS DE MEJORAMIENTO Y/U OBRAS REQUERIDAS PARA LA INFRAESTRUCTURA EDUCATIVA Y SUMINISTRO E INSTALACIÓN DE AULAS Y/O BATERÍAS SANITARIAS, EN SEDES AFECTADAS POR EMERGENCIA - GRUPO 3 | K56: BUENOS AIRES PUERTO TEJADA SANTADER DE QUILICHAO SUAREZ BUENAVENTURA FLORIDA BAJO BAUDO | L56: CAUCA VALLE DE CAUCA CHOCO | M56: 3 | N56: 7 | O56: PAF-MENPNIE-I-009-2024 | P56: 012-2024 | Q56: 45371 | R56: INTERVENTORIA | S56: CONTRATADO | T56: UNIÓN TEMPORAL SEDES 24 | U56: 901808735 | V56: 539120789 | W56: =+H56-V56-83009616.95-86117980 -> 33429421 | X56: =83009616.95+86117980 -> 1.691276e+08 | Z56: =+V56+X56 -> 7.0824839e+08 | AA56: =SUMIFS('6.Reportes de Pagos'!I:I,'6.Reportes de Pagos'!H:H,"<="&(EOMONTH(FECHA,-1)),'6.Reportes de Pagos'!D:D,$P56) -> 5.0726494e+08 | AB56: =SUMIFS('6.Reportes de Pagos'!J:J,'6.Reportes de Pagos'!H:H,"<="&(EOMONTH(FECHA,-1)),'6.Reportes de Pagos'!D:D,$P56) -> 50726494 | AC56: 0 | AD56: =SUMIFS('6.Reportes de Pagos'!I:I,'6.Reportes de Pagos'!H:H,">"&(EOMONTH(FECHA,-1)),'6.Reportes de Pagos'!H:H,"<="&(EOMONTH(FECHA,0)),'6.Reportes de Pagos'!D:D,$P56) -> 0 | AE56: =SUMIFS('6.Reportes de Pagos'!J:J,'6.Reportes de Pagos'!H:H,">"&(EOMONTH(FECHA,-1)),'6.Reportes de Pagos'!H:H,"<="&(EOMONTH(FECHA,0)),'6.Reportes de Pagos'!D:D,$P56) -> 0 | AF56: 0 | AG56: =SUMIFS('6.Reportes de Pagos'!I:I,'6.Reportes de Pagos'!H:H,"<="&(EOMONTH(FECHA,0)),'6.Reportes de Pagos'!D:D,$P56) -> 5.0726494e+08 | AH56: =SUMIFS('6.Reportes de Pagos'!J:J,'6.Reportes de Pagos'!H:H,"<="&(EOMONTH(FECHA,0)),'6.Reportes de Pagos'!D:D,$P56) -> 50726494 | AI56: =+AC56+AF56 -> 0 | AK56: =+Z56-(AG56-AH56)-AI56 -> 2.5170994e+08 | AL56: =IFERROR(((AG56-AH56+AI56)/Z56),0) -> 0.64460217 | AM56: Vigente
A57: =+A56+1 -> 50 | B57: CO1.PCCNTR.5090635 | C57: 87123 | D57: NACION | E57: 2023 | F57: 158 | G57: 45560 | H57: 2335418322 | I57: Emergencias | J57: ELABORACIÓN DE DIAGNÓSTICOS, ESTUDIOS TÉCNICOS, DISEÑOS Y EJECUCIÓN DE OBRAS DE MEJORAMIENTO Y/U OBRAS REQUERIDAS PARA LA INFRAESTRUCTURA EDUCATIVA Y SUMINISTRO E INSTALACIÓN DE AULAS Y/O BATERÍAS SANITARIAS, EN SEDES AFECTADAS POR EMERGENCIA - GRUPO 5 | K57: PUEBLO RICOISTMINA / MEDIO BAUDO / CONDOTO / RIO IRÓ / TADÓ | L57: RISARALDA CHOCO | M57: 5 | N57: 6 | O57: PAF-MENPNIE-O-124-2024 | P57: 050-2024 | Q57: 45583 | R57: OBRA | S57: CONTRATADO | T57: SERVINGTECH S.A.S | U57: 900591185 | V57: 2335418322 | W57: =+H57-V57 -> 0 | Z57: =+V57+X57 -> 2335418322 | AA57: =SUMIFS('6.Reportes de Pagos'!I:I,'6.Reportes de Pagos'!H:H,"<="&(EOMONTH(FECHA,-1)),'6.Reportes de Pagos'!D:D,$P57) -> 1.4110775e+09 | AB57: =SUMIFS('6.Reportes de Pagos'!J:J,'6.Reportes de Pagos'!H:H,"<="&(EOMONTH(FECHA,-1)),'6.Reportes de Pagos'!D:D,$P57) -> 1.4110775e+08 | AC57: 0 | AD57: =SUMIFS('6.Reportes de Pagos'!I:I,'6.Reportes de Pagos'!H:H,">"&(EOMONTH(FECHA,-1)),'6.Reportes de Pagos'!H:H,"<="&(EOMONTH(FECHA,0)),'6.Reportes de Pagos'!D:D,$P57) -> 457492869 | AE57: =SUMIFS('6.Reportes de Pagos'!J:J,'6.Reportes de Pagos'!H:H,">"&(EOMONTH(FECHA,-1)),'6.Reportes de Pagos'!H:H,"<="&(EOMONTH(FECHA,0)),'6.Reportes de Pagos'!D:D,$P57) -> 45749286 | AF57: 0 | AG57: =SUMIFS('6.Reportes de Pagos'!I:I,'6.Reportes de Pagos'!H:H,"<="&(EOMONTH(FECHA,0)),'6.Reportes de Pagos'!D:D,$P57) -> 1.8685704e+09 | AH57: =SUMIFS('6.Reportes de Pagos'!J:J,'6.Reportes de Pagos'!H:H,"<="&(EOMONTH(FECHA,0)),'6.Reportes de Pagos'!D:D,$P57) -> 1.8685703e+08 | AI57: =+AC57+AF57 -> 0 | AK57: =+Z57-(AG57-AH57)-AI57 -> 6.5370499e+08 | AL57: =IFERROR(((AG57-AH57+AI57)/Z57),0) -> 0.72009084 | AM57: Vigente
A58: =+A57+1 -> 51 | B58: CO1.PCCNTR.5090635 | C58: 87123 | D58: NACION | E58: 2023 | F58: 62 | G58: 45303 | H58: 502109790 | I58: Emergencias | J58: INTERVENTORÍA INTEGRAL (TÉCNICA, ADMINISTRATIVA, FINANCIERA, CONTABLE, AMBIENTAL, SOCIAL Y JURÍDICA) PARA LA ELABORACIÓN DE DIAGNÓSTICOS, ESTUDIOS TÉCNICOS, DISEÑOS Y EJECUCIÓN DE OBRAS DE MEJORAMIENTO Y/U OBRAS REQUERIDAS PARA LA INFRAESTRUCTURA EDUCATIVA Y SUMINISTRO E INSTALACIÓN DE AULAS Y/O BATERÍAS SANITARIAS, EN SEDES AFECTADAS POR EMERGENCIA - GRUPO 5 | K58: CONDOTO ITSMINA MEDIO BAUDO RIO IRO TADO PUEBLO RICO | L58: CHOCO RISARALDA | M58: 5 | N58: 6 | O58: PAF-MENPNIE-I-010-2024 | P58: 051-2024 | Q58: 45583 | R58: INTERVENTORIA | S58: CONTRATADO | T58: INGENIEROS CIVILES ESPECIALISTAS S.A.S. | U58: 802008390 | V58: 477004300 | W58: =+H58-V58 -> 25105490 | Z58: =+V58+X58 -> 477004300 | AA58: =SUMIFS('6.Reportes de Pagos'!I:I,'6.Reportes de Pagos'!H:H,"<="&(EOMONTH(FECHA,-1)),'6.Reportes de Pagos'!D:D,$P58) -> 3.0072222e+08 | AB58: =SUMIFS('6.Reportes de Pagos'!J:J,'6.Reportes de Pagos'!H:H,"<="&(EOMONTH(FECHA,-1)),'6.Reportes de Pagos'!D:D,$P58) -> 30072222 | AC58: 0 | AD58: =SUMIFS('6.Reportes de Pagos'!I:I,'6.Reportes de Pagos'!H:H,">"&(EOMONTH(FECHA,-1)),'6.Reportes de Pagos'!H:H,"<="&(EOMONTH(FECHA,0)),'6.Reportes de Pagos'!D:D,$P58) -> 51882192 | AE58: =SUMIFS('6.Reportes de Pagos'!J:J,'6.Reportes de Pagos'!H:H,">"&(EOMONTH(FECHA,-1)),'6.Reportes de Pagos'!H:H,"<="&(EOMONTH(FECHA,0)),'6.Reportes de Pagos'!D:D,$P58) -> 5188219.2 | AF58: 0 | AG58: =SUMIFS('6.Reportes de Pagos'!I:I,'6.Reportes de Pagos'!H:H,"<="&(EOMONTH(FECHA,0)),'6.Reportes de Pagos'!D:D,$P58) -> 3.5260442e+08 | AH58: =SUMIFS('6.Reportes de Pagos'!J:J,'6.Reportes de Pagos'!H:H,"<="&(EOMONTH(FECHA,0)),'6.Reportes de Pagos'!D:D,$P58) -> 35260442 | AI58: =+AC58+AF58 -> 0 | AK58: =+Z58-(AG58-AH58)-AI58 -> 1.5966033e+08 | AL58: =IFERROR(((AG58-AH58+AI58)/Z58),0) -> 0.66528535 | AM58: Vigente
A59: =+A94+1 -> 85 | B59: CO1.PCCNTR.5090635 | C59: 87123 | D59: NACION | E59: 2023 | F59: 108 | G59: 45411 | H59: 2335418322 | I59: Emergencias | J59: ELABORACIÓN DE DIAGNÓSTICOS, ESTUDIOS TÉCNICOS, DISEÑOS Y EJECUCIÓN DE OBRAS DE MEJORAMIENTO Y/U OBRAS REQUERIDAS PARA LA INFRAESTRUCTURA EDUCATIVA Y SUMINISTRO E INSTALACIÓN DE AULAS Y/O BATERÍAS SANITARIAS, EN SEDES AFECTADAS POR EMERGENCIA - GRUPO 6 | K59: ITUANGO / SANTA BARBARA / SEGOVIA / VALDIVIACANTAGALLOPUERTO WILCHES | L59: ANTIOQUIA BOLÍVARSANTANDER | M59: 6 | N59: 6 | O59: PAF-MENPNIE-O-054-2024 | P59: 032-2024 | Q59: 45489 | R59: OBRA | S59: CONTRATADO | T59: CONSORCIO GRUPO 6 2024 | U59: 901843292 | V59: 2335418318 | W59: =+H59-V59 -> 4 | Y59: 5574659.6 | Z59: =+V59+X59 -> 2335418318 | AA59: =SUMIFS('6.Reportes de Pagos'!I:I,'6.Reportes de Pagos'!H:H,"<="&(EOMONTH(FECHA,-1)),'6.Reportes de Pagos'!D:D,$P59) -> 1.1079557e+09 | AB59: =SUMIFS('6.Reportes de Pagos'!J:J,'6.Reportes de Pagos'!H:H,"<="&(EOMONTH(FECHA,-1)),'6.Reportes de Pagos'!D:D,$P59) -> 1.1079557e+08 | AC59: 0 | AD59: =SUMIFS('6.Reportes de Pagos'!I:I,'6.Reportes de Pagos'!H:H,">"&(EOMONTH(FECHA,-1)),'6.Reportes de Pagos'!H:H,"<="&(EOMONTH(FECHA,0)),'6.Reportes de Pagos'!D:D,$P59) -> 4.7636542e+08 | AE59: =SUMIFS('6.Reportes de Pagos'!J:J,'6.Reportes de Pagos'!H:H,">"&(EOMONTH(FECHA,-1)),'6.Reportes de Pagos'!H:H,"<="&(EOMONTH(FECHA,0)),'6.Reportes de Pagos'!D:D,$P59) -> 47636542 | AF59: 0 | AG59: =SUMIFS('6.Reportes de Pagos'!I:I,'6.Reportes de Pagos'!H:H,"<="&(EOMONTH(FECHA,0)),'6.Reportes de Pagos'!D:D,$P59) -> 1.5843212e+09 | AH59: =SUMIFS('6.Reportes de Pagos'!J:J,'6.Reportes de Pagos'!H:H,"<="&(EOMONTH(FECHA,0)),'6.Reportes de Pagos'!D:D,$P59) -> 1.5843212e+08 | AI59: =+AC59+AF59 -> 0 | AK59: =+Z59-(AG59-AH59)-AI59 -> 9.0952928e+08 | AL59: =IFERROR(((AG59-AH59+AI59)/Z59),0) -> 0.61054974 | AM59: Vigente
A60: =+A58+1 -> 52 | B60: CO1.PCCNTR.5090635 | C60: 87123 | D60: NACION | E60: 2023 | F60: 47 194 | G60: 6/12/2023 02/04/2025 | H60: =502109790+50171936.79 -> 5.5228173e+08 | I60: Emergencias | J60: INTERVENTORÍA INTEGRAL (TÉCNICA, ADMINISTRATIVA, FINANCIERA, CONTABLE, AMBIENTAL, SOCIAL Y JURÍDICA) PARA LA ELABORACIÓN DE DIAGNÓSTICOS, ESTUDIOS TÉCNICOS, DISEÑOS Y EJECUCIÓN DE OBRAS DE MEJORAMIENTO Y/U OBRAS REQUERIDAS PARA LA INFRAESTRUCTURA EDUCATIVA Y SUMINISTRO E INSTALACIÓN DE AULAS Y/O BATERÍAS SANITARIAS, EN SEDES AFECTADAS POR EMERGENCIA - GRUPO 6 | K60: ITUANGO SANTA BARBARA SEGOVIA VALDIVIA CANTAGALLO PUERTO WILCHES | L60: ANTIOQUIA BOLIVAR SANTADER | M60: 6 | N60: 6 | O60: PAF-MENPNIE-I-122-2023 | P60: 033-2024 | Q60: 45482 | R60: INTERVENTORIA | S60: CONTRATADO | T60: JESUS EDUARDO TORRES CORREDOR | U60: 12979612 | V60: 451898813 | W60: =+H60-V60-50171936.79 -> 50210977 | X60: =50171936.79+5574659.64 -> 55746596 | Z60: =+V60+X60 -> 5.0764541e+08 | AA60: =SUMIFS('6.Reportes de Pagos'!I:I,'6.Reportes de Pagos'!H:H,"<="&(EOMONTH(FECHA,-1)),'6.Reportes de Pagos'!D:D,$P60) -> 3.0917112e+08 | AB60: =SUMIFS('6.Reportes de Pagos'!J:J,'6.Reportes de Pagos'!H:H,"<="&(EOMONTH(FECHA,-1)),'6.Reportes de Pagos'!D:D,$P60) -> 30917112 | AC60: 0 | AD60: =SUMIFS('6.Reportes de Pagos'!I:I,'6.Reportes de Pagos'!H:H,">"&(EOMONTH(FECHA,-1)),'6.Reportes de Pagos'!H:H,"<="&(EOMONTH(FECHA,0)),'6.Reportes de Pagos'!D:D,$P60) -> 75473459 | AE60: =SUMIFS('6.Reportes de Pagos'!J:J,'6.Reportes de Pagos'!H:H,">"&(EOMONTH(FECHA,-1)),'6.Reportes de Pagos'!H:H,"<="&(EOMONTH(FECHA,0)),'6.Reportes de Pagos'!D:D,$P60) -> 7547345.9 | AF60: 0 | AG60: =SUMIFS('6.Reportes de Pagos'!I:I,'6.Reportes de Pagos'!H:H,"<="&(EOMONTH(FECHA,0)),'6.Reportes de Pagos'!D:D,$P60) -> 3.8464458e+08 | AH60: =SUMIFS('6.Reportes de Pagos'!J:J,'6.Reportes de Pagos'!H:H,"<="&(EOMONTH(FECHA,0)),'6.Reportes de Pagos'!D:D,$P60) -> 38464458 | AI60: =+AC60+AF60 -> 0 | AK60: =+Z60-(AG60-AH60)-AI60 -> 1.6146529e+08 | AL60: =IFERROR(((AG60-AH60+AI60)/Z60),0) -> 0.68193293 | AM60: Vigente
A61: =+A60+1 -> 53 | B61: CO1.PCCNTR.5090635 | C61: 87123 | D61: NACION | E61: 2023 | F61: 48 164 186 195 199 | G61: 14/12/2023 22/10/2024 21/02/2025 11/04/2025 27/06/2025 | H61: =2335418322+3972575976.14+1620940225.29+531655657.79+2434972236.12 -> 1.0895562e+10 | I61: Emergencias | J61: ELABORACIÓN DE DIAGNÓSTICOS, ESTUDIOS TÉCNICOS, DISEÑOS Y EJECUCIÓN DE OBRAS DE MEJORAMIENTO Y/U OBRAS REQUERIDAS PARA LA INFRAESTRUCTURA EDUCATIVA Y SUMINISTRO E INSTALACIÓN DE AULAS Y/O BATERÍAS SANITARIAS, EN SEDES AFECTADAS POR EMERGENCIA - GRUPO 7 | K61: TURBO SAN PEDRO DE UBALA UNGUIA EL CARMEN DE BOLIVAR MAGANGUE SAN JACINTO SAN BENIDO ABAD | L61: ANTIOQUIA CHOCO BOLIVAR SUCRE | M61: 7 | N61: 6 | O61: PAF-MENPNIE-O-004-2024 | P61: 010-2024 | Q61: 45359 | R61: OBRA | S61: CONTRATADO | T61: CONSORCIO MEJORAMIENTOS MEDTEC 2024 | U61: 901803620 | V61: 2254604891 | W61: =+H61-V61-X61+H62-X62 -> 80813431 | X61: =3972575976.14+1620940225.29+531655657.79+2434972236.12 -> 8.5601441e+09 | Z61: =+V61+X61 -> 1.0814749e+10 | AA61: =SUMIFS('6.Reportes de Pagos'!I:I,'6.Reportes de Pagos'!H:H,"<="&(EOMONTH(FECHA,-1)),'6.Reportes de Pagos'!D:D,$P61) -> 6.2339163e+09 | AB61: =SUMIFS('6.Reportes de Pagos'!J:J,'6.Reportes de Pagos'!H:H,"<="&(EOMONTH(FECHA,-1)),'6.Reportes de Pagos'!D:D,$P61) -> 6.2339163e+08 | AC61: 0 | AD61: =SUMIFS('6.Reportes de Pagos'!I:I,'6.Reportes de Pagos'!H:H,">"&(EOMONTH(FECHA,-1)),'6.Reportes de Pagos'!H:H,"<="&(EOMONTH(FECHA,0)),'6.Reportes de Pagos'!D:D,$P61) -> 9.8768157e+08 | AE61: =SUMIFS('6.Reportes de Pagos'!J:J,'6.Reportes de Pagos'!H:H,">"&(EOMONTH(FECHA,-1)),'6.Reportes de Pagos'!H:H,"<="&(EOMONTH(FECHA,0)),'6.Reportes de Pagos'!D:D,$P61) -> 98768157 | AF61: 0 | AG61: =SUMIFS('6.Reportes de Pagos'!I:I,'6.Reportes de Pagos'!H:H,"<="&(EOMONTH(FECHA,0)),'6.Reportes de Pagos'!D:D,$P61) -> 7.2215979e+09 | AH61: =SUMIFS('6.Reportes de Pagos'!J:J,'6.Reportes de Pagos'!H:H,"<="&(EOMONTH(FECHA,0)),'6.Reportes de Pagos'!D:D,$P61) -> 7.2215979e+08 | AI61: =+AC61+AF61 -> 0 | AK61: =+Z61+Z62-(AG61-AH61-AG62-AH62)-AI61-AI62 -> 7.3515146e+09 | AL61: =IFERROR(((AG61-AH61+AI61)/Z61),0) -> 0.6009791 | AM61: Vigente
B62: CO1.PCCNTR.5090635 | C62: 11424 | D62: NACION | E62: 2024 | F62: 195 | G62: 45758 | H62: 3.0362037e+09 | I62: Emergencias | S62: CONTRATADO | X62: 3.0362037e+09 | Z62: =+V62+X62 -> 3.0362037e+09 | AA62: =SUMIFS('6.Reportes de Pagos'!I:I,'6.Reportes de Pagos'!H:H,"<="&(EOMONTH(FECHA,-1)),'6.Reportes de Pagos'!D:D,$P62) -> 0 | AB62: =SUMIFS('6.Reportes de Pagos'!J:J,'6.Reportes de Pagos'!H:H,"<="&(EOMONTH(FECHA,-1)),'6.Reportes de Pagos'!D:D,$P62) -> 0 | AC62: 0 | AD62: =SUMIFS('6.Reportes de Pagos'!I:I,'6.Reportes de Pagos'!H:H,">"&(EOMONTH(FECHA,-1)),'6.Reportes de Pagos'!H:H,"<="&(EOMONTH(FECHA,0)),'6.Reportes de Pagos'!D:D,$P62) -> 0 | AE62: =SUMIFS('6.Reportes de Pagos'!J:J,'6.Reportes de Pagos'!H:H,">"&(EOMONTH(FECHA,-1)),'6.Reportes de Pagos'!H:H,"<="&(EOMONTH(FECHA,0)),'6.Reportes de Pagos'!D:D,$P62) -> 0 | AF62: 0 | AG62: =SUMIFS('6.Reportes de Pagos'!I:I,'6.Reportes de Pagos'!H:H,"<="&(EOMONTH(FECHA,0)),'6.Reportes de Pagos'!D:D,$P62) -> 0 | AH62: =SUMIFS('6.Reportes de Pagos'!J:J,'6.Reportes de Pagos'!H:H,"<="&(EOMONTH(FECHA,0)),'6.Reportes de Pagos'!D:D,$P62) -> 0 | AN62: 3.3021248e+09
A63: =+A61+1 -> 54 | B63: CO1.PCCNTR.5090635 | C63: 87123 | D63: NACION | E63: 2023 | F63: 50 165 196 200 | G63: 18/12/2023 22/10/2024 11/04/2025 27/06/2025 | H63: =502109790+519272174.86+67637077.54+265027763.88 -> 1.3540468e+09 | I63: Emergencias | J63: INTERVENTORÍA INTEGRAL (TÉCNICA, ADMINISTRATIVA, FINANCIERA, CONTABLE, AMBIENTAL, SOCIAL Y JURÍDICA) PARA LA ELABORACIÓN DE DIAGNÓSTICOS, ESTUDIOS TÉCNICOS, DISEÑOS Y EJECUCIÓN DE OBRAS DE MEJORAMIENTO Y/U OBRAS REQUERIDAS PARA LA INFRAESTRUCTURA EDUCATIVA Y SUMINISTRO E INSTALACIÓN DE AULAS Y/O BATERÍAS SANITARIAS, EN SEDES AFECTADAS POR EMERGENCIA - GRUPO 7 | K63: TURBO SAN PEDRO DE UBALA UNGUIA EL CARMEN DE BOLIVAR MAGANGUE SAN JACINTO SAN BENIDO ABAD | L63: ANTIOQUIA CHOCO BOLIVAR SUCRE | M63: 7 | N63: 6 | O63: PAF-MENPNIE-I-004-2024 | P63: 009-2024 | Q63: 45356 | R63: INTERVENTORIA | S63: CONTRATADO | T63: LUIS GUILLERMO NARVAEZ RICARDO | U63: 9050725 | V63: 471983203 | W63: =+H63-V63-X63 -> 30126587 | X63: =519272174.86+67637077.54+265027763.88 -> 8.5193702e+08 | Z63: =+V63+X63 -> 1.3239202e+09 | AA63: =SUMIFS('6.Reportes de Pagos'!I:I,'6.Reportes de Pagos'!H:H,"<="&(EOMONTH(FECHA,-1)),'6.Reportes de Pagos'!D:D,$P63) -> 7.7903702e+08 | AB63: =SUMIFS('6.Reportes de Pagos'!J:J,'6.Reportes de Pagos'!H:H,"<="&(EOMONTH(FECHA,-1)),'6.Reportes de Pagos'!D:D,$P63) -> 77903703 | AC63: 0 | AD63: =SUMIFS('6.Reportes de Pagos'!I:I,'6.Reportes de Pagos'!H:H,">"&(EOMONTH(FECHA,-1)),'6.Reportes de Pagos'!H:H,"<="&(EOMONTH(FECHA,0)),'6.Reportes de Pagos'!D:D,$P63) -> 40075442 | AE63: =SUMIFS('6.Reportes de Pagos'!J:J,'6.Reportes de Pagos'!H:H,">"&(EOMONTH(FECHA,-1)),'6.Reportes de Pagos'!H:H,"<="&(EOMONTH(FECHA,0)),'6.Reportes de Pagos'!D:D,$P63) -> 4007544.1 | AF63: 0 | AG63: =SUMIFS('6.Reportes de Pagos'!I:I,'6.Reportes de Pagos'!H:H,"<="&(EOMONTH(FECHA,0)),'6.Reportes de Pagos'!D:D,$P63) -> 8.1911246e+08 | AH63: =SUMIFS('6.Reportes de Pagos'!J:J,'6.Reportes de Pagos'!H:H,"<="&(EOMONTH(FECHA,0)),'6.Reportes de Pagos'!D:D,$P63) -> 81911247 | AI63: =+AC63+AF63 -> 0 | AK63: =+Z63+Z64-(AG63-AH63-AG64-AH64)-AI63-AI64 -> 8.5264013e+08 | AL63: =IFERROR(((AG63-AH63+AI63)/Z63),0) -> 0.55683205 | AM63: Vigente
B64: CO1.PCCNTR.5090635 | C64: 11424 | D64: NACION | E64: 2024 | F64: 196 | G64: 45758 | H64: 2.6592112e+08 | I64: Emergencias | S64: CONTRATADO | X64: 2.6592112e+08 | Z64: =+V64+X64 -> 2.6592112e+08 | AA64: =SUMIFS('6.Reportes de Pagos'!I:I,'6.Reportes de Pagos'!H:H,"<="&(EOMONTH(FECHA,-1)),'6.Reportes de Pagos'!D:D,$P64) -> 0 | AB64: =SUMIFS('6.Reportes de Pagos'!J:J,'6.Reportes de Pagos'!H:H,"<="&(EOMONTH(FECHA,-1)),'6.Reportes de Pagos'!D:D,$P64) -> 0 | AC64: 0 | AD64: =SUMIFS('6.Reportes de Pagos'!I:I,'6.Reportes de Pagos'!H:H,">"&(EOMONTH(FECHA,-1)),'6.Reportes de Pagos'!H:H,"<="&(EOMONTH(FECHA,0)),'6.Reportes de Pagos'!D:D,$P64) -> 0 | AE64: =SUMIFS('6.Reportes de Pagos'!J:J,'6.Reportes de Pagos'!H:H,">"&(EOMONTH(FECHA,-1)),'6.Reportes de Pagos'!H:H,"<="&(EOMONTH(FECHA,0)),'6.Reportes de Pagos'!D:D,$P64) -> 0 | AF64: 0 | AG64: =SUMIFS('6.Reportes de Pagos'!I:I,'6.Reportes de Pagos'!H:H,"<="&(EOMONTH(FECHA,0)),'6.Reportes de Pagos'!D:D,$P64) -> 0 | AH64: =SUMIFS('6.Reportes de Pagos'!J:J,'6.Reportes de Pagos'!H:H,"<="&(EOMONTH(FECHA,0)),'6.Reportes de Pagos'!D:D,$P64) -> 0
A65: =+A63+1 -> 55 | B65: CO1.PCCNTR.5090635 | C65: 87123 | D65: NACION | E65: 2023 | F65: 58 | G65: 45300 | H65: 413483220 | I65: Proyectos Estrategicos | J65: INTERVENTORÍA INTEGRAL, TÉCNICA, ADMINISTRATIVA, FINANCIERA, CONTABLE, AMBIENTAL, SOCIAL Y JURÍDICA A LA REVISIÓN, AJUSTE, COMPLEMENTACIÓN DE ESTUDIOS Y DISEÑOS, ASÍ COMO A LA CONSTRUCCIÓN, AMPLIACIÓN Y MEJORAMIENTO DE LA INSTITUCIÓN EDUCATIVA SAN JUAN BAUTISTA SEDE PRINCIPAL UBICADA EN EL MUNICIPIO DE CAIMITO DEL DEPARTAMENTO DE SUCRE | K65: CAIMITO | L65: SUCRE | M65: NA | N65: 1 | O65: PAF-MENPNIE-I-007-2024 | P65: 016-2024 | Q65: 45373 | R65: INTERVENTORIA | S65: CONTRATADO | T65: INTEVENTORÍAS Y CONSULTORÍAS S.A.S | U65: 900503646 | V65: 389595668 | W65: =+H65-V65 -> 23887552 | Z65: =+V65+X65 -> 389595668 | AA65: =SUMIFS('6.Reportes de Pagos'!I:I,'6.Reportes de Pagos'!H:H,"<="&(EOMONTH(FECHA,-1)),'6.Reportes de Pagos'!D:D,$P65) -> 44104915 | AB65: =SUMIFS('6.Reportes de Pagos'!J:J,'6.Reportes de Pagos'!H:H,"<="&(EOMONTH(FECHA,-1)),'6.Reportes de Pagos'!D:D,$P65) -> 4410491.5 | AC65: 0 | AD65: =SUMIFS('6.Reportes de Pagos'!I:I,'6.Reportes de Pagos'!H:H,">"&(EOMONTH(FECHA,-1)),'6.Reportes de Pagos'!H:H,"<="&(EOMONTH(FECHA,0)),'6.Reportes de Pagos'!D:D,$P65) -> 0 | AE65: =SUMIFS('6.Reportes de Pagos'!J:J,'6.Reportes de Pagos'!H:H,">"&(EOMONTH(FECHA,-1)),'6.Reportes de Pagos'!H:H,"<="&(EOMONTH(FECHA,0)),'6.Reportes de Pagos'!D:D,$P65) -> 0 | AF65: 0 | AG65: =SUMIFS('6.Reportes de Pagos'!I:I,'6.Reportes de Pagos'!H:H,"<="&(EOMONTH(FECHA,0)),'6.Reportes de Pagos'!D:D,$P65) -> 44104915 | AH65: =SUMIFS('6.Reportes de Pagos'!J:J,'6.Reportes de Pagos'!H:H,"<="&(EOMONTH(FECHA,0)),'6.Reportes de Pagos'!D:D,$P65) -> 4410491.5 | AI65: =+AC65+AF65 -> 0 | AK65: =+Z65-(AG65-AH65)-AI65 -> 3.4990124e+08 | AL65: =IFERROR(((AG65-AH65+AI65)/Z65),0) -> 0.1018862 | AM65: Vigente
A66: =+A65+1 -> 56 | B66: CO1.PCCNTR.5090635 | C66: 87123 | D66: NACION | E66: 2023 | F66: 63 | G66: 45303 | H66: 3414281550 | I66: Proyectos Estrategicos | J66: REVISIÓN, AJUSTE, COMPLEMENTACIÓN DE ESTUDIOS Y DISEÑOS, ASÍ COMO LA CONSTRUCCIÓN, AMPLIACIÓN Y MEJORAMIENTO DE LA INSTITUCIÓN EDUCATIVA SAN JUAN BAUTISTA SEDE PRINCIPAL UBICADA EN EL MUNICIPIO DE CAIMITO, DEPARTAMENTO DE SUCRE | K66: CAIMITO | L66: SUCRE | M66: NA | N66: 1 | O66: PAF-MENPNIE-O-006-2024 | P66: 029-2024 | Q66: 45478 | R66: OBRA | S66: CONTRATADO | T66: CONSORCIO INSTITUCIÓN SAN JUAN BAUTISTA | U66: 901835558 | V66: 3221231493 | W66: =+H66-V66 -> 193050057 | Z66: =+V66+X66 -> 3221231493 | AA66: =SUMIFS('6.Reportes de Pagos'!I:I,'6.Reportes de Pagos'!H:H,"<="&(EOMONTH(FECHA,-1)),'6.Reportes de Pagos'!D:D,$P66) -> 2.1143114e+08 | AB66: =SUMIFS('6.Reportes de Pagos'!J:J,'6.Reportes de Pagos'!H:H,"<="&(EOMONTH(FECHA,-1)),'6.Reportes de Pagos'!D:D,$P66) -> 21143114 | AC66: 0 | AD66: =SUMIFS('6.Reportes de Pagos'!I:I,'6.Reportes de Pagos'!H:H,">"&(EOMONTH(FECHA,-1)),'6.Reportes de Pagos'!H:H,"<="&(EOMONTH(FECHA,0)),'6.Reportes de Pagos'!D:D,$P66) -> 0 | AE66: =SUMIFS('6.Reportes de Pagos'!J:J,'6.Reportes de Pagos'!H:H,">"&(EOMONTH(FECHA,-1)),'6.Reportes de Pagos'!H:H,"<="&(EOMONTH(FECHA,0)),'6.Reportes de Pagos'!D:D,$P66) -> 0 | AF66: 0 | AG66: =SUMIFS('6.Reportes de Pagos'!I:I,'6.Reportes de Pagos'!H:H,"<="&(EOMONTH(FECHA,0)),'6.Reportes de Pagos'!D:D,$P66) -> 2.1143114e+08 | AH66: =SUMIFS('6.Reportes de Pagos'!J:J,'6.Reportes de Pagos'!H:H,"<="&(EOMONTH(FECHA,0)),'6.Reportes de Pagos'!D:D,$P66) -> 21143114 | AI66: =+AC66+AF66 -> 0 | AK66: =+Z66-(AG66-AH66)-AI66 -> 3.0309435e+09 | AL66: =IFERROR(((AG66-AH66+AI66)/Z66),0) -> 0.059073069 | AM66: Vigente
A67: =+A66+1 -> 57 | B67: CO1.PCCNTR.5090635 | C67: 87123 | D67: NACION | E67: 2023 | F67: 59 | G67: 45301 | H67: 1532454348 | I67: Emergencias | J67: ELABORACIÓN DE DIAGNÓSTICOS, ESTUDIOS TÉCNICOS, DISEÑOS Y EJECUCIÓN DE OBRAS DE MEJORAMIENTO Y/U OBRAS REQUERIDAS PARA LA INFRAESTRUCTURA EDUCATIVA Y SUMINISTRO E INSTALACIÓN DE AULAS Y/O BATERÍAS SANITARIAS, EN SEDES AFECTADAS POR EMERGENCIA - GRUPO 10 | K67: URIBIA/RIOHACHA/MAICAO/MANAURE | L67: LA GUAJIRA | M67: 10 | N67: 4 | O67: PAF-MENPNIE-O-023-2024 | P67: 022-2024 | Q67: 45420 | R67: OBRA | S67: CONTRATADO | T67: CONSORCIO LA GUAJIRA MEDTEC 2024 | U67: 901819116 | V67: 1465491420 | W67: =+H67-V67 -> 66962928 | Z67: =+V67+X67 -> 1465491420 | AA67: =SUMIFS('6.Reportes de Pagos'!I:I,'6.Reportes de Pagos'!H:H,"<="&(EOMONTH(FECHA,-1)),'6.Reportes de Pagos'!D:D,$P67) -> 1465491420 | AB67: =SUMIFS('6.Reportes de Pagos'!J:J,'6.Reportes de Pagos'!H:H,"<="&(EOMONTH(FECHA,-1)),'6.Reportes de Pagos'!D:D,$P67) -> 146549142 | AC67: 0 | AD67: =SUMIFS('6.Reportes de Pagos'!I:I,'6.Reportes de Pagos'!H:H,">"&(EOMONTH(FECHA,-1)),'6.Reportes de Pagos'!H:H,"<="&(EOMONTH(FECHA,0)),'6.Reportes de Pagos'!D:D,$P67) -> 0 | AE67: =SUMIFS('6.Reportes de Pagos'!J:J,'6.Reportes de Pagos'!H:H,">"&(EOMONTH(FECHA,-1)),'6.Reportes de Pagos'!H:H,"<="&(EOMONTH(FECHA,0)),'6.Reportes de Pagos'!D:D,$P67) -> -146549142 | AF67: 0 | AG67: =SUMIFS('6.Reportes de Pagos'!I:I,'6.Reportes de Pagos'!H:H,"<="&(EOMONTH(FECHA,0)),'6.Reportes de Pagos'!D:D,$P67) -> 1465491420 | AH67: =SUMIFS('6.Reportes de Pagos'!J:J,'6.Reportes de Pagos'!H:H,"<="&(EOMONTH(FECHA,0)),'6.Reportes de Pagos'!D:D,$P67) -> 0 | AI67: =+AC67+AF67 -> 0 | AK67: =+Z67-(AG67-AH67)-AI67 -> 0 | AL67: =IFERROR(((AG67-AH67+AI67)/Z67),0) -> 1 | AM67: LIQUIDADO JUNIO 2025
A68: =+A67+1 -> 58 | B68: CO1.PCCNTR.5090635 | C68: 87123 | D68: NACION | E68: 2023 | F68: 67 | G68: 45308 | H68: 359610130 | I68: Emergencias | J68: INTERVENTORÍA INTEGRAL (TÉCNICA, ADMINISTRATIVA, FINANCIERA, CONTABLE, AMBIENTAL, SOCIAL Y JURÍDICA) PARA LA ELABORACIÓN DE DIAGNÓSTICOS, ESTUDIOS TÉCNICOS, DISEÑOS Y EJECUCIÓN DE OBRAS DE MEJORAMIENTO Y/U OBRAS REQUERIDAS PARA LA INFRAESTRUCTURA EDUCATIVA Y SUMINISTRO E INSTALACIÓN DE AULAS Y/O BATERÍAS SANITARIAS, EN SEDES AFECTADAS POR EMERGENCIA - GRUPO 10 | K68: URIBIA/RIOHACHA/MAICAO/MANAURE | L68: LA GUAJIRA | M68: 10 | N68: 4 | O68: PAF-MENPNIE-I-021-2024 | P68: 021-2024 | Q68: 45411 | R68: INTERVENTORIA | S68: CONTRATADO | T68: CONSORCIO GUAJIRO 021 | U68: 901820483 | V68: 337131848 | W68: =+H68-V68 -> 22478282 | Z68: =+V68+X68 -> 337131848 | AA68: =SUMIFS('6.Reportes de Pagos'!I:I,'6.Reportes de Pagos'!H:H,"<="&(EOMONTH(FECHA,-1)),'6.Reportes de Pagos'!D:D,$P68) -> 337131848 | AB68: =SUMIFS('6.Reportes de Pagos'!J:J,'6.Reportes de Pagos'!H:H,"<="&(EOMONTH(FECHA,-1)),'6.Reportes de Pagos'!D:D,$P68) -> 33713185 | AC68: 0 | AD68: =SUMIFS('6.Reportes de Pagos'!I:I,'6.Reportes de Pagos'!H:H,">"&(EOMONTH(FECHA,-1)),'6.Reportes de Pagos'!H:H,"<="&(EOMONTH(FECHA,0)),'6.Reportes de Pagos'!D:D,$P68) -> 0 | AE68: =SUMIFS('6.Reportes de Pagos'!J:J,'6.Reportes de Pagos'!H:H,">"&(EOMONTH(FECHA,-1)),'6.Reportes de Pagos'!H:H,"<="&(EOMONTH(FECHA,0)),'6.Reportes de Pagos'!D:D,$P68) -> 0 | AF68: 0 | AG68: =SUMIFS('6.Reportes de Pagos'!I:I,'6.Reportes de Pagos'!H:H,"<="&(EOMONTH(FECHA,0)),'6.Reportes de Pagos'!D:D,$P68) -> 337131848 | AH68: =SUMIFS('6.Reportes de Pagos'!J:J,'6.Reportes de Pagos'!H:H,"<="&(EOMONTH(FECHA,0)),'6.Reportes de Pagos'!D:D,$P68) -> 33713185 | AI68: =+AC68+AF68 -> 0 | AK68: =+Z68-(AG68-AH68)-AI68 -> 33713185 | AL68: =IFERROR(((AG68-AH68+AI68)/Z68),0) -> 0.9 | AM68: En Liquidación
A69: =+A68+1 -> 59 | B69: CO1.PCCNTR.5090635 | C69: 87123 | D69: NACION | E69: 2023 | F69: 60 | G69: 45302 | H69: 962283090 | I69: Proyectos Estrategicos | J69: INTERVENTORÍA TÉCNICA, ADMINISTRATIVA, FINANCIERA, CONTABLE, AMBIENTAL, SOCIAL Y JURÍDICA A LA REVISIÓN, AJUSTE Y COMPLEMENTACIÓN DE ESTUDIOS Y DISEÑOS, DEMOLICIÓN Y CONSTRUCCIÓN DE LA INSTITUCIÓN EDUCATIVA SAN JOSE - SEDE PRINCIPAL UBICADA EN EL MUNICIPIO DE SAN JOSE DEL PALMAR, DEPARTAMENTO DE CHOCÓ | K69: SAN JOSÉ DEL PALMAR | L69: CHOCÓ | M69: NA | N69: 1 | O69: PAF-MENPNIE-I-011-2024 | P69: 057-2024 | Q69: 45625 | R69: INTERVENTORIA | S69: CONTRATADO | T69: CONSORCIO EDIFICACIONES 2024 | U69: 901808808 | V69: 907048041 | W69: =+H69-V69 -> 55235049 | Z69: =+V69+X69 -> 907048041 | AA69: =SUMIFS('6.Reportes de Pagos'!I:I,'6.Reportes de Pagos'!H:H,"<="&(EOMONTH(FECHA,-1)),'6.Reportes de Pagos'!D:D,$P69) -> 0 | AB69: =SUMIFS('6.Reportes de Pagos'!J:J,'6.Reportes de Pagos'!H:H,"<="&(EOMONTH(FECHA,-1)),'6.Reportes de Pagos'!D:D,$P69) -> 0 | AC69: 0 | AD69: =SUMIFS('6.Reportes de Pagos'!I:I,'6.Reportes de Pagos'!H:H,">"&(EOMONTH(FECHA,-1)),'6.Reportes de Pagos'!H:H,"<="&(EOMONTH(FECHA,0)),'6.Reportes de Pagos'!D:D,$P69) -> 0 | AE69: =SUMIFS('6.Reportes de Pagos'!J:J,'6.Reportes de Pagos'!H:H,">"&(EOMONTH(FECHA,-1)),'6.Reportes de Pagos'!H:H,"<="&(EOMONTH(FECHA,0)),'6.Reportes de Pagos'!D:D,$P69) -> 0 | AF69: 0 | AG69: =SUMIFS('6.Reportes de Pagos'!I:I,'6.Reportes de Pagos'!H:H,"<="&(EOMONTH(FECHA,0)),'6.Reportes de Pagos'!D:D,$P69) -> 0 | AH69: =SUMIFS('6.Reportes de Pagos'!J:J,'6.Reportes de Pagos'!H:H,"<="&(EOMONTH(FECHA,0)),'6.Reportes de Pagos'!D:D,$P69) -> 0 | AI69: =+AC69+AF69 -> 0 | AK69: =+Z69-(AG69-AH69)-AI69 -> 907048041 | AL69: =IFERROR(((AG69-AH69+AI69)/Z69),0) -> 0 | AM69: Vigente
A70: =+A69+1 -> 60 | B70: CO1.PCCNTR.5090635 | C70: 87123 | D70: NACION | E70: 2023 | F70: 152 | G70: 45539 | H70: 13586357614 | I70: Proyectos Estrategicos | J70: LA REVISIÓN, AJUSTE Y COMPLEMENTACIÓN DE ESTUDIOS Y DISEÑOS, DEMOLICIÓN Y CONSTRUCCIÓN DE LA INSTITUCIÓN EDUCATIVA SAN JOSE - SEDE PRINCIPAL UBICADA EN EL MUNICIPIO DE SAN JOSE DEL PALMAR, DEPARTAMENTO DE CHOCÓ | K70: SAN JOSÉ DEL PALMAR | L70: CHOCÓ | M70: NA | N70: 1 | O70: PAF-MENPNIE-O-114-2024 | P70: 056-2024 | Q70: 45656 | R70: OBRA | S70: CONTRATADO | T70: CONSORCIO I.E SAN JOSÉ CHOCÓ 2024 | U70: 901892672 | V70: 13454936346 | W70: =+H70-V70 -> 131421268 | Z70: =+V70+X70 -> 13454936346 | AA70: =SUMIFS('6.Reportes de Pagos'!I:I,'6.Reportes de Pagos'!H:H,"<="&(EOMONTH(FECHA,-1)),'6.Reportes de Pagos'!D:D,$P70) -> 0 | AB70: =SUMIFS('6.Reportes de Pagos'!J:J,'6.Reportes de Pagos'!H:H,"<="&(EOMONTH(FECHA,-1)),'6.Reportes de Pagos'!D:D,$P70) -> 0 | AC70: 0 | AD70: =SUMIFS('6.Reportes de Pagos'!I:I,'6.Reportes de Pagos'!H:H,">"&(EOMONTH(FECHA,-1)),'6.Reportes de Pagos'!H:H,"<="&(EOMONTH(FECHA,0)),'6.Reportes de Pagos'!D:D,$P70) -> 0 | AE70: =SUMIFS('6.Reportes de Pagos'!J:J,'6.Reportes de Pagos'!H:H,">"&(EOMONTH(FECHA,-1)),'6.Reportes de Pagos'!H:H,"<="&(EOMONTH(FECHA,0)),'6.Reportes de Pagos'!D:D,$P70) -> 0 | AF70: 0 | AG70: =SUMIFS('6.Reportes de Pagos'!I:I,'6.Reportes de Pagos'!H:H,"<="&(EOMONTH(FECHA,0)),'6.Reportes de Pagos'!D:D,$P70) -> 0 | AH70: =SUMIFS('6.Reportes de Pagos'!J:J,'6.Reportes de Pagos'!H:H,"<="&(EOMONTH(FECHA,0)),'6.Reportes de Pagos'!D:D,$P70) -> 0 | AI70: =+AC70+AF70 -> 0 | AK70: =+Z70-(AG70-AH70)-AI70 -> 13454936346 | AL70: =IFERROR(((AG70-AH70+AI70)/Z70),0) -> 0 | AM70: Vigente
A71: =+A70+1 -> 61 | B71: CO1.PCCNTR.5090635 | C71: 87123 | D71: NACION | E71: 2023 | F71: 61 | G71: 45303 | H71: 2335418322 | I71: Emergencias | J71: ELABORACIÓN DE DIAGNÓSTICOS, ESTUDIOS TÉCNICOS, DISEÑOS Y EJECUCIÓN DE OBRAS DE MEJORAMIENTO Y/U OBRAS REQUERIDAS PARA LA INFRAESTRUCTURA EDUCATIVA Y SUMINISTRO E INSTALACIÓN DE AULAS Y/O BATERÍAS SANITARIAS, EN SEDES AFECTADAS POR EMERGENCIA - GRUPO 9 | K71: AGUSTIN CODAZZI / BOSCONIA / MANAURE BALCÓN DEL CESÁR / VALLEDUPAR /ARACATACA / FUNDACIÓN | L71: CESÁR MAGDALENA | M71: 9 | N71: 6 | O71: PAF-MENPNIE-O-021-2024 | P71: 018-2024 | Q71: 45411 | R71: OBRA | S71: CONTRATADO | T71: DIARQCO CONSTRUCTORES S.A.S | U71: 900185357 | V71: 2256714724 | W71: =+H71-V71 -> 78703598 | Z71: =+V71+X71 -> 2256714724 | AA71: =SUMIFS('6.Reportes de Pagos'!I:I,'6.Reportes de Pagos'!H:H,"<="&(EOMONTH(FECHA,-1)),'6.Reportes de Pagos'!D:D,$P71) -> 2256714724 | AB71: =SUMIFS('6.Reportes de Pagos'!J:J,'6.Reportes de Pagos'!H:H,"<="&(EOMONTH(FECHA,-1)),'6.Reportes de Pagos'!D:D,$P71) -> 2.2567147e+08 | AC71: 0 | AD71: =SUMIFS('6.Reportes de Pagos'!I:I,'6.Reportes de Pagos'!H:H,">"&(EOMONTH(FECHA,-1)),'6.Reportes de Pagos'!H:H,"<="&(EOMONTH(FECHA,0)),'6.Reportes de Pagos'!D:D,$P71) -> 0 | AE71: =SUMIFS('6.Reportes de Pagos'!J:J,'6.Reportes de Pagos'!H:H,">"&(EOMONTH(FECHA,-1)),'6.Reportes de Pagos'!H:H,"<="&(EOMONTH(FECHA,0)),'6.Reportes de Pagos'!D:D,$P71) -> 0 | AF71: 0 | AG71: =SUMIFS('6.Reportes de Pagos'!I:I,'6.Reportes de Pagos'!H:H,"<="&(EOMONTH(FECHA,0)),'6.Reportes de Pagos'!D:D,$P71) -> 2256714724 | AH71: =SUMIFS('6.Reportes de Pagos'!J:J,'6.Reportes de Pagos'!H:H,"<="&(EOMONTH(FECHA,0)),'6.Reportes de Pagos'!D:D,$P71) -> 2.2567147e+08 | AI71: =+AC71+AF71 -> 0 | AK71: =+Z71-(AG71-AH71)-AI71 -> 2.2567147e+08 | AL71: =IFERROR(((AG71-AH71+AI71)/Z71),0) -> 0.9 | AM71: En Liquidación
A72: =+A71+1 -> 62 | B72: CO1.PCCNTR.5090635 | C72: 87123 | D72: NACION | E72: 2023 | F72: 66 | G72: 45308 | H72: 502109790 | I72: Emergencias | J72: INTERVENTORÍA INTEGRAL (TÉCNICA, ADMINISTRATIVA, FINANCIERA, CONTABLE, AMBIENTAL, SOCIAL Y JURÍDICA)PARA LA ELABORACIÓN DE DIAGNÓSTICOS, ESTUDIOS TÉCNICOS, DISEÑOS Y EJECUCIÓN DE OBRAS DE MEJORAMIENTO Y/U OBRAS REQUERIDAS PARA LA INFRAESTRUCTURA EDUCATIVA Y SUMINISTRO E INSTALACIÓN DE AULAS Y/O BATERÍAS SANITARIAS, EN SEDES AFECTADAS POR EMERGENCIA - GRUPO 9 | K72: AGUSTIN CODAZZI / BOSCONIA / MANAURE BALCÓN DEL CESÁR / VALLEDUPAR /ARACATACA / FUNDACIÓN | L72: CESÁR MAGDALENA | M72: 9 | N72: 6 | O72: PAF-MENPNIE-I-019-2024 | P72: 017-2024 | Q72: 45373 | R72: INTERVENTORIA | S72: CONTRATADO | T72: LUIS GUILLERMO NARVAEZ RICARDO | U72: 9050725 | V72: 471983203 | W72: =+H72-V72 -> 30126587 | Z72: =+V72+X72 -> 471983203 | AA72: =SUMIFS('6.Reportes de Pagos'!I:I,'6.Reportes de Pagos'!H:H,"<="&(EOMONTH(FECHA,-1)),'6.Reportes de Pagos'!D:D,$P72) -> 4.3937764e+08 | AB72: =SUMIFS('6.Reportes de Pagos'!J:J,'6.Reportes de Pagos'!H:H,"<="&(EOMONTH(FECHA,-1)),'6.Reportes de Pagos'!D:D,$P72) -> 43937764 | AC72: 0 | AD72: =SUMIFS('6.Reportes de Pagos'!I:I,'6.Reportes de Pagos'!H:H,">"&(EOMONTH(FECHA,-1)),'6.Reportes de Pagos'!H:H,"<="&(EOMONTH(FECHA,0)),'6.Reportes de Pagos'!D:D,$P72) -> 0 | AE72: =SUMIFS('6.Reportes de Pagos'!J:J,'6.Reportes de Pagos'!H:H,">"&(EOMONTH(FECHA,-1)),'6.Reportes de Pagos'!H:H,"<="&(EOMONTH(FECHA,0)),'6.Reportes de Pagos'!D:D,$P72) -> 0 | AF72: 0 | AG72: =SUMIFS('6.Reportes de Pagos'!I:I,'6.Reportes de Pagos'!H:H,"<="&(EOMONTH(FECHA,0)),'6.Reportes de Pagos'!D:D,$P72) -> 4.3937764e+08 | AH72: =SUMIFS('6.Reportes de Pagos'!J:J,'6.Reportes de Pagos'!H:H,"<="&(EOMONTH(FECHA,0)),'6.Reportes de Pagos'!D:D,$P72) -> 43937764 | AI72: =+AC72+AF72 -> 0 | AK72: =+Z72-(AG72-AH72)-AI72 -> 76543329 | AL72: =IFERROR(((AG72-AH72+AI72)/Z72),0) -> 0.83782616 | AM72: Vigente
A73: =+A72+1 -> 63 | B73: CO1.PCCNTR.5090635 | C73: 87123 | D73: NACION | E73: 2023 | F73: 69 | G73: 45313 | H73: 359610130 | I73: Emergencias | J73: INTERVENTORÍA INTEGRAL (TÉCNICA, ADMINISTRATIVA, FINANCIERA, CONTABLE, AMBIENTAL, SOCIAL Y JURÍDICA) PARA LA ELABORACIÓN DE DIAGNÓSTICOS, ESTUDIOS TÉCNICOS, DISEÑOS Y EJECUCIÓN DE OBRAS DE MEJORAMIENTO Y/U OBRAS REQUERIDAS PARA LA INFRAESTRUCTURA EDUCATIVA Y SUMINISTRO E INSTALACIÓN DE AULAS Y/O BATERÍAS SANITARIAS, EN SEDES AFECTADAS POR EMERGENCIA - GRUPO 1 | K73: FLORENCIA / PTO LEGUIZAMO - SAN MIGUEL / SAN JOSE DEL GUAVIARE | L73: CAQUETA / PUTUMAYO / GUAVIARE | M73: 1 | N73: 4 | R73: INTERVENTORIA | S73: POR CONTRATAR | W73: =+H73-V73 -> 359610130 | Z73: =+V73+X73 -> 0 | AA73: =SUMIFS('6.Reportes de Pagos'!I:I,'6.Reportes de Pagos'!H:H,"<="&(EOMONTH(FECHA,-1)),'6.Reportes de Pagos'!D:D,$P73) -> 0 | AB73: =SUMIFS('6.Reportes de Pagos'!J:J,'6.Reportes de Pagos'!H:H,"<="&(EOMONTH(FECHA,-1)),'6.Reportes de Pagos'!D:D,$P73) -> 0 | AC73: 0 | AD73: =SUMIFS('6.Reportes de Pagos'!I:I,'6.Reportes de Pagos'!H:H,">"&(EOMONTH(FECHA,-1)),'6.Reportes de Pagos'!H:H,"<="&(EOMONTH(FECHA,0)),'6.Reportes de Pagos'!D:D,$P73) -> 0 | AE73: =SUMIFS('6.Reportes de Pagos'!J:J,'6.Reportes de Pagos'!H:H,">"&(EOMONTH(FECHA,-1)),'6.Reportes de Pagos'!H:H,"<="&(EOMONTH(FECHA,0)),'6.Reportes de Pagos'!D:D,$P73) -> 0 | AF73: 0 | AG73: =SUMIFS('6.Reportes de Pagos'!I:I,'6.Reportes de Pagos'!H:H,"<="&(EOMONTH(FECHA,0)),'6.Reportes de Pagos'!D:D,$P73) -> 0 | AH73: =SUMIFS('6.Reportes de Pagos'!J:J,'6.Reportes de Pagos'!H:H,"<="&(EOMONTH(FECHA,0)),'6.Reportes de Pagos'!D:D,$P73) -> 0 | AI73: =+AC73+AF73 -> 0 | AK73: =+Z73-(AG73-AH73)-AI73 -> 0 | AL73: =IFERROR(((AG73-AH73+AI73)/Z73),0) -> 0 | AM73: POR CONTRATAR
A74: =+A73+1 -> 64 | B74: CO1.PCCNTR.5090635 | C74: 87123 | D74: NACION | E74: 2023 | F74: 71 | G74: 45313 | H74: 1532454348 | I74: Emergencias | J74: ELABORACIÓN DE DIAGNÓSTICOS, ESTUDIOS TÉCNICOS, DISEÑOS Y EJECUCIÓN DE OBRAS DE MEJORAMIENTO Y/U OBRAS REQUERIDAS PARA LA INFRAESTRUCTURA EDUCATIVA Y SUMINISTRO E INSTALACIÓN DE AULAS Y/O BATERÍAS SANITARIAS, EN SEDES AFECTADAS POR EMERGENCIA - GRUPO 1 | K74: FLORENCIA / PTO LEGUIZAMO - SAN MIGUEL / SAN JOSE DEL GUAVIARE | L74: CAQUETA / PUTUMAYO / GUAVIARE | M74: 1 | N74: 4 | R74: OBRA | S74: POR CONTRATAR | W74: =+H74-V74 -> 1532454348 | Z74: =+V74+X74 -> 0 | AA74: =SUMIFS('6.Reportes de Pagos'!I:I,'6.Reportes de Pagos'!H:H,"<="&(EOMONTH(FECHA,-1)),'6.Reportes de Pagos'!D:D,$P74) -> 0 | AB74: =SUMIFS('6.Reportes de Pagos'!J:J,'6.Reportes de Pagos'!H:H,"<="&(EOMONTH(FECHA,-1)),'6.Reportes de Pagos'!D:D,$P74) -> 0 | AC74: 0 | AD74: =SUMIFS('6.Reportes de Pagos'!I:I,'6.Reportes de Pagos'!H:H,">"&(EOMONTH(FECHA,-1)),'6.Reportes de Pagos'!H:H,"<="&(EOMONTH(FECHA,0)),'6.Reportes de Pagos'!D:D,$P74) -> 0 | AE74: =SUMIFS('6.Reportes de Pagos'!J:J,'6.Reportes de Pagos'!H:H,">"&(EOMONTH(FECHA,-1)),'6.Reportes de Pagos'!H:H,"<="&(EOMONTH(FECHA,0)),'6.Reportes de Pagos'!D:D,$P74) -> 0 | AF74: 0 | AG74: =SUMIFS('6.Reportes de Pagos'!I:I,'6.Reportes de Pagos'!H:H,"<="&(EOMONTH(FECHA,0)),'6.Reportes de Pagos'!D:D,$P74) -> 0 | AH74: =SUMIFS('6.Reportes de Pagos'!J:J,'6.Reportes de Pagos'!H:H,"<="&(EOMONTH(FECHA,0)),'6.Reportes de Pagos'!D:D,$P74) -> 0 | AI74: =+AC74+AF74 -> 0 | AK74: =+Z74-(AG74-AH74)-AI74 -> 0 | AL74: =IFERROR(((AG74-AH74+AI74)/Z74),0) -> 0 | AM74: POR CONTRATAR
A75: =+A74+1 -> 65 | B75: CO1.PCCNTR.5090635 | C75: 87123 | D75: NACION | E75: 2023 | F75: 138 | G75: 45489 | H75: 1900764019 | I75: Emergencias | J75: ELABORACIÓN DE DIAGNÓSTICOS, ESTUDIOS TÉCNICOS, DISEÑOS Y EJECUCIÓN DE OBRAS DE MEJORAMIENTO Y/U OBRAS REQUERIDAS PARA LA INFRAESTRUCTURA EDUCATIVA Y SUMINISTRO E INSTALACIÓN DE AULAS Y/O BATERÍAS SANITARIAS, EN SEDES AFECTADAS POR EMERGENCIA - GRUPO 4 | K75: MEDIO ATRATO/BOJAYÁ /LLORÓ/QUIBDO/RIO QUITO | L75: CHOCÓ | M75: 4 | N75: 5 | O75: PAF-MENPNIE-O-098-2024 | P75: 045-2024 | Q75: 45565 | R75: OBRA | S75: CONTRATADO | T75: UNIÓN TEMPORAL OLCE CARIBE | U75: 901871560 | V75: 1899188797 | W75: =+H75-V75 -> 1575222 | Y75: 24260223 | Z75: =+V75+X75 -> 1899188797 | AA75: =SUMIFS('6.Reportes de Pagos'!I:I,'6.Reportes de Pagos'!H:H,"<="&(EOMONTH(FECHA,-1)),'6.Reportes de Pagos'!D:D,$P75) -> 3.1362669e+08 | AB75: =SUMIFS('6.Reportes de Pagos'!J:J,'6.Reportes de Pagos'!H:H,"<="&(EOMONTH(FECHA,-1)),'6.Reportes de Pagos'!D:D,$P75) -> 31362669 | AC75: 0 | AD75: =SUMIFS('6.Reportes de Pagos'!I:I,'6.Reportes de Pagos'!H:H,">"&(EOMONTH(FECHA,-1)),'6.Reportes de Pagos'!H:H,"<="&(EOMONTH(FECHA,0)),'6.Reportes de Pagos'!D:D,$P75) -> 86672818 | AE75: =SUMIFS('6.Reportes de Pagos'!J:J,'6.Reportes de Pagos'!H:H,">"&(EOMONTH(FECHA,-1)),'6.Reportes de Pagos'!H:H,"<="&(EOMONTH(FECHA,0)),'6.Reportes de Pagos'!D:D,$P75) -> 8667281.8 | AF75: 0 | AG75: =SUMIFS('6.Reportes de Pagos'!I:I,'6.Reportes de Pagos'!H:H,"<="&(EOMONTH(FECHA,0)),'6.Reportes de Pagos'!D:D,$P75) -> 4.0029951e+08 | AH75: =SUMIFS('6.Reportes de Pagos'!J:J,'6.Reportes de Pagos'!H:H,"<="&(EOMONTH(FECHA,0)),'6.Reportes de Pagos'!D:D,$P75) -> 40029951 | AI75: =+AC75+AF75 -> 0 | AK75: =+Z75-(AG75-AH75)-AI75 -> 1.5389192e+09 | AL75: =IFERROR(((AG75-AH75+AI75)/Z75),0) -> 0.18969655 | AM75: En Liquidación
A76: =+A75+1 -> 66 | B76: CO1.PCCNTR.5090635 | C76: 87123 | D76: NACION | E76: 2023 | F76: 74 | G76: 45314 | H76: 464289510 | I76: Emergencias | J76: INTERVENTORÍA INTEGRAL (TÉCNICA, ADMINISTRATIVA, FINANCIERA, CONTABLE, AMBIENTAL, SOCIAL Y JURÍDICA) PARA LA ELABORACIÓN DE DIAGNÓSTICOS, ESTUDIOS TÉCNICOS, DISEÑOS Y EJECUCIÓN DE OBRAS DE MEJORAMIENTO Y/U OBRAS REQUERIDAS PARA LA INFRAESTRUCTURA EDUCATIVA Y SUMINISTRO E INSTALACIÓN DE AULAS Y/O BATERÍAS SANITARIAS, EN SEDES AFECTADAS POR EMERGENCIA - GRUPO 4 | K76: MEDIO ATRATO/BOJAYÁ /LLORÓ/QUIBDO/RIO QUITO | L76: CHOCÓ | M76: 4 | N76: 5 | O76: PAF-MENPNIE-I-016-2024 | P76: 044-2024 | Q76: 45559 | R76: INTERVENTORIA | S76: CONTRATADO | T76: CONSORCIO INTERVENTORÍA 5T-CCA G4 | U76: 901871898 | V76: 437360718 | W76: =+H76-V76 -> 26928792 | X76: 24260223 | Z76: =+V76+X76 -> 461620941 | AA76: =SUMIFS('6.Reportes de Pagos'!I:I,'6.Reportes de Pagos'!H:H,"<="&(EOMONTH(FECHA,-1)),'6.Reportes de Pagos'!D:D,$P76) -> 1.9784464e+08 | AB76: =SUMIFS('6.Reportes de Pagos'!J:J,'6.Reportes de Pagos'!H:H,"<="&(EOMONTH(FECHA,-1)),'6.Reportes de Pagos'!D:D,$P76) -> 19784464 | AC76: 0 | AD76: =SUMIFS('6.Reportes de Pagos'!I:I,'6.Reportes de Pagos'!H:H,">"&(EOMONTH(FECHA,-1)),'6.Reportes de Pagos'!H:H,"<="&(EOMONTH(FECHA,0)),'6.Reportes de Pagos'!D:D,$P76) -> 30769726 | AE76: =SUMIFS('6.Reportes de Pagos'!J:J,'6.Reportes de Pagos'!H:H,">"&(EOMONTH(FECHA,-1)),'6.Reportes de Pagos'!H:H,"<="&(EOMONTH(FECHA,0)),'6.Reportes de Pagos'!D:D,$P76) -> 3076972.6 | AF76: 0 | AG76: =SUMIFS('6.Reportes de Pagos'!I:I,'6.Reportes de Pagos'!H:H,"<="&(EOMONTH(FECHA,0)),'6.Reportes de Pagos'!D:D,$P76) -> 2.2861437e+08 | AH76: =SUMIFS('6.Reportes de Pagos'!J:J,'6.Reportes de Pagos'!H:H,"<="&(EOMONTH(FECHA,0)),'6.Reportes de Pagos'!D:D,$P76) -> 22861437 | AI76: =+AC76+AF76 -> 0 | AK76: =+Z76-(AG76-AH76)-AI76 -> 2.5586801e+08 | AL76: =IFERROR(((AG76-AH76+AI76)/Z76),0) -> 0.44571837 | AM76: Vigente
A77: =+A76+1 -> 67 | B77: CO1.PCCNTR.5090635 | C77: 87123 | D77: NACION | E77: 2023 | F77: 166 | G77: 45590 | H77: 1900764019 | I77: Emergencias | J77: ELABORACIÓN DE DIAGNÓSTICOS, ESTUDIOS TÉCNICOS, DISEÑOS Y EJECUCIÓN DE OBRAS DE MEJORAMIENTO Y/U OBRAS REQUERIDAS PARA LA INFRAESTRUCTURA EDUCATIVA Y SUMINISTRO E INSTALACIÓN DE AULAS Y/O BATERÍAS SANITARIAS, EN SEDES AFECTADAS POR EMERGENCIA - GRUPO 2”. | K77: ROBERTO PAYAN / EL TAMBO / LOPEZ DE MICAY / BALBOA / ARGELIA | L77: NARIÑO CAUCA | M77: 2 | N77: 5 | O77: PAF-MENPNIE-O-153-2024 | P77: 062-2024 | Q77: 45672 | R77: OBRA | S77: CONTRATADO | T77: CONSORCIO GRUPO 2 | U77: 901895097 | V77: 1900764019 | W77: =+H77-V77 -> 0 | Z77: =+V77+X77 -> 1900764019 | AA77: =SUMIFS('6.Reportes de Pagos'!I:I,'6.Reportes de Pagos'!H:H,"<="&(EOMONTH(FECHA,-1)),'6.Reportes de Pagos'!D:D,$P77) -> 538635817 | AB77: =SUMIFS('6.Reportes de Pagos'!J:J,'6.Reportes de Pagos'!H:H,"<="&(EOMONTH(FECHA,-1)),'6.Reportes de Pagos'!D:D,$P77) -> 53863582 | AC77: 0 | AD77: =SUMIFS('6.Reportes de Pagos'!I:I,'6.Reportes de Pagos'!H:H,">"&(EOMONTH(FECHA,-1)),'6.Reportes de Pagos'!H:H,"<="&(EOMONTH(FECHA,0)),'6.Reportes de Pagos'!D:D,$P77) -> 420681388 | AE77: =SUMIFS('6.Reportes de Pagos'!J:J,'6.Reportes de Pagos'!H:H,">"&(EOMONTH(FECHA,-1)),'6.Reportes de Pagos'!H:H,"<="&(EOMONTH(FECHA,0)),'6.Reportes de Pagos'!D:D,$P77) -> 42068139 | AF77: 0 | AG77: =SUMIFS('6.Reportes de Pagos'!I:I,'6.Reportes de Pagos'!H:H,"<="&(EOMONTH(FECHA,0)),'6.Reportes de Pagos'!D:D,$P77) -> 959317205 | AH77: =SUMIFS('6.Reportes de Pagos'!J:J,'6.Reportes de Pagos'!H:H,"<="&(EOMONTH(FECHA,0)),'6.Reportes de Pagos'!D:D,$P77) -> 95931720 | AI77: =+AC77+AF77 -> 0 | AK77: =+Z77-(AG77-AH77)-AI77 -> 1.0373785e+09 | AL77: =IFERROR(((AG77-AH77+AI77)/Z77),0) -> 0.45423076 | AM77: Vigente
A78: =+A77+1 -> 68 | B78: CO1.PCCNTR.5090635 | C78: 87123 | D78: NACION | E78: 2023 | F78: 77 | G78: 45320 | H78: 464289510 | I78: Emergencias | J78: INTERVENTORÍA INTEGRAL (TÉCNICA, ADMINISTRATIVA, FINANCIERA, CONTABLE, AMBIENTAL, SOCIAL Y JURÍDICA) PARA LA ELABORACIÓN DE DIAGNÓSTICOS, ESTUDIOS TÉCNICOS, DISEÑOS Y EJECUCIÓN DE OBRAS DE MEJORAMIENTO Y/U OBRAS REQUERIDAS PARA LA INFRAESTRUCTURA EDUCATIVA Y SUMINISTRO E INSTALACIÓN DE AULAS Y/O BATERÍAS SANITARIAS, EN SEDES AFECTADAS POR EMERGENCIA - GRUPO 2 | K78: ROBERTO PAYÁN /EL TAMBO/ LOPEZ DE MICAY/ BALBOA /ARGELIA | L78: CAUCA | M78: 2 | N78: 5 | O78: PAF-MENPNIE-I-015-2024 | P78: 063-2024 | Q78: 45664 | R78: INTERVENTORIA | S78: CONTRATADO | T78: CONSORCIO CCA CONSTRUVALORES | U78: 901896417 | V78: 436107137 | W78: =+H78-V78 -> 28182373 | Z78: =+V78+X78 -> 436107137 | AA78: =SUMIFS('6.Reportes de Pagos'!I:I,'6.Reportes de Pagos'!H:H,"<="&(EOMONTH(FECHA,-1)),'6.Reportes de Pagos'!D:D,$P78) -> 1.8426686e+08 | AB78: =SUMIFS('6.Reportes de Pagos'!J:J,'6.Reportes de Pagos'!H:H,"<="&(EOMONTH(FECHA,-1)),'6.Reportes de Pagos'!D:D,$P78) -> 18426686 | AC78: 0 | AD78: =SUMIFS('6.Reportes de Pagos'!I:I,'6.Reportes de Pagos'!H:H,">"&(EOMONTH(FECHA,-1)),'6.Reportes de Pagos'!H:H,"<="&(EOMONTH(FECHA,0)),'6.Reportes de Pagos'!D:D,$P78) -> 67788112 | AE78: =SUMIFS('6.Reportes de Pagos'!J:J,'6.Reportes de Pagos'!H:H,">"&(EOMONTH(FECHA,-1)),'6.Reportes de Pagos'!H:H,"<="&(EOMONTH(FECHA,0)),'6.Reportes de Pagos'!D:D,$P78) -> 6778811.2 | AF78: 0 | AG78: =SUMIFS('6.Reportes de Pagos'!I:I,'6.Reportes de Pagos'!H:H,"<="&(EOMONTH(FECHA,0)),'6.Reportes de Pagos'!D:D,$P78) -> 2.5205497e+08 | AH78: =SUMIFS('6.Reportes de Pagos'!J:J,'6.Reportes de Pagos'!H:H,"<="&(EOMONTH(FECHA,0)),'6.Reportes de Pagos'!D:D,$P78) -> 25205497 | AI78: =+AC78+AF78 -> 0 | AK78: =+Z78-(AG78-AH78)-AI78 -> 2.0925767e+08 | AL78: =IFERROR(((AG78-AH78+AI78)/Z78),0) -> 0.52016913 | AM78: Vigente
A79: =+A78+1 -> 69 | B79: CO1.PCCNTR.5090635 | C79: 87123 | D79: NACION | E79: 2023 | F79: 78 | G79: 45322 | H79: 6944210003 | I79: Mejoramientos | J79: ELABORACIÓN DE DIAGNÓSTICOS, ESTUDIOS TÉCNICOS, DISEÑOS Y EJECUCIÓN DE OBRAS DE MEJORAMIENTO EN LAS INSTITUCIONES EDUCATIVAS OFICIALES DEL MUNICIPIO DE MAICAO DEL DEPARTAMENTO DE LA GUAJIRA (GRUPO 23), PRIORIZADAS POR EL MINISTERIO DE EDUCACIÓN NACIONAL Y VIABILIZADOS POR FINDETER | K79: MAICAO | L79: LA GUAJIRA | M79: 23 | N79: 21 | O79: PAF-MENPNIE-O-022-2024 | P79: 024-2024 | Q79: 45434 | R79: OBRA | S79: CONTRATADO | T79: CONSORCIO AULAS MAICAO 2024 | U79: 901830109 | V79: 6658190000 | W79: =+H79-V79 -> 286020003 | Y79: 60000000 | Z79: =+V79+X79 -> 6658190000 | AA79: =SUMIFS('6.Reportes de Pagos'!I:I,'6.Reportes de Pagos'!H:H,"<="&(EOMONTH(FECHA,-1)),'6.Reportes de Pagos'!D:D,$P79) -> 5.7409631e+09 | AB79: =SUMIFS('6.Reportes de Pagos'!J:J,'6.Reportes de Pagos'!H:H,"<="&(EOMONTH(FECHA,-1)),'6.Reportes de Pagos'!D:D,$P79) -> 5.7409631e+08 | AC79: 0 | AD79: =SUMIFS('6.Reportes de Pagos'!I:I,'6.Reportes de Pagos'!H:H,">"&(EOMONTH(FECHA,-1)),'6.Reportes de Pagos'!H:H,"<="&(EOMONTH(FECHA,0)),'6.Reportes de Pagos'!D:D,$P79) -> 0 | AE79: =SUMIFS('6.Reportes de Pagos'!J:J,'6.Reportes de Pagos'!H:H,">"&(EOMONTH(FECHA,-1)),'6.Reportes de Pagos'!H:H,"<="&(EOMONTH(FECHA,0)),'6.Reportes de Pagos'!D:D,$P79) -> 0 | AF79: 0 | AG79: =SUMIFS('6.Reportes de Pagos'!I:I,'6.Reportes de Pagos'!H:H,"<="&(EOMONTH(FECHA,0)),'6.Reportes de Pagos'!D:D,$P79) -> 5.7409631e+09 | AH79: =SUMIFS('6.Reportes de Pagos'!J:J,'6.Reportes de Pagos'!H:H,"<="&(EOMONTH(FECHA,0)),'6.Reportes de Pagos'!D:D,$P79) -> 5.7409631e+08 | AI79: =+AC79+AF79 -> 0 | AK79: =+Z79-(AG79-AH79)-AI79 -> 1.4913232e+09 | AL79: =IFERROR(((AG79-AH79+AI79)/Z79),0) -> 0.77601672 | AM79: Vigente
A80: =+A79+1 -> 70 | B80: CO1.PCCNTR.5090635 | C80: 87123 | D80: NACION | E80: 2023 | F80: 79 | G80: 45322 | H80: 321181280 | I80: Mejoramientos | J80: INTERVENTORÍA INTEGRAL (TÉCNICA, ADMINISTRATIVA, FINANCIERA, CONTABLE, AMBIENTAL, SOCIAL Y JURÍDICA) PARA LA ELABORACIÓN DE DIAGNÓSTICOS, ESTUDIOS TÉCNICOS, DISEÑOS Y EJECUCIÓN DE OBRAS DE MEJORAMIENTO EN LAS INSTITUCIONES EDUCATIVAS OFICIALES DEL MUNICIPIO DE MAICAO DEL DEPARTAMENTO DE LA GUAJIRA (GRUPO 23), PRIORIZADAS POR EL MINISTERIO DE EDUCACIÓN NACIONAL Y VIABILIZADOS POR FINDETER | K80: MAICAO | L80: LA GUAJIRA | M80: 23 | N80: 21 | O80: PAF-MENPENIE-I-020-2024 | P80: 023-2024 | Q80: 45412 | R80: INTERVENTORIA | S80: CONTRATADO | T80: ROBERTO JOSÉ CUELLO BUCHAAR | U80: 85476995 | V80: 302552766 | W80: =+H80-V80 -> 18628514 | X80: 60000000 | Z80: =+V80+X80 -> 362552766 | AA80: =SUMIFS('6.Reportes de Pagos'!I:I,'6.Reportes de Pagos'!H:H,"<="&(EOMONTH(FECHA,-1)),'6.Reportes de Pagos'!D:D,$P80) -> 3.0660377e+08 | AB80: =SUMIFS('6.Reportes de Pagos'!J:J,'6.Reportes de Pagos'!H:H,"<="&(EOMONTH(FECHA,-1)),'6.Reportes de Pagos'!D:D,$P80) -> 30660377 | AC80: 0 | AD80: =SUMIFS('6.Reportes de Pagos'!I:I,'6.Reportes de Pagos'!H:H,">"&(EOMONTH(FECHA,-1)),'6.Reportes de Pagos'!H:H,"<="&(EOMONTH(FECHA,0)),'6.Reportes de Pagos'!D:D,$P80) -> 0 | AE80: =SUMIFS('6.Reportes de Pagos'!J:J,'6.Reportes de Pagos'!H:H,">"&(EOMONTH(FECHA,-1)),'6.Reportes de Pagos'!H:H,"<="&(EOMONTH(FECHA,0)),'6.Reportes de Pagos'!D:D,$P80) -> 0 | AF80: 0 | AG80: =SUMIFS('6.Reportes de Pagos'!I:I,'6.Reportes de Pagos'!H:H,"<="&(EOMONTH(FECHA,0)),'6.Reportes de Pagos'!D:D,$P80) -> 3.0660377e+08 | AH80: =SUMIFS('6.Reportes de Pagos'!J:J,'6.Reportes de Pagos'!H:H,"<="&(EOMONTH(FECHA,0)),'6.Reportes de Pagos'!D:D,$P80) -> 30660377 | AI80: =+AC80+AF80 -> 0 | AK80: =+Z80-(AG80-AH80)-AI80 -> 86609375 | AL80: =IFERROR(((AG80-AH80+AI80)/Z80),0) -> 0.76111236 | AM80: Vigente
A81: =+A80+1 -> 71 | B81: CO1.PCCNTR.5090635 | C81: 87123 | D81: NACION | E81: 2023 | F81: 81 | G81: 45323 | H81: 3134001194 | I81: Mejoramientos | J81: ELABORACIÓN DE DIAGNÓSTICOS, ESTUDIOS TÉCNICOS, DISEÑOS Y EJECUCIÓN DE OBRAS DE MEJORAMIENTO EN LAS INSTITUCIONES EDUCATIVAS OFICIALES DEL DEPARTAMENTO DE NORTE DE SANTANDER (GRUPO 18) PRIORIZADAS POR EL MINISTERIO DE EDUCACION NACIONAL Y VIABILIZADOS POR FINDETER | K81: SARDINATA | L81: NORTE DE SANTANDER | M81: 18 | N81: 16 | R81: OBRA | S81: POR CONTRATAR | W81: =+H81-V81 -> 3134001194 | Z81: =+V81+X81 -> 0 | AA81: =SUMIFS('6.Reportes de Pagos'!I:I,'6.Reportes de Pagos'!H:H,"<="&(EOMONTH(FECHA,-1)),'6.Reportes de Pagos'!D:D,$P81) -> 0 | AB81: =SUMIFS('6.Reportes de Pagos'!J:J,'6.Reportes de Pagos'!H:H,"<="&(EOMONTH(FECHA,-1)),'6.Reportes de Pagos'!D:D,$P81) -> 0 | AC81: 0 | AD81: =SUMIFS('6.Reportes de Pagos'!I:I,'6.Reportes de Pagos'!H:H,">"&(EOMONTH(FECHA,-1)),'6.Reportes de Pagos'!H:H,"<="&(EOMONTH(FECHA,0)),'6.Reportes de Pagos'!D:D,$P81) -> 0 | AE81: =SUMIFS('6.Reportes de Pagos'!J:J,'6.Reportes de Pagos'!H:H,">"&(EOMONTH(FECHA,-1)),'6.Reportes de Pagos'!H:H,"<="&(EOMONTH(FECHA,0)),'6.Reportes de Pagos'!D:D,$P81) -> 0 | AF81: 0 | AG81: =SUMIFS('6.Reportes de Pagos'!I:I,'6.Reportes de Pagos'!H:H,"<="&(EOMONTH(FECHA,0)),'6.Reportes de Pagos'!D:D,$P81) -> 0 | AH81: =SUMIFS('6.Reportes de Pagos'!J:J,'6.Reportes de Pagos'!H:H,"<="&(EOMONTH(FECHA,0)),'6.Reportes de Pagos'!D:D,$P81) -> 0 | AI81: =+AC81+AF81 -> 0 | AK81: =+Z81-(AG81-AH81)-AI81 -> 0 | AL81: =IFERROR(((AG81-AH81+AI81)/Z81),0) -> 0 | AM81: POR CONTRATAR
A82: =+A81+1 -> 72 | B82: CO1.PCCNTR.5090635 | C82: 87123 | D82: NACION | E82: 2023 | F82: 82 | G82: 45323 | H82: 245945060 | I82: Mejoramientos | J82: INTERVENTORÍA INTEGRAL (TÉCNICA, ADMINISTRATIVA, FINANCIERA, CONTABLE, AMBIENTAL, SOCIAL Y JURÍDICA) PARA LA ELABORACIÓN DE DIAGNÓSTICOS, ESTUDIOS TÉCNICOS, DISEÑOS Y EJECUCIÓN DE OBRAS DE MEJORAMIENTO EN LAS INSTITUCIONES EDUCATIVAS OFICIALES DEL DEPARTAMENTO DE NORTE DE SANTANDER (GRUPO 18) PRIORIZADAS POR EL MINISTERIO DE EDUCACION NACIONAL Y VIABILIZADOS POR FINDETER” | K82: SARDINATA | L82: NORTE DE SANTANDER | M82: 18 | N82: 16 | R82: INTERVENTORIA | S82: POR CONTRATAR | W82: =+H82-V82 -> 245945060 | Z82: =+V82+X82 -> 0 | AA82: =SUMIFS('6.Reportes de Pagos'!I:I,'6.Reportes de Pagos'!H:H,"<="&(EOMONTH(FECHA,-1)),'6.Reportes de Pagos'!D:D,$P82) -> 0 | AB82: =SUMIFS('6.Reportes de Pagos'!J:J,'6.Reportes de Pagos'!H:H,"<="&(EOMONTH(FECHA,-1)),'6.Reportes de Pagos'!D:D,$P82) -> 0 | AC82: 0 | AD82: =SUMIFS('6.Reportes de Pagos'!I:I,'6.Reportes de Pagos'!H:H,">"&(EOMONTH(FECHA,-1)),'6.Reportes de Pagos'!H:H,"<="&(EOMONTH(FECHA,0)),'6.Reportes de Pagos'!D:D,$P82) -> 0 | AE82: =SUMIFS('6.Reportes de Pagos'!J:J,'6.Reportes de Pagos'!H:H,">"&(EOMONTH(FECHA,-1)),'6.Reportes de Pagos'!H:H,"<="&(EOMONTH(FECHA,0)),'6.Reportes de Pagos'!D:D,$P82) -> 0 | AF82: 0 | AG82: =SUMIFS('6.Reportes de Pagos'!I:I,'6.Reportes de Pagos'!H:H,"<="&(EOMONTH(FECHA,0)),'6.Reportes de Pagos'!D:D,$P82) -> 0 | AH82: =SUMIFS('6.Reportes de Pagos'!J:J,'6.Reportes de Pagos'!H:H,"<="&(EOMONTH(FECHA,0)),'6.Reportes de Pagos'!D:D,$P82) -> 0 | AI82: =+AC82+AF82 -> 0 | AK82: =+Z82-(AG82-AH82)-AI82 -> 0 | AL82: =IFERROR(((AG82-AH82+AI82)/Z82),0) -> 0 | AM82: POR CONTRATAR
A83: =+A82+1 -> 73 | B83: CO1.PCCNTR.5090635 | C83: 87123 | D83: NACION | E83: 2023 | F83: 105 | G83: 45398 | H83: =1451635086.08+4859821809.92 -> 6311456896 | I83: Mejoramientos | J83: ELABORACIÓN DE DIAGNÓSTICOS, ESTUDIOS TÉCNICOS, DISEÑOS Y EJECUCIÓN DE OBRAS DE MEJORAMIENTO EN LAS INSTITUCIONES EDUCATIVAS OFICIALES DE LA ETC RISARALDA (GRUPO 2O), PRIORIZADAS POR EL MINISTERIO DE EDUCACION NACIONAL Y VIABILIZADOS POR FINDETER | K83: QUINCHÍA, MISTRATÓ, APÍA, MARSELLA, GUÁTICA | L83: RISARALDA | M83: 20 - 3 | N83: 12 | O83: PAF-MENPNIE-O-051-2024 | P83: 034-2024 | Q83: 45498 | R83: OBRA | S83: CONTRATADO | T83: UNIÓN TEMPORAL MARCELLA 6 | U83: 901842060 | V83: 6072091891 | W83: =+H83-V83 -> 239365005 | Y83: =17088816.66+21493697.89 -> 38582515 | Z83: =+V83+X83 -> 6072091891 | AA83: =SUMIFS('6.Reportes de Pagos'!I:I,'6.Reportes de Pagos'!H:H,"<="&(EOMONTH(FECHA,-1)),'6.Reportes de Pagos'!D:D,$P83) -> 6.000405e+09 | AB83: =SUMIFS('6.Reportes de Pagos'!J:J,'6.Reportes de Pagos'!H:H,"<="&(EOMONTH(FECHA,-1)),'6.Reportes de Pagos'!D:D,$P83) -> 6.000405e+08 | AC83: 0 | AD83: =SUMIFS('6.Reportes de Pagos'!I:I,'6.Reportes de Pagos'!H:H,">"&(EOMONTH(FECHA,-1)),'6.Reportes de Pagos'!H:H,"<="&(EOMONTH(FECHA,0)),'6.Reportes de Pagos'!D:D,$P83) -> 0 | AE83: =SUMIFS('6.Reportes de Pagos'!J:J,'6.Reportes de Pagos'!H:H,">"&(EOMONTH(FECHA,-1)),'6.Reportes de Pagos'!H:H,"<="&(EOMONTH(FECHA,0)),'6.Reportes de Pagos'!D:D,$P83) -> 0 | AF83: 0 | AG83: =SUMIFS('6.Reportes de Pagos'!I:I,'6.Reportes de Pagos'!H:H,"<="&(EOMONTH(FECHA,0)),'6.Reportes de Pagos'!D:D,$P83) -> 6.000405e+09 | AH83: =SUMIFS('6.Reportes de Pagos'!J:J,'6.Reportes de Pagos'!H:H,"<="&(EOMONTH(FECHA,0)),'6.Reportes de Pagos'!D:D,$P83) -> 6.000405e+08 | AI83: =+AC83+AF83 -> 0 | AK83: =+Z83-(AG83-AH83)-AI83 -> 6.7172735e+08 | AL83: =IFERROR(((AG83-AH83+AI83)/Z83),0) -> 0.88937464 | AM83: En Liquidación
A84: =+A83+1 -> 74 | B84: CO1.PCCNTR.5090635 | C84: 87123 | D84: NACION | E84: 2023 | F84: 87 178 | G84: 7/02/2024 27/12/2025 | H84: =407396280+16345824.63 -> 4.237421e+08 | I84: Mejoramientos | J84: INTERVENTORÍA INTEGRAL (TÉCNICA, ADMINISTRATIVA, FINANCIERA, CONTABLE, AMBIENTAL, SOCIAL Y JURÍDICA) PARA LA ELABORACIÓN DE DIAGNÓSTICOS, ESTUDIOS TÉCNICOS, DISEÑOS Y EJECUCIÓN DE OBRAS DE MEJORAMIENTO EN LAS INSTITUCIONES EDUCATIVAS OFICIALES DE LA ETC RISARALDA (GRUPO 20), PRIORIZADAS POR EL MINISTERIO DE EDUCACION NACIONAL Y VIABILIZADOS POR FINDETER | K84: QUINCHÍA, MISTRATÓ, APÍA, MARSELLA, GUÁTICA | L84: RISARALDA | M84: 20 - 3 | N84: 3 - 9 | O84: PAF-MENPNIE-I-017-2024 | P84: 035-2024 | Q84: 45499 | R84: INTERVENTORIA | S84: CONTRATADO | T84: CONSORCIO 5T INTEROBRAS G20 | U84: 901841741 | V84: 366656652 | W84: =+H84-V84-16345824.63 -> 40739628 | X84: =33434641.29+21493697.89 -> 54928339 | Z84: =+V84+X84 -> 4.2158499e+08 | AA84: =SUMIFS('6.Reportes de Pagos'!I:I,'6.Reportes de Pagos'!H:H,"<="&(EOMONTH(FECHA,-1)),'6.Reportes de Pagos'!D:D,$P84) -> 3.8299563e+08 | AB84: =SUMIFS('6.Reportes de Pagos'!J:J,'6.Reportes de Pagos'!H:H,"<="&(EOMONTH(FECHA,-1)),'6.Reportes de Pagos'!D:D,$P84) -> 38299563 | AC84: 0 | AD84: =SUMIFS('6.Reportes de Pagos'!I:I,'6.Reportes de Pagos'!H:H,">"&(EOMONTH(FECHA,-1)),'6.Reportes de Pagos'!H:H,"<="&(EOMONTH(FECHA,0)),'6.Reportes de Pagos'!D:D,$P84) -> 5890865.3 | AE84: =SUMIFS('6.Reportes de Pagos'!J:J,'6.Reportes de Pagos'!H:H,">"&(EOMONTH(FECHA,-1)),'6.Reportes de Pagos'!H:H,"<="&(EOMONTH(FECHA,0)),'6.Reportes de Pagos'!D:D,$P84) -> 589086.53 | AF84: 0 | AG84: =SUMIFS('6.Reportes de Pagos'!I:I,'6.Reportes de Pagos'!H:H,"<="&(EOMONTH(FECHA,0)),'6.Reportes de Pagos'!D:D,$P84) -> 3.888865e+08 | AH84: =SUMIFS('6.Reportes de Pagos'!J:J,'6.Reportes de Pagos'!H:H,"<="&(EOMONTH(FECHA,0)),'6.Reportes de Pagos'!D:D,$P84) -> 38888650 | AI84: =+AC84+AF84 -> 0 | AK84: =+Z84-(AG84-AH84)-AI84 -> 71587142 | AL84: =IFERROR(((AG84-AH84+AI84)/Z84),0) -> 0.83019523 | AM84: Vigente
A85: =+A84+1 -> 75 | B85: CO1.PCCNTR.5090635 | C85: 87123 | D85: NACION | E85: 2023 | F85: 86 179 | G85: 5/02/2024 27/12/2024 | H85: =392088750+18053228.25 -> 4.1014198e+08 | I85: Mejoramientos | J85: INTERVENTORÍA INTEGRAL (TÉCNICA, ADMINISTRATIVA, FINANCIERA, CONTABLE, AMBIENTAL, SOCIAL Y JURÍDICA) PARA LA ELABORACIÓN DE DIAGNÓSTICOS, ESTUDIOS TÉCNICOS, DISEÑOS Y EJECUCIÓN DE OBRAS DE MEJORAMIENTO EN LAS INSTITUCIONES EDUCATIVAS OFICIALES DE LA ETC RISARALDA (GRUPO 26), PRIORIZADAS POR EL MINISTERIO DE EDUCACIÓN NACIONAL Y VIABILIZADOS POR FINDETER | K85: PUEBLO RICO | L85: RISARALDA | M85: 26 - 3 | N85: 1 - 11 | O85: PAF-MENPNIE-I-018-2024 | P85: 037-2024 | Q85: 45499 | R85: INTERVENTORIA | S85: CONTRATADO | T85: CONSORCIO 5T INTEROBRAS G26 | U85: 901841724 | V85: 352879875 | W85: =+H85-V85-18053228.25 -> 39208875 | X85: =54159684.74+54159684.75+30088713.75 -> 1.3840808e+08 | Z85: =+V85+X85 -> 4.9128796e+08 | AA85: =SUMIFS('6.Reportes de Pagos'!I:I,'6.Reportes de Pagos'!H:H,"<="&(EOMONTH(FECHA,-1)),'6.Reportes de Pagos'!D:D,$P85) -> 4.5961656e+08 | AB85: =SUMIFS('6.Reportes de Pagos'!J:J,'6.Reportes de Pagos'!H:H,"<="&(EOMONTH(FECHA,-1)),'6.Reportes de Pagos'!D:D,$P85) -> 45961656 | AC85: 0 | AD85: =SUMIFS('6.Reportes de Pagos'!I:I,'6.Reportes de Pagos'!H:H,">"&(EOMONTH(FECHA,-1)),'6.Reportes de Pagos'!H:H,"<="&(EOMONTH(FECHA,0)),'6.Reportes de Pagos'!D:D,$P85) -> 2752631.8 | AE85: =SUMIFS('6.Reportes de Pagos'!J:J,'6.Reportes de Pagos'!H:H,">"&(EOMONTH(FECHA,-1)),'6.Reportes de Pagos'!H:H,"<="&(EOMONTH(FECHA,0)),'6.Reportes de Pagos'!D:D,$P85) -> 275263.18 | AF85: 0 | AG85: =SUMIFS('6.Reportes de Pagos'!I:I,'6.Reportes de Pagos'!H:H,"<="&(EOMONTH(FECHA,0)),'6.Reportes de Pagos'!D:D,$P85) -> 4.6236919e+08 | AH85: =SUMIFS('6.Reportes de Pagos'!J:J,'6.Reportes de Pagos'!H:H,"<="&(EOMONTH(FECHA,0)),'6.Reportes de Pagos'!D:D,$P85) -> 46236919 | AI85: =+AC85+AF85 -> 0 | AK85: =+Z85-(AG85-AH85)-AI85 -> 75155686 | AL85: =IFERROR(((AG85-AH85+AI85)/Z85),0) -> 0.84702315 | AM85: Vigente
A86: =+A85+1 -> 76 | B86: CO1.PCCNTR.5090635 | C86: 87123 | D86: NACION | E86: 2023 | F86: 106 | G86: 45398 | H86: =823004436.15+5507798918.85 -> 6330803355 | I86: Mejoramientos | J86: ELABORACIÓN DE DIAGNÓSTICOS, ESTUDIOS TÉCNICOS, DISEÑOS Y EJECUCIÓN DE OBRAS DE MEJORAMIENTO EN LAS INSTITUCIONES EDUCATIVAS OFICIALES DE LA ETC RISARALDA (GRUPO 26), PRIORIZADAS POR EL MINISTERIO DE EDUCACIÓN NACIONAL Y VIABILIZADOS POR FINDETER”. | K86: PUEBLO RICO | L86: RISARALDA | M86: 26 - 3 | N86: 12 | O86: PAF-MENPNIE-O-050-2024 | P86: 038-2024 | Q86: 45463 | R86: OBRA | S86: CONTRATADO | T86: GRUPO TITANIUM S.A.S | U86: 900749719 | V86: 6141512336 | W86: =+H86-V86 -> 189291019 | Y86: =36106456.49+54159684.75+30088713.75 -> 1.2035485e+08 | Z86: =+V86+X86 -> 6141512336 | AA86: =SUMIFS('6.Reportes de Pagos'!I:I,'6.Reportes de Pagos'!H:H,"<="&(EOMONTH(FECHA,-1)),'6.Reportes de Pagos'!D:D,$P86) -> 5.995601e+09 | AB86: =SUMIFS('6.Reportes de Pagos'!J:J,'6.Reportes de Pagos'!H:H,"<="&(EOMONTH(FECHA,-1)),'6.Reportes de Pagos'!D:D,$P86) -> 5.995601e+08 | AC86: 0 | AD86: =SUMIFS('6.Reportes de Pagos'!I:I,'6.Reportes de Pagos'!H:H,">"&(EOMONTH(FECHA,-1)),'6.Reportes de Pagos'!H:H,"<="&(EOMONTH(FECHA,0)),'6.Reportes de Pagos'!D:D,$P86) -> 1.4415167e+08 | AE86: =SUMIFS('6.Reportes de Pagos'!J:J,'6.Reportes de Pagos'!H:H,">"&(EOMONTH(FECHA,-1)),'6.Reportes de Pagos'!H:H,"<="&(EOMONTH(FECHA,0)),'6.Reportes de Pagos'!D:D,$P86) -> 14415167 | AF86: 0 | AG86: =SUMIFS('6.Reportes de Pagos'!I:I,'6.Reportes de Pagos'!H:H,"<="&(EOMONTH(FECHA,0)),'6.Reportes de Pagos'!D:D,$P86) -> 6.1397526e+09 | AH86: =SUMIFS('6.Reportes de Pagos'!J:J,'6.Reportes de Pagos'!H:H,"<="&(EOMONTH(FECHA,0)),'6.Reportes de Pagos'!D:D,$P86) -> 6.1397526e+08 | AI86: =+AC86+AF86 -> 0 | AJ86: 93280875 | AK86: =+Z86-(AG86-AH86)-AI86 -> 6.1573497e+08 | AL86: =IFERROR(((AG86-AH86+AI86)/Z86),0) -> 0.89974213 | AM86: Vigente
A87: =+A86+1 -> 77 | B87: CO1.PCCNTR.5090635 | C87: 87123 | D87: NACION | E87: 2023 | F87: 187 | G87: 45726 | H87: 2380838350 | I87: Proyectos Estrategicos | J87: REVISIÓN, AJUSTE, COMPLEMENTACIÓN DE ESTUDIOS Y DISEÑOS Y, LA CONSTRUCCIÓN DE LA INSTITUCIÓN EDUCATIVA PUEBLO TOTOROEZ, SEDE BETÁNIA, UBICADA EN EL MUNICIPIO DE TOTORÓ, DEPARTAMENTO DEL CAUCA | K87: TOTORÓ | L87: CAUCA | M87: 10 | N87: 1 | O87: PAF-MENPNIE-O-019-2025 | P87: 007-2025 | Q87: 45758 | R87: OBRA | S87: CONTRATADO | T87: CONSORCIO OBRA INSTITUCIONAL TOTORO 2025 | U87: 901932571 | V87: 2380838350 | W87: =+H87-V87 -> 0 | Z87: =+V87+X87 -> 2380838350 | AA87: =SUMIFS('6.Reportes de Pagos'!I:I,'6.Reportes de Pagos'!H:H,"<="&(EOMONTH(FECHA,-1)),'6.Reportes de Pagos'!D:D,$P87) -> 0 | AB87: =SUMIFS('6.Reportes de Pagos'!J:J,'6.Reportes de Pagos'!H:H,"<="&(EOMONTH(FECHA,-1)),'6.Reportes de Pagos'!D:D,$P87) -> 0 | AC87: 0 | AD87: =SUMIFS('6.Reportes de Pagos'!I:I,'6.Reportes de Pagos'!H:H,">"&(EOMONTH(FECHA,-1)),'6.Reportes de Pagos'!H:H,"<="&(EOMONTH(FECHA,0)),'6.Reportes de Pagos'!D:D,$P87) -> 0 | AE87: =SUMIFS('6.Reportes de Pagos'!J:J,'6.Reportes de Pagos'!H:H,">"&(EOMONTH(FECHA,-1)),'6.Reportes de Pagos'!H:H,"<="&(EOMONTH(FECHA,0)),'6.Reportes de Pagos'!D:D,$P87) -> 0 | AF87: 0 | AG87: =SUMIFS('6.Reportes de Pagos'!I:I,'6.Reportes de Pagos'!H:H,"<="&(EOMONTH(FECHA,0)),'6.Reportes de Pagos'!D:D,$P87) -> 0 | AH87: =SUMIFS('6.Reportes de Pagos'!J:J,'6.Reportes de Pagos'!H:H,"<="&(EOMONTH(FECHA,0)),'6.Reportes de Pagos'!D:D,$P87) -> 0 | AI87: =+AC87+AF87 -> 0 | AK87: =+Z87-(AG87-AH87)-AI87 -> 2380838350 | AL87: =IFERROR(((AG87-AH87+AI87)/Z87),0) -> 0 | AM87: Vigente
A88: =+A87+1 -> 78 | B88: CO1.PCCNTR.5090635 | C88: 87123 | D88: NACION | E88: 2023 | F88: 90 | G88: 45334 | H88: 309898810 | I88: Proyectos Estrategicos | J88: INTERVENTORÍA INTEGRAL, TÉCNICA, ADMINISTRATIVA, FINANCIERA, CONTABLE, AMBIENTAL, SOCIAL Y JURÍDICA A LA REVISIÓN, AJUSTE, COMPLEMENTACIÓN DE ESTUDIOS Y DISEÑOS Y, LA CONSTRUCCIÓN DE LA INSTITUCIÓN EDUCATIVA PUEBLO TOTOROEZ, SEDE BETÁNIA, UBICADA EN EL MUNICIPIO DE TOTORÓ, DEPARTAMENTO DEL CAUCA | K88: TOTORÓ | L88: CAUCA | M88: 10 | N88: 1 | O88: PAF-MENPNIE-I-025-2024 | P88: 008-2025 | Q88: 45755 | R88: INTERVENTORIA | S88: CONTRATADO | T88: CONSORCIO INTERVENTORÍA 5T-CCA 025 | U88: 901932561 | V88: 278908930 | W88: =+H88-V88 -> 30989880 | Z88: =+V88+X88 -> 278908930 | AA88: =SUMIFS('6.Reportes de Pagos'!I:I,'6.Reportes de Pagos'!H:H,"<="&(EOMONTH(FECHA,-1)),'6.Reportes de Pagos'!D:D,$P88) -> 0 | AB88: =SUMIFS('6.Reportes de Pagos'!J:J,'6.Reportes de Pagos'!H:H,"<="&(EOMONTH(FECHA,-1)),'6.Reportes de Pagos'!D:D,$P88) -> 0 | AC88: 0 | AD88: =SUMIFS('6.Reportes de Pagos'!I:I,'6.Reportes de Pagos'!H:H,">"&(EOMONTH(FECHA,-1)),'6.Reportes de Pagos'!H:H,"<="&(EOMONTH(FECHA,0)),'6.Reportes de Pagos'!D:D,$P88) -> 0 | AE88: =SUMIFS('6.Reportes de Pagos'!J:J,'6.Reportes de Pagos'!H:H,">"&(EOMONTH(FECHA,-1)),'6.Reportes de Pagos'!H:H,"<="&(EOMONTH(FECHA,0)),'6.Reportes de Pagos'!D:D,$P88) -> 0 | AF88: 0 | AG88: =SUMIFS('6.Reportes de Pagos'!I:I,'6.Reportes de Pagos'!H:H,"<="&(EOMONTH(FECHA,0)),'6.Reportes de Pagos'!D:D,$P88) -> 0 | AH88: =SUMIFS('6.Reportes de Pagos'!J:J,'6.Reportes de Pagos'!H:H,"<="&(EOMONTH(FECHA,0)),'6.Reportes de Pagos'!D:D,$P88) -> 0 | AI88: =+AC88+AF88 -> 0 | AK88: =+Z88-(AG88-AH88)-AI88 -> 278908930 | AL88: =IFERROR(((AG88-AH88+AI88)/Z88),0) -> 0 | AM88: Vigente
A89: =+A88+1 -> 79 | B89: CO1.PCCNTR.5090635 | C89: 87123 | D89: NACION | E89: 2023 | F89: 97 | G89: 45363 | H89: 355437960 | I89: Proyectos Estrategicos | J89: INTERVENTORÍA INTEGRAL (TÉCNICA, ADMINISTRATIVA, FINANCIERA, CONTABLE, AMBIENTAL, SOCIAL Y JURÍDICA) PARA ELABORACIÓN DE DIAGNÓSTICOS, ESTUDIOS TÉCNICOS, DISEÑOS Y EJECUCIÓN DE OBRAS DE MEJORAMIENTO, REPOSICIÓN Y OBRAS NUEVAS EN LAS INSTITUCIONES EDUCATIVAS OFICIALES DE LA SECRETARÍA DE EDUCACIÓN DEL DEPARTAMENTO DEL CHOCÓ, PRIORIZADAS POR EL MINISTERIO DE EDUCACIÓN NACIONAL Y VIABILIZADOS POR FINDETER | K89: MEDIO SAN JUAN Y LITORAL DE SAN JUAN | L89: CHOCÓ | M89: NA | N89: 4 | O89: PAF-MENPNIE-I-032-2024 | P89: 053-2024 | Q89: 45622 | R89: INTERVENTORIA | S89: CONTRATADO | T89: CONSORCIO CONSTRUSISCO | U89: 901886648 | V89: 331801336 | W89: =+H89-V89 -> 23636624 | X89: 80544972 | Z89: =+V89+X89 -> 412346308 | AA89: =SUMIFS('6.Reportes de Pagos'!I:I,'6.Reportes de Pagos'!H:H,"<="&(EOMONTH(FECHA,-1)),'6.Reportes de Pagos'!D:D,$P89) -> 0 | AB89: =SUMIFS('6.Reportes de Pagos'!J:J,'6.Reportes de Pagos'!H:H,"<="&(EOMONTH(FECHA,-1)),'6.Reportes de Pagos'!D:D,$P89) -> 0 | AC89: 0 | AD89: =SUMIFS('6.Reportes de Pagos'!I:I,'6.Reportes de Pagos'!H:H,">"&(EOMONTH(FECHA,-1)),'6.Reportes de Pagos'!H:H,"<="&(EOMONTH(FECHA,0)),'6.Reportes de Pagos'!D:D,$P89) -> 0 | AE89: =SUMIFS('6.Reportes de Pagos'!J:J,'6.Reportes de Pagos'!H:H,">"&(EOMONTH(FECHA,-1)),'6.Reportes de Pagos'!H:H,"<="&(EOMONTH(FECHA,0)),'6.Reportes de Pagos'!D:D,$P89) -> 0 | AF89: 0 | AG89: =SUMIFS('6.Reportes de Pagos'!I:I,'6.Reportes de Pagos'!H:H,"<="&(EOMONTH(FECHA,0)),'6.Reportes de Pagos'!D:D,$P89) -> 0 | AH89: =SUMIFS('6.Reportes de Pagos'!J:J,'6.Reportes de Pagos'!H:H,"<="&(EOMONTH(FECHA,0)),'6.Reportes de Pagos'!D:D,$P89) -> 0 | AI89: =+AC89+AF89 -> 0 | AK89: =+Z89-(AG89-AH89)-AI89 -> 412346308 | AL89: =IFERROR(((AG89-AH89+AI89)/Z89),0) -> 0 | AM89: Vigente
